Workbook
Name ceavi: OFFSET(#REF!,(MATCH(SMALL(#REF!,ROW()-10),#REF!,0)-1),0)
Name diasuteis: #REF!
Name diasuteis: #REF!
Name diasuteis: #REF!
Name diasuteis: #REF!
Name diasuteis: #REF!
Name diasuteis: #REF!
Name diasuteis: #REF!
Name Ferias: #REF!
Name Ferias: #REF!
Name Ferias: #REF!
Name Ferias: #REF!
Name Ferias: #REF!
Name Ferias: #REF!
Name Ferias: #REF!
Name RD: OFFSET(#REF!,(MATCH(SMALL(#REF!,ROW()-10),#REF!,0)-1),0)
Name RD: OFFSET(#REF!,(MATCH(SMALL(#REF!,ROW()-10),#REF!,0)-1),0)
Name RD: OFFSET(#REF!,(MATCH(SMALL(#REF!,ROW()-10),#REF!,0)-1),0)
Name RD: OFFSET(#REF!,(MATCH(SMALL(#REF!,ROW()-10),#REF!,0)-1),0)
Name RD: OFFSET(#REF!,(MATCH(SMALL(#REF!,ROW()-10),#REF!,0)-1),0)
Name RD: OFFSET(#REF!,(MATCH(SMALL(#REF!,ROW()-10),#REF!,0)-1),0)
Name RD: OFFSET(#REF!,(MATCH(SMALL(#REF!,ROW()-10),#REF!,0)-1),0)

Sheet CEAVI
A1: PROCESSO: 1068/2015/UDESC | D1: OBJETO: AQUISIÇÃO DE MATERIAL ESPORTIVO E DE FISIOTERAPIA PARA A UDESC | I1: VIGÊNCIA DA ATA: 27/11/2015 até 26/11/2016 | L1: AF/OS nº xxxx/2015 Qtde. DT | M1: AF/OS nº xxxx/2015 Qtde. DT | N1: AF/OS nº xxxx/2015 Qtde. DT | O1: AF/OS nº xxxx/2015 Qtde. DT | P1: AF/OS nº xxxx/2015 Qtde. DT | Q1: AF/OS nº xxxx/2015 Qtde. DT | R1: AF/OS nº xxxx/2015 Qtde. DT | S1: AF/OS nº xxxx/2015 Qtde. DT | T1: AF/OS nº xxxx/2015 Qtde. DT | U1: AF/OS nº xxxx/2015 Qtde. DT | V1: AF/OS nº xxxx/2015 Qtde. DT | W1: AF/OS nº xxxx/2015 Qtde. DT
A2: CENTRO PARTICIPANTE: CEAVI
A3: FORNECEDOR | B3: LOTE | C3: ITEM | D3: PRODUTO - CARACTERÍSTICAS MÍNIMAS | E3: UNIDADE | F3: MARCA | G3: DETALHAMENTO | H3: Preço UNITÁRIO (R$) | I3: Qtde Registrada | J3: Saldo / Automático | K3: ALERTA | L3: ...../...../...... | M3: ...../...../...... | N3: ...../...../...... | O3: ...../...../...... | P3: ...../...../...... | Q3: ...../...../...... | R3: ...../...../...... | S3: ...../...../...... | T3: ...../...../...... | U3: ...../...../...... | V3: ...../...../...... | W3: ...../...../......
A4: ADBX | B4: 1 | C4: 1 | D4: BOLA DE BORRACHA, DE FRESCOBOL, | E4: UNIDADE | F4: MARE N3 | H4: 3 | J4: =I4-(L4+M4+N4+O4+P4+Q4+R4+S4+T4+U4+V4+W4) -> 0 | K4: =IF(J4<0,"ATENÇÃO","OK") -> OK
C5: 2 | D5: BOLA DE BORRACHA, DE INICIACAO ESPORTIVA N12, | F5: LCM N12 | H5: 10 | J5: =I5-(L5+M5+N5+O5+P5+Q5+R5+S5+T5+U5+V5+W5) -> 0 | K5: =IF(J5<0,"ATENÇÃO","OK") -> OK
C6: 3 | D6: BOLA DE BORRACHA, DE INICIACAO ESPORTIVA N14, | F6: LCM N14 | H6: 12 | J6: =I6-(L6+M6+N6+O6+P6+Q6+R6+S6+T6+U6+V6+W6) -> 0 | K6: =IF(J6<0,"ATENÇÃO","OK") -> OK
C7: 4 | D7: BOLA DE BORRACHA, DE SOFTBOL, | F7: LCM N3 SOFTBOL | H7: 18 | J7: =I7-(L7+M7+N7+O7+P7+Q7+R7+S7+T7+U7+V7+W7) -> 0 | K7: =IF(J7<0,"ATENÇÃO","OK") -> OK
C8: 5 | D8: BOLA DE BORRACHA, LATEX, S/COSTURA, | F8: PENALTY 1KG | H8: 60 | J8: =I8-(L8+M8+N8+O8+P8+Q8+R8+S8+T8+U8+V8+W8) -> 0 | K8: =IF(J8<0,"ATENÇÃO","OK") -> OK
C9: 6 | D9: BOLA DE BORRACHA, PARA USO FITOTERAPICO | F9: MAGUSSY 6KG | H9: 150 | J9: =I9-(L9+M9+N9+O9+P9+Q9+R9+S9+T9+U9+V9+W9) -> 0 | K9: =IF(J9<0,"ATENÇÃO","OK") -> OK
C10: 7 | D10: BOLA DE TENIS DE CAMPO, (QUADRA),OFICIAL, | F10: WILSON CHAPIONSHIP | H10: 27 | J10: =I10-(L10+M10+N10+O10+P10+Q10+R10+S10+T10+U10+V10+W10) -> 0 | K10: =IF(J10<0,"ATENÇÃO","OK") -> OK
C11: 8 | D11: BOLA MEDICINE BALL DE 2 KG., | F11: PENALTY | H11: 14 | J11: =I11-(L11+M11+N11+O11+P11+Q11+R11+S11+T11+U11+V11+W11) -> 0 | K11: =IF(J11<0,"ATENÇÃO","OK") -> OK
C12: 9 | D12: BOLA MEDICINE BALL DE 3 KG, | F12: ONEAL 3KG | H12: 180 | J12: =I12-(L12+M12+N12+O12+P12+Q12+R12+S12+T12+U12+V12+W12) -> 0 | K12: =IF(J12<0,"ATENÇÃO","OK") -> OK
C13: 10 | D13: BOLA MEDICINE BALL DE 3 KG, | F13: PENALTY 3KG | H13: 100 | J13: =I13-(L13+M13+N13+O13+P13+Q13+R13+S13+T13+U13+V13+W13) -> 0 | K13: =IF(J13<0,"ATENÇÃO","OK") -> OK
C14: 11 | D14: BOLA P/FUTEBOL DE CAMPO, BRASIL, | F14: PENALTY PRO BRASIL R2 | H14: 130 | I14: 5 | J14: =I14-(L14+M14+N14+O14+P14+Q14+R14+S14+T14+U14+V14+W14) -> 5 | K14: =IF(J14<0,"ATENÇÃO","OK") -> OK
C15: 12 | D15: BOLA PARA BASQUETEBOL, | F15: PENALTY PRO 6.5 | H15: 150 | J15: =I15-(L15+M15+N15+O15+P15+Q15+R15+S15+T15+U15+V15+W15) -> 0 | K15: =IF(J15<0,"ATENÇÃO","OK") -> OK
C16: 13 | D16: BOLA PARA BASQUETEBOL, BASQUETE 7.4, | F16: PENALTY PRO 7.5 | H16: 160 | J16: =I16-(L16+M16+N16+O16+P16+Q16+R16+S16+T16+U16+V16+W16) -> 0 | K16: =IF(J16<0,"ATENÇÃO","OK") -> OK
C17: 14 | D17: BOLA PARA BASQUETEBOL, CATEGORIA MIRIM, | F17: PENALTY PRO 5.7 | H17: 133.75 | J17: =I17-(L17+M17+N17+O17+P17+Q17+R17+S17+T17+U17+V17+W17) -> 0 | K17: =IF(J17<0,"ATENÇÃO","OK") -> OK
C18: 15 | D18: BOLA PARA FUTEBOL DE SALAO, | F18: KAGIVA AD OF | H18: 70 | I18: 6 | J18: =I18-(L18+M18+N18+O18+P18+Q18+R18+S18+T18+U18+V18+W18) -> 6 | K18: =IF(J18<0,"ATENÇÃO","OK") -> OK
C19: 16 | D19: BOLA PARA FUTEBOL DE SALAO, CATEGORIA INFANTIL, | F19: PENALTY MAX 200 | H19: 100 | J19: =I19-(L19+M19+N19+O19+P19+Q19+R19+S19+T19+U19+V19+W19) -> 0 | K19: =IF(J19<0,"ATENÇÃO","OK") -> OK
C20: 17 | D20: BOLA PARA FUTEBOL DE SALAO, DE COURO, | F20: PENALTY MAX 100 | H20: 150 | J20: =I20-(L20+M20+N20+O20+P20+Q20+R20+S20+T20+U20+V20+W20) -> 0 | K20: =IF(J20<0,"ATENÇÃO","OK") -> OK
C21: 18 | D21: BOLA PARA HANDEBOL, CATEGORIA ADULTO, | F21: PENALTY H2L | H21: 120 | J21: =I21-(L21+M21+N21+O21+P21+Q21+R21+S21+T21+U21+V21+W21) -> 0 | K21: =IF(J21<0,"ATENÇÃO","OK") -> OK
C22: 19 | D22: BOLA PARA HANDEBOL, CATEGORIA H1L, | F22: PENALTY H2L PVC | H22: 58 | J22: =I22-(L22+M22+N22+O22+P22+Q22+R22+S22+T22+U22+V22+W22) -> 0 | K22: =IF(J22<0,"ATENÇÃO","OK") -> OK
C23: 20 | D23: BOLA PARA HANDEBOL, CATEGORIA H2L, | F23: PENALTY H2L PVC | H23: 64.98 | J23: =I23-(L23+M23+N23+O23+P23+Q23+R23+S23+T23+U23+V23+W23) -> 0 | K23: =IF(J23<0,"ATENÇÃO","OK") -> OK
C24: 21 | D24: BOLA PARA HANDEBOL, MASCULINO,CATEGORIA H3L, | F24: PENALTY H3L | H24: 120 | J24: =I24-(L24+M24+N24+O24+P24+Q24+R24+S24+T24+U24+V24+W24) -> 0 | K24: =IF(J24<0,"ATENÇÃO","OK") -> OK
C25: 22 | D25: BOLA PARA PRATICA DE ESPORTE POR DEFICIENTES, | F25: TARGE GOALBALL OF | H25: 96 | J25: =I25-(L25+M25+N25+O25+P25+Q25+R25+S25+T25+U25+V25+W25) -> 0 | K25: =IF(J25<0,"ATENÇÃO","OK") -> OK
C26: 23 | D26: BOLA PARA TENIS DE MESA, MODELO OFICIAL, | F26: YACHIMA OF 40MM | H26: 3 | J26: =I26-(L26+M26+N26+O26+P26+Q26+R26+S26+T26+U26+V26+W26) -> 0 | K26: =IF(J26<0,"ATENÇÃO","OK") -> OK
C27: 24 | D27: BOLA PARA VOLEI DE PRAIA, MODELO OFICIAL, | F27: PENALTY BEACH TRN | H27: 110 | I27: 4 | J27: =I27-(L27+M27+N27+O27+P27+Q27+R27+S27+T27+U27+V27+W27) -> 4 | K27: =IF(J27<0,"ATENÇÃO","OK") -> OK
C28: 25 | D28: BOLA PARA VOLEIBOL, EM MATERIAL SINTETICO, | F28: PENALTY PRO 6.0 | H28: 148 | I28: 10 | J28: =I28-(L28+M28+N28+O28+P28+Q28+R28+S28+T28+U28+V28+W28) -> 10 | K28: =IF(J28<0,"ATENÇÃO","OK") -> OK
A29: ZERMIANI | B29: 2 | C29: 1 | D29: BOLA BOBATH, BOLA BOBATH 65 CM, | F29: BIOFIT | H29: 55 | J29: =I29-(L29+M29+N29+O29+P29+Q29+R29+S29+T29+U29+V29+W29) -> 0 | K29: =IF(J29<0,"ATENÇÃO","OK") -> OK
C30: 2 | D30: BOLA BOBATH, BOLA BOBATH 80 CM, | F30: BIOFIT | H30: 55 | J30: =I30-(L30+M30+N30+O30+P30+Q30+R30+S30+T30+U30+V30+W30) -> 0 | K30: =IF(J30<0,"ATENÇÃO","OK") -> OK
C31: 3 | D31: BOLA BOBATH, BOLA BOBATH, | F31: BIOFIT | H31: 50 | J31: =I31-(L31+M31+N31+O31+P31+Q31+R31+S31+T31+U31+V31+W31) -> 0 | K31: =IF(J31<0,"ATENÇÃO","OK") -> OK
C32: 4 | D32: BOLA BOBATH, BOLA BOBATH, PARA EXERCICIOS TERAPEUTICOS | F32: BIOFIT | H32: 50 | J32: =I32-(L32+M32+N32+O32+P32+Q32+R32+S32+T32+U32+V32+W32) -> 0 | K32: =IF(J32<0,"ATENÇÃO","OK") -> OK
C33: 5 | D33: BOLA BOBATH, BOLA BOBATH, | F33: BIOFIT | H33: 75 | J33: =I33-(L33+M33+N33+O33+P33+Q33+R33+S33+T33+U33+V33+W33) -> 0 | K33: =IF(J33<0,"ATENÇÃO","OK") -> OK
C34: 6 | D34: BOLA BOBATH, BOLA BOBATH, | F34: BIOFIT | H34: 60 | J34: =I34-(L34+M34+N34+O34+P34+Q34+R34+S34+T34+U34+V34+W34) -> 0 | K34: =IF(J34<0,"ATENÇÃO","OK") -> OK
C35: 7 | D35: BOLA BOBATH, BOLA BOBATH, | F35: BIOFIT | H35: 39 | J35: =I35-(L35+M35+N35+O35+P35+Q35+R35+S35+T35+U35+V35+W35) -> 0 | K35: =IF(J35<0,"ATENÇÃO","OK") -> OK
C36: 8 | D36: BOLA DE BORRACHA, PARA EXERCICIO FUNCIONAL, OVER BALL | F36: UP LIFT | H36: 25 | J36: =I36-(L36+M36+N36+O36+P36+Q36+R36+S36+T36+U36+V36+W36) -> 0 | K36: =IF(J36<0,"ATENÇÃO","OK") -> OK
C37: 9 | D37: BOLA, PARA BODY BALANCE DOME, | F37: BIOFIT | H37: 250 | J37: =I37-(L37+M37+N37+O37+P37+Q37+R37+S37+T37+U37+V37+W37) -> 0 | K37: =IF(J37<0,"ATENÇÃO","OK") -> OK
C38: 10 | D38: BOLA, PARA BODY BALANCE DOME, | F38: BIOFIT | H38: 290 | J38: =I38-(L38+M38+N38+O38+P38+Q38+R38+S38+T38+U38+V38+W38) -> 0 | K38: =IF(J38<0,"ATENÇÃO","OK") -> OK
C39: 11 | D39: BOLA, PARA EXERCICIOS FISICOS, 26 CM DE DIAMETRO, | F39: UP LIFT | H39: 21.5 | J39: =I39-(L39+M39+N39+O39+P39+Q39+R39+S39+T39+U39+V39+W39) -> 0 | K39: =IF(J39<0,"ATENÇÃO","OK") -> OK
C40: 12 | D40: DISCO DE BORRACHA, DISCO ESPORTIVO DE EQUILIBRIO, | F40: BIOFIT | H40: 50 | J40: =I40-(L40+M40+N40+O40+P40+Q40+R40+S40+T40+U40+V40+W40) -> 0 | K40: =IF(J40<0,"ATENÇÃO","OK") -> OK
C41: 13 | D41: DISCO DE BORRACHA, DISCO ESPORTIVO DE EQUILIBRIO, | F41: BIOFIT | H41: 55 | J41: =I41-(L41+M41+N41+O41+P41+Q41+R41+S41+T41+U41+V41+W41) -> 0 | K41: =IF(J41<0,"ATENÇÃO","OK") -> OK
... C47: 19 | D47: PECAS E COMPONENTES, STEP CONFECCIONADO EM MATERIAL | F47: PANGUE | H47: 70 | J47: =I47-(L47+M47+N47+O47+P47+Q47+R47+S47+T47+U47+V47+W47) -> 0 | K47: =IF(J47<0,"ATENÇÃO","OK") -> OK
B48: 3 | C48: 1 | D48: INFRUTÍFERO | J48: =I48-(L48+M48+N48+O48+P48+Q48+R48+S48+T48+U48+V48+W48) -> 0 | K48: =IF(J48<0,"ATENÇÃO","OK") -> OK
C49: 2 | D49: INFRUTÍFERO | J49: =I49-(L49+M49+N49+O49+P49+Q49+R49+S49+T49+U49+V49+W49) -> 0 | K49: =IF(J49<0,"ATENÇÃO","OK") -> OK
C50: 3 | D50: INFRUTÍFERO | J50: =I50-(L50+M50+N50+O50+P50+Q50+R50+S50+T50+U50+V50+W50) -> 0 | K50: =IF(J50<0,"ATENÇÃO","OK") -> OK
C51: 4 | D51: INFRUTÍFERO | J51: =I51-(L51+M51+N51+O51+P51+Q51+R51+S51+T51+U51+V51+W51) -> 0 | K51: =IF(J51<0,"ATENÇÃO","OK") -> OK
C52: 5 | D52: INFRUTÍFERO | J52: =I52-(L52+M52+N52+O52+P52+Q52+R52+S52+T52+U52+V52+W52) -> 0 | K52: =IF(J52<0,"ATENÇÃO","OK") -> OK
C53: 6 | D53: INFRUTÍFERO | J53: =I53-(L53+M53+N53+O53+P53+Q53+R53+S53+T53+U53+V53+W53) -> 0 | K53: =IF(J53<0,"ATENÇÃO","OK") -> OK
C54: 7 | D54: INFRUTÍFERO | J54: =I54-(L54+M54+N54+O54+P54+Q54+R54+S54+T54+U54+V54+W54) -> 0 | K54: =IF(J54<0,"ATENÇÃO","OK") -> OK
C55: 8 | D55: INFRUTÍFERO | J55: =I55-(L55+M55+N55+O55+P55+Q55+R55+S55+T55+U55+V55+W55) -> 0 | K55: =IF(J55<0,"ATENÇÃO","OK") -> OK
C56: 9 | D56: INFRUTÍFERO | J56: =I56-(L56+M56+N56+O56+P56+Q56+R56+S56+T56+U56+V56+W56) -> 0 | K56: =IF(J56<0,"ATENÇÃO","OK") -> OK
C57: 10 | D57: INFRUTÍFERO | J57: =I57-(L57+M57+N57+O57+P57+Q57+R57+S57+T57+U57+V57+W57) -> 0 | K57: =IF(J57<0,"ATENÇÃO","OK") -> OK
C58: 11 | D58: INFRUTÍFERO | J58: =I58-(L58+M58+N58+O58+P58+Q58+R58+S58+T58+U58+V58+W58) -> 0 | K58: =IF(J58<0,"ATENÇÃO","OK") -> OK
C59: 12 | D59: INFRUTÍFERO | J59: =I59-(L59+M59+N59+O59+P59+Q59+R59+S59+T59+U59+V59+W59) -> 0 | K59: =IF(J59<0,"ATENÇÃO","OK") -> OK
C60: 13 | D60: INFRUTÍFERO | J60: =I60-(L60+M60+N60+O60+P60+Q60+R60+S60+T60+U60+V60+W60) -> 0 | K60: =IF(J60<0,"ATENÇÃO","OK") -> OK
C61: 14 | D61: INFRUTÍFERO | J61: =I61-(L61+M61+N61+O61+P61+Q61+R61+S61+T61+U61+V61+W61) -> 0 | K61: =IF(J61<0,"ATENÇÃO","OK") -> OK
A62: ADBX | B62: 4 | C62: 1 | D62: CINTO PARA PRATICA ESPORTIVA, CINTO DE MUSCULA | F62: PRO ACTION | H62: 60 | J62: =I62-(L62+M62+N62+O62+P62+Q62+R62+S62+T62+U62+V62+W62) -> 0 | K62: =IF(J62<0,"ATENÇÃO","OK") -> OK
C63: 2 | D63: CINTO PARA PRATICA ESPORTIVA, CINTO DE TRA«ŸO DUPLO | F63: KNOCKOUT | H63: 150 | J63: =I63-(L63+M63+N63+O63+P63+Q63+R63+S63+T63+U63+V63+W63) -> 0 | K63: =IF(J63<0,"ATENÇÃO","OK") -> OK
C64: 3 | D64: LONA DE ESTEIRA, | F64: POLIMET | H64: 280 | J64: =I64-(L64+M64+N64+O64+P64+Q64+R64+S64+T64+U64+V64+W64) -> 0 | K64: =IF(J64<0,"ATENÇÃO","OK") -> OK
C65: 4 | D65: PLATAFORMA DESLIZANTE | F65: PISTA E CAMPO | H65: 230 | J65: =I65-(L65+M65+N65+O65+P65+Q65+R65+S65+T65+U65+V65+W65) -> 0 | K65: =IF(J65<0,"ATENÇÃO","OK") -> OK
C66: 5 | D66: RODA DE EXERCICIOS PARA | F66: PISTA E CAMPO | H66: 50 | J66: =I66-(L66+M66+N66+O66+P66+Q66+R66+S66+T66+U66+V66+W66) -> 0 | K66: =IF(J66<0,"ATENÇÃO","OK") -> OK
C67: 6 | D67: RODA MULTIFUNCIONAL | F67: VOLLO | H67: 230 | J67: =I67-(L67+M67+N67+O67+P67+Q67+R67+S67+T67+U67+V67+W67) -> 0 | K67: =IF(J67<0,"ATENÇÃO","OK") -> OK
C68: 7 | D68: STICK RIGIDO PARA | F68: FITNES | H68: 70 | J68: =I68-(L68+M68+N68+O68+P68+Q68+R68+S68+T68+U68+V68+W68) -> 0 | K68: =IF(J68<0,"ATENÇÃO","OK") -> OK
C69: 8 | D69: CANELEIRA EM NYLON, 1KG, | F69: NEOFIT | H69: 20 | J69: =I69-(L69+M69+N69+O69+P69+Q69+R69+S69+T69+U69+V69+W69) -> 0 | K69: =IF(J69<0,"ATENÇÃO","OK") -> OK
C70: 9 | D70: CANELEIRA EM NYLON, 2KG, | F70: NEOFIT | H70: 30 | J70: =I70-(L70+M70+N70+O70+P70+Q70+R70+S70+T70+U70+V70+W70) -> 0 | K70: =IF(J70<0,"ATENÇÃO","OK") -> OK
C71: 10 | D71: CANELEIRA EM NYLON, 3KG, | F71: NEOFIT | H71: 35 | J71: =I71-(L71+M71+N71+O71+P71+Q71+R71+S71+T71+U71+V71+W71) -> 0 | K71: =IF(J71<0,"ATENÇÃO","OK") -> OK
C72: 11 | D72: CANELEIRA EM NYLON, 4KG, | F72: NEOFIT | H72: 40 | J72: =I72-(L72+M72+N72+O72+P72+Q72+R72+S72+T72+U72+V72+W72) -> 0 | K72: =IF(J72<0,"ATENÇÃO","OK") -> OK
C73: 12 | D73: CANELEIRA EM NYLON, 5KG, | F73: NEOFIT | H73: 50 | J73: =I73-(L73+M73+N73+O73+P73+Q73+R73+S73+T73+U73+V73+W73) -> 0 | K73: =IF(J73<0,"ATENÇÃO","OK") -> OK
A74: ADBX | B74: 5 | C74: 1 | D74: MINI SKATE PARA USO EM REABILITACAO, | F74: HYPER WHEEIS | H74: 220 | J74: =I74-(L74+M74+N74+O74+P74+Q74+R74+S74+T74+U74+V74+W74) -> 0 | K74: =IF(J74<0,"ATENÇÃO","OK") -> OK
C75: 2 | D75: ARCO PLASTICO TIPO BAMBOLE, | F75: CEMAR | H75: 50 | J75: =I75-(L75+M75+N75+O75+P75+Q75+R75+S75+T75+U75+V75+W75) -> 0 | K75: =IF(J75<0,"ATENÇÃO","OK") -> OK
C76: 3 | D76: Kit para Piscina de bolinhas, coloridas, | F76: JOTT PLAY | H76: 90 | J76: =I76-(L76+M76+N76+O76+P76+Q76+R76+S76+T76+U76+V76+W76) -> 0 | K76: =IF(J76<0,"ATENÇÃO","OK") -> OK
C77: 4 | D77: BOMBA PARA ENCHER BOLA, COM BICO DE METAL, | F77: PENALTY | H77: 20 | J77: =I77-(L77+M77+N77+O77+P77+Q77+R77+S77+T77+U77+V77+W77) -> 0 | K77: =IF(J77<0,"ATENÇÃO","OK") -> OK
C78: 5 | D78: CORDA PARA PULAR, COM CABO DE MADEIRA NAS PONTAS, | F78: PULA CORDA | H78: 25 | J78: =I78-(L78+M78+N78+O78+P78+Q78+R78+S78+T78+U78+V78+W78) -> 0 | K78: =IF(J78<0,"ATENÇÃO","OK") -> OK
C79: 6 | D79: CORDA PARA PULAR, COM CABO DE MADEIRA NAS PONTAS, | F79: PULA CORDA | H79: 10 | J79: =I79-(L79+M79+N79+O79+P79+Q79+R79+S79+T79+U79+V79+W79) -> 0 | K79: =IF(J79<0,"ATENÇÃO","OK") -> OK
C80: 7 | D80: Frisbee Disco Voador para jogo Ultimate. | F80: MARE | H80: 25 | J80: =I80-(L80+M80+N80+O80+P80+Q80+R80+S80+T80+U80+V80+W80) -> 0 | K80: =IF(J80<0,"ATENÇÃO","OK") -> OK
C81: 8 | D81: ESCADA DE CIRCUITO, DE NYLON, Escada de circuito, | F81: PISTA E CAMPO | H81: 190 | J81: =I81-(L81+M81+N81+O81+P81+Q81+R81+S81+T81+U81+V81+W81) -> 0 | K81: =IF(J81<0,"ATENÇÃO","OK") -> OK
C82: 9 | D82: JOGO, DE TACO, Kit com 2(dois) | F82: MARE | H82: 35 | J82: =I82-(L82+M82+N82+O82+P82+Q82+R82+S82+T82+U82+V82+W82) -> 0 | K82: =IF(J82<0,"ATENÇÃO","OK") -> OK
C83: 10 | D83: LUVA DE GOLEIRO (DIVERSAS), | F83: STADIUM | H83: 50 | J83: =I83-(L83+M83+N83+O83+P83+Q83+R83+S83+T83+U83+V83+W83) -> 0 | K83: =IF(J83<0,"ATENÇÃO","OK") -> OK
C84: 11 | D84: DESPORTIVAS, CRONOMETRO( | F84: VOLLO | H84: 30 | J84: =I84-(L84+M84+N84+O84+P84+Q84+R84+S84+T84+U84+V84+W84) -> 0 | K84: =IF(J84<0,"ATENÇÃO","OK") -> OK
C85: 12 | D85: GRAMA SINTETICA ESPECIAL | F85: SPORT GRESS | H85: 150 | J85: =I85-(L85+M85+N85+O85+P85+Q85+R85+S85+T85+U85+V85+W85) -> 0 | K85: =IF(J85<0,"ATENÇÃO","OK") -> OK
C86: 13 | D86: KIT DE ARGOLAS PARA TREINO | F86: PISTA E CAMPO | H86: 100 | J86: =I86-(L86+M86+N86+O86+P86+Q86+R86+S86+T86+U86+V86+W86) -> 0 | K86: =IF(J86<0,"ATENÇÃO","OK") -> OK
... C91: 18 | D91: SACO PARA CARREGAR/TRANSPORTAR MATERIAL ESPORTIVO, | F91: REDESPORT | H91: 20 | J91: =I91-(L91+M91+N91+O91+P91+Q91+R91+S91+T91+U91+V91+W91) -> 0 | K91: =IF(J91<0,"ATENÇÃO","OK") -> OK
A92: ADBX | B92: 6 | C92: 1 | D92: CONE PLASTICO, MEDINDO 25 CM, | F92: CEMAR | H92: 20 | J92: =I92-(L92+M92+N92+O92+P92+Q92+R92+S92+T92+U92+V92+W92) -> 0 | K92: =IF(J92<0,"ATENÇÃO","OK") -> OK
C93: 2 | D93: CONE PLASTICO, MEDINDO 30CM, | F93: CEMAR | H93: 30 | J93: =I93-(L93+M93+N93+O93+P93+Q93+R93+S93+T93+U93+V93+W93) -> 0 | K93: =IF(J93<0,"ATENÇÃO","OK") -> OK
C94: 3 | D94: CONE PLASTICO, MEDINDO 50 CM, | F94: CEMAR | H94: 15 | J94: =I94-(L94+M94+N94+O94+P94+Q94+R94+S94+T94+U94+V94+W94) -> 0 | K94: =IF(J94<0,"ATENÇÃO","OK") -> OK
C95: 4 | D95: MINICONES PARA TREINAMENTO DE AGILIDADE, | F95: CEMAR | H95: 128.5 | J95: =I95-(L95+M95+N95+O95+P95+Q95+R95+S95+T95+U95+V95+W95) -> 0 | K95: =IF(J95<0,"ATENÇÃO","OK") -> OK
A96: ADBX | B96: 7 | C96: 1 | D96: COLCHONETE, PARA EDUCACAO FISICA, | F96: KNOCKOUT | H96: 50 | J96: =I96-(L96+M96+N96+O96+P96+Q96+R96+S96+T96+U96+V96+W96) -> 0 | K96: =IF(J96<0,"ATENÇÃO","OK") -> OK
C97: 2 | D97: COLCHONETE, PARA EDUCACAO FISICA, | F97: KNOCKOUT | H97: 43 | J97: =I97-(L97+M97+N97+O97+P97+Q97+R97+S97+T97+U97+V97+W97) -> 0 | K97: =IF(J97<0,"ATENÇÃO","OK") -> OK
C98: 3 | D98: TATAME, DE ENCAIXE EM E.V.A., | F98: HAITI | H98: 60.25 | J98: =I98-(L98+M98+N98+O98+P98+Q98+R98+S98+T98+U98+V98+W98) -> 0 | K98: =IF(J98<0,"ATENÇÃO","OK") -> OK
A99: ADBX | B99: 8 | C99: 1 | D99: JOGO DE TABULEIRO, DE XADREZ, | F99: JAEHRING | H99: 50 | J99: =I99-(L99+M99+N99+O99+P99+Q99+R99+S99+T99+U99+V99+W99) -> 0 | K99: =IF(J99<0,"ATENÇÃO","OK") -> OK
C100: 2 | D100: JOGO DE TABULEIRO, DE XADREZ, | F100: JAEHRING | H100: 10.08 | J100: =I100-(L100+M100+N100+O100+P100+Q100+R100+S100+T100+U100+V100+W100) -> 0 | K100: =IF(J100<0,"ATENÇÃO","OK") -> OK
C101: 3 | D101: RELOGIO DUPLO, PARA XADREZ, | F101: JAEHRING | H101: 98 | J101: =I101-(L101+M101+N101+O101+P101+Q101+R101+S101+T101+U101+V101+W101) -> 0 | K101: =IF(J101<0,"ATENÇÃO","OK") -> OK
A102: ADBX | B102: 9 | C102: 1 | D102: KIMONO BRANCO PARA PRATICA A1 | F102: TORAH | H102: 220.2 | J102: =I102-(L102+M102+N102+O102+P102+Q102+R102+S102+T102+U102+V102+W102) -> 0 | K102: =IF(J102<0,"ATENÇÃO","OK") -> OK
C103: 2 | D103: KIMONO BRANCO PARA PRATICA A2 | F103: TORAH | H103: 223 | J103: =I103-(L103+M103+N103+O103+P103+Q103+R103+S103+T103+U103+V103+W103) -> 0 | K103: =IF(J103<0,"ATENÇÃO","OK") -> OK
C104: 3 | D104: KIMONO BRANCO PARA PRATICA A3 | F104: TORAH | H104: 223 | J104: =I104-(L104+M104+N104+O104+P104+Q104+R104+S104+T104+U104+V104+W104) -> 0 | K104: =IF(J104<0,"ATENÇÃO","OK") -> OK
A105: JET MED | B105: 10 | C105: 1 | D105: FITA DE SUSPENSAO, PARA PRATICA DESPORTIVA, | F105: PROTETION | H105: 189 | J105: =I105-(L105+M105+N105+O105+P105+Q105+R105+S105+T105+U105+V105+W105) -> 0 | K105: =IF(J105<0,"ATENÇÃO","OK") -> OK
C106: 2 | D106: Kit para Slackline, | F106: SLAKLINE | H106: 177.8 | J106: =I106-(L106+M106+N106+O106+P106+Q106+R106+S106+T106+U106+V106+W106) -> 0 | K106: =IF(J106<0,"ATENÇÃO","OK") -> OK
C107: 3 | D107: KIT DE SUSPENSAO PARA | F107: SLAKLINE | H107: 202.7 | J107: =I107-(L107+M107+N107+O107+P107+Q107+R107+S107+T107+U107+V107+W107) -> 0 | K107: =IF(J107<0,"ATENÇÃO","OK") -> OK
A108: JET MED | B108: 11 | C108: 1 | D108: ELETRODO PARA REABILITACAO, | F108: QUARK | H108: 189.43 | J108: =I108-(L108+M108+N108+O108+P108+Q108+R108+S108+T108+U108+V108+W108) -> 0 | K108: =IF(J108<0,"ATENÇÃO","OK") -> OK
C109: 2 | D109: ELETRODO ANAL DE TEFLON | F109: IBRAMED | H109: 190.57 | J109: =I109-(L109+M109+N109+O109+P109+Q109+R109+S109+T109+U109+V109+W109) -> 0 | K109: =IF(J109<0,"ATENÇÃO","OK") -> OK
...

Sheet REITORIA
A1: PROCESSO: 1068/2015/UDESC | D1: OBJETO: AQUISIÇÃO DE MATERIAL ESPORTIVO E DE FISIOTERAPIA PARA A UDESC | I1: VIGÊNCIA DA ATA: 27/11/2015 até 26/11/2016 | L1: AF nº 0051/2016 Qtde. DT | M1: AF/OS nº xxxx/2015 Qtde. DT | N1: AF/OS nº xxxx/2015 Qtde. DT | O1: AF/OS nº xxxx/2015 Qtde. DT | P1: AF/OS nº xxxx/2015 Qtde. DT | Q1: AF/OS nº xxxx/2015 Qtde. DT | R1: AF/OS nº xxxx/2015 Qtde. DT | S1: AF/OS nº xxxx/2015 Qtde. DT | T1: AF/OS nº xxxx/2015 Qtde. DT | U1: AF/OS nº xxxx/2015 Qtde. DT | V1: AF/OS nº xxxx/2015 Qtde. DT | W1: AF/OS nº xxxx/2015 Qtde. DT
A2: CENTRO PARTICIPANTE: REITORIA
A3: FORNECEDOR | B3: LOTE | C3: ITEM | D3: PRODUTO - CARACTERÍSTICAS MÍNIMAS | E3: UNIDADE | F3: MARCA | G3: DETALHAMENTO | H3: Preço UNITÁRIO (R$) | I3: Qtde Registrada | J3: Saldo / Automático | K3: ALERTA | L3: 42401 | M3: ...../...../...... | N3: ...../...../...... | O3: ...../...../...... | P3: ...../...../...... | Q3: ...../...../...... | R3: ...../...../...... | S3: ...../...../...... | T3: ...../...../...... | U3: ...../...../...... | V3: ...../...../...... | W3: ...../...../......
A4: ADBX | B4: 1 | C4: 1 | D4: BOLA DE BORRACHA, DE FRESCOBOL, | E4: UNIDADE | F4: MARE N3 | H4: 3 | J4: =I4-(L4+M4+N4+O4+P4+Q4+R4+S4+T4+U4+V4+W4) -> 0 | K4: =IF(J4<0,"ATENÇÃO","OK") -> OK | L4: 0
C5: 2 | D5: BOLA DE BORRACHA, DE INICIACAO ESPORTIVA N12, | F5: LCM N12 | H5: 10 | J5: =I5-(L5+M5+N5+O5+P5+Q5+R5+S5+T5+U5+V5+W5) -> 0 | K5: =IF(J5<0,"ATENÇÃO","OK") -> OK | L5: 0
C6: 3 | D6: BOLA DE BORRACHA, DE INICIACAO ESPORTIVA N14, | F6: LCM N14 | H6: 12 | J6: =I6-(L6+M6+N6+O6+P6+Q6+R6+S6+T6+U6+V6+W6) -> 0 | K6: =IF(J6<0,"ATENÇÃO","OK") -> OK | L6: 0
C7: 4 | D7: BOLA DE BORRACHA, DE SOFTBOL, | F7: LCM N3 SOFTBOL | H7: 18 | J7: =I7-(L7+M7+N7+O7+P7+Q7+R7+S7+T7+U7+V7+W7) -> 0 | K7: =IF(J7<0,"ATENÇÃO","OK") -> OK | L7: 0
C8: 5 | D8: BOLA DE BORRACHA, LATEX, S/COSTURA, | F8: PENALTY 1KG | H8: 60 | J8: =I8-(L8+M8+N8+O8+P8+Q8+R8+S8+T8+U8+V8+W8) -> 0 | K8: =IF(J8<0,"ATENÇÃO","OK") -> OK | L8: 0
C9: 6 | D9: BOLA DE BORRACHA, PARA USO FITOTERAPICO | F9: MAGUSSY 6KG | H9: 150 | J9: =I9-(L9+M9+N9+O9+P9+Q9+R9+S9+T9+U9+V9+W9) -> 0 | K9: =IF(J9<0,"ATENÇÃO","OK") -> OK | L9: 0
C10: 7 | D10: BOLA DE TENIS DE CAMPO, (QUADRA),OFICIAL, | F10: WILSON CHAPIONSHIP | H10: 27 | I10: 15 | J10: =I10-(L10+M10+N10+O10+P10+Q10+R10+S10+T10+U10+V10+W10) -> 15 | K10: =IF(J10<0,"ATENÇÃO","OK") -> OK | L10: 0
C11: 8 | D11: BOLA MEDICINE BALL DE 2 KG., | F11: PENALTY | H11: 14 | J11: =I11-(L11+M11+N11+O11+P11+Q11+R11+S11+T11+U11+V11+W11) -> 0 | K11: =IF(J11<0,"ATENÇÃO","OK") -> OK | L11: 0
C12: 9 | D12: BOLA MEDICINE BALL DE 3 KG, | F12: ONEAL 3KG | H12: 180 | I12: 5 | J12: =I12-(L12+M12+N12+O12+P12+Q12+R12+S12+T12+U12+V12+W12) -> 5 | K12: =IF(J12<0,"ATENÇÃO","OK") -> OK | L12: 0
C13: 10 | D13: BOLA MEDICINE BALL DE 3 KG, | F13: PENALTY 3KG | H13: 100 | J13: =I13-(L13+M13+N13+O13+P13+Q13+R13+S13+T13+U13+V13+W13) -> 0 | K13: =IF(J13<0,"ATENÇÃO","OK") -> OK | L13: 0
C14: 11 | D14: BOLA P/FUTEBOL DE CAMPO, BRASIL, | F14: PENALTY PRO BRASIL R2 | H14: 130 | I14: 15 | J14: =I14-(L14+M14+N14+O14+P14+Q14+R14+S14+T14+U14+V14+W14) -> 15 | K14: =IF(J14<0,"ATENÇÃO","OK") -> OK | L14: 0
C15: 12 | D15: BOLA PARA BASQUETEBOL, | F15: PENALTY PRO 6.5 | H15: 150 | J15: =I15-(L15+M15+N15+O15+P15+Q15+R15+S15+T15+U15+V15+W15) -> 0 | K15: =IF(J15<0,"ATENÇÃO","OK") -> OK | L15: 0
C16: 13 | D16: BOLA PARA BASQUETEBOL, BASQUETE 7.4, | F16: PENALTY PRO 7.5 | H16: 160 | I16: 15 | J16: =I16-(L16+M16+N16+O16+P16+Q16+R16+S16+T16+U16+V16+W16) -> 15 | K16: =IF(J16<0,"ATENÇÃO","OK") -> OK | L16: 0
C17: 14 | D17: BOLA PARA BASQUETEBOL, CATEGORIA MIRIM, | F17: PENALTY PRO 5.7 | H17: 133.75 | J17: =I17-(L17+M17+N17+O17+P17+Q17+R17+S17+T17+U17+V17+W17) -> 0 | K17: =IF(J17<0,"ATENÇÃO","OK") -> OK | L17: 0
C18: 15 | D18: BOLA PARA FUTEBOL DE SALAO, | F18: KAGIVA AD OF | H18: 70 | I18: 15 | J18: =I18-(L18+M18+N18+O18+P18+Q18+R18+S18+T18+U18+V18+W18) -> 15 | K18: =IF(J18<0,"ATENÇÃO","OK") -> OK | L18: 0
C19: 16 | D19: BOLA PARA FUTEBOL DE SALAO, CATEGORIA INFANTIL, | F19: PENALTY MAX 200 | H19: 100 | I19: 15 | J19: =I19-(L19+M19+N19+O19+P19+Q19+R19+S19+T19+U19+V19+W19) -> 15 | K19: =IF(J19<0,"ATENÇÃO","OK") -> OK | L19: 0
C20: 17 | D20: BOLA PARA FUTEBOL DE SALAO, DE COURO, | F20: PENALTY MAX 100 | H20: 150 | I20: 15 | J20: =I20-(L20+M20+N20+O20+P20+Q20+R20+S20+T20+U20+V20+W20) -> 15 | K20: =IF(J20<0,"ATENÇÃO","OK") -> OK | L20: 0
C21: 18 | D21: BOLA PARA HANDEBOL, CATEGORIA ADULTO, | F21: PENALTY H2L | H21: 120 | I21: 15 | J21: =I21-(L21+M21+N21+O21+P21+Q21+R21+S21+T21+U21+V21+W21) -> 15 | K21: =IF(J21<0,"ATENÇÃO","OK") -> OK | L21: 0
C22: 19 | D22: BOLA PARA HANDEBOL, CATEGORIA H1L, | F22: PENALTY H2L PVC | H22: 58 | J22: =I22-(L22+M22+N22+O22+P22+Q22+R22+S22+T22+U22+V22+W22) -> 0 | K22: =IF(J22<0,"ATENÇÃO","OK") -> OK | L22: 0
C23: 20 | D23: BOLA PARA HANDEBOL, CATEGORIA H2L, | F23: PENALTY H2L PVC | H23: 64.98 | J23: =I23-(L23+M23+N23+O23+P23+Q23+R23+S23+T23+U23+V23+W23) -> 0 | K23: =IF(J23<0,"ATENÇÃO","OK") -> OK | L23: 0
C24: 21 | D24: BOLA PARA HANDEBOL, MASCULINO,CATEGORIA H3L, | F24: PENALTY H3L | H24: 120 | I24: 15 | J24: =I24-(L24+M24+N24+O24+P24+Q24+R24+S24+T24+U24+V24+W24) -> 15 | K24: =IF(J24<0,"ATENÇÃO","OK") -> OK | L24: 0
C25: 22 | D25: BOLA PARA PRATICA DE ESPORTE POR DEFICIENTES, | F25: TARGE GOALBALL OF | H25: 96 | J25: =I25-(L25+M25+N25+O25+P25+Q25+R25+S25+T25+U25+V25+W25) -> 0 | K25: =IF(J25<0,"ATENÇÃO","OK") -> OK | L25: 0
C26: 23 | D26: BOLA PARA TENIS DE MESA, MODELO OFICIAL, | F26: YACHIMA OF 40MM | H26: 3 | I26: 15 | J26: =I26-(L26+M26+N26+O26+P26+Q26+R26+S26+T26+U26+V26+W26) -> 15 | K26: =IF(J26<0,"ATENÇÃO","OK") -> OK | L26: 0
C27: 24 | D27: BOLA PARA VOLEI DE PRAIA, MODELO OFICIAL, | F27: PENALTY BEACH TRN | H27: 110 | I27: =15-4 -> 11 | J27: =I27-(L27+M27+N27+O27+P27+Q27+R27+S27+T27+U27+V27+W27) -> 11 | K27: =IF(J27<0,"ATENÇÃO","OK") -> OK | L27: 0
C28: 25 | D28: BOLA PARA VOLEIBOL, EM MATERIAL SINTETICO, | F28: PENALTY PRO 6.0 | H28: 148 | I28: 15 | J28: =I28-(L28+M28+N28+O28+P28+Q28+R28+S28+T28+U28+V28+W28) -> 15 | K28: =IF(J28<0,"ATENÇÃO","OK") -> OK | L28: 0
A29: ZERMIANI | B29: 2 | C29: 1 | D29: BOLA BOBATH, BOLA BOBATH 65 CM, | F29: BIOFIT | H29: 55 | J29: =I29-(L29+M29+N29+O29+P29+Q29+R29+S29+T29+U29+V29+W29) -> 0 | K29: =IF(J29<0,"ATENÇÃO","OK") -> OK | L29: 0
C30: 2 | D30: BOLA BOBATH, BOLA BOBATH 80 CM, | F30: BIOFIT | H30: 55 | J30: =I30-(L30+M30+N30+O30+P30+Q30+R30+S30+T30+U30+V30+W30) -> 0 | K30: =IF(J30<0,"ATENÇÃO","OK") -> OK | L30: 0
C31: 3 | D31: BOLA BOBATH, BOLA BOBATH, | F31: BIOFIT | H31: 50 | J31: =I31-(L31+M31+N31+O31+P31+Q31+R31+S31+T31+U31+V31+W31) -> 0 | K31: =IF(J31<0,"ATENÇÃO","OK") -> OK | L31: 0
C32: 4 | D32: BOLA BOBATH, BOLA BOBATH, PARA EXERCICIOS TERAPEUTICOS | F32: BIOFIT | H32: 50 | J32: =I32-(L32+M32+N32+O32+P32+Q32+R32+S32+T32+U32+V32+W32) -> 0 | K32: =IF(J32<0,"ATENÇÃO","OK") -> OK | L32: 0
C33: 5 | D33: BOLA BOBATH, BOLA BOBATH, | F33: BIOFIT | H33: 75 | J33: =I33-(L33+M33+N33+O33+P33+Q33+R33+S33+T33+U33+V33+W33) -> 0 | K33: =IF(J33<0,"ATENÇÃO","OK") -> OK | L33: 0
C34: 6 | D34: BOLA BOBATH, BOLA BOBATH, | F34: BIOFIT | H34: 60 | J34: =I34-(L34+M34+N34+O34+P34+Q34+R34+S34+T34+U34+V34+W34) -> 0 | K34: =IF(J34<0,"ATENÇÃO","OK") -> OK | L34: 0
C35: 7 | D35: BOLA BOBATH, BOLA BOBATH, | F35: BIOFIT | H35: 39 | J35: =I35-(L35+M35+N35+O35+P35+Q35+R35+S35+T35+U35+V35+W35) -> 0 | K35: =IF(J35<0,"ATENÇÃO","OK") -> OK | L35: 0
C36: 8 | D36: BOLA DE BORRACHA, PARA EXERCICIO FUNCIONAL, OVER BALL | F36: UP LIFT | H36: 25 | J36: =I36-(L36+M36+N36+O36+P36+Q36+R36+S36+T36+U36+V36+W36) -> 0 | K36: =IF(J36<0,"ATENÇÃO","OK") -> OK | L36: 0
C37: 9 | D37: BOLA, PARA BODY BALANCE DOME, | F37: BIOFIT | H37: 250 | I37: 5 | J37: =I37-(L37+M37+N37+O37+P37+Q37+R37+S37+T37+U37+V37+W37) -> 5 | K37: =IF(J37<0,"ATENÇÃO","OK") -> OK | L37: 0
C38: 10 | D38: BOLA, PARA BODY BALANCE DOME, | F38: BIOFIT | H38: 290 | J38: =I38-(L38+M38+N38+O38+P38+Q38+R38+S38+T38+U38+V38+W38) -> 0 | K38: =IF(J38<0,"ATENÇÃO","OK") -> OK | L38: 0
C39: 11 | D39: BOLA, PARA EXERCICIOS FISICOS, 26 CM DE DIAMETRO, | F39: UP LIFT | H39: 21.5 | I39: 5 | J39: =I39-(L39+M39+N39+O39+P39+Q39+R39+S39+T39+U39+V39+W39) -> 4 | K39: =IF(J39<0,"ATENÇÃO","OK") -> OK | L39: 1
C40: 12 | D40: DISCO DE BORRACHA, DISCO ESPORTIVO DE EQUILIBRIO, | F40: BIOFIT | H40: 50 | J40: =I40-(L40+M40+N40+O40+P40+Q40+R40+S40+T40+U40+V40+W40) -> 0 | K40: =IF(J40<0,"ATENÇÃO","OK") -> OK | L40: 0
C41: 13 | D41: DISCO DE BORRACHA, DISCO ESPORTIVO DE EQUILIBRIO, | F41: BIOFIT | H41: 55 | J41: =I41-(L41+M41+N41+O41+P41+Q41+R41+S41+T41+U41+V41+W41) -> 0 | K41: =IF(J41<0,"ATENÇÃO","OK") -> OK | L41: 0
C42: 14 | D42: MATERIAIS E COMPONENTES PARA PRATICA DESPORTIVAS, | F42: UP LIFT | H42: 50 | J42: =I42-(L42+M42+N42+O42+P42+Q42+R42+S42+T42+U42+V42+W42) -> 0 | K42: =IF(J42<0,"ATENÇÃO","OK") -> OK | L42: 0
C43: 15 | D43: MATERIAIS PARA FISIOTERAPIA, BOLA CRAVO CRESPA, | F43: MERCUR | H43: 22 | I43: 4 | J43: =I43-(L43+M43+N43+O43+P43+Q43+R43+S43+T43+U43+V43+W43) -> 2 | K43: =IF(J43<0,"ATENÇÃO","OK") -> OK | L43: 2
C44: 16 | D44: MATERIAIS PARA FISIOTERAPIA, BOLA CRAVO CRESPA, | F44: MERCUR | H44: 5 | J44: =I44-(L44+M44+N44+O44+P44+Q44+R44+S44+T44+U44+V44+W44) -> 0 | K44: =IF(J44<0,"ATENÇÃO","OK") -> OK | L44: 0
C45: 17 | D45: MATERIAIS PARA FISIOTERAPIA, ROLO DE ESPUMA PROPRIOCEPTIVO, | F45: PROACTION | H45: 120 | J45: =I45-(L45+M45+N45+O45+P45+Q45+R45+S45+T45+U45+V45+W45) -> 0 | K45: =IF(J45<0,"ATENÇÃO","OK") -> OK | L45: 0
C46: 18 | D46: MATERIAIS PARA FISIOTERAPIA, ROLO DE ESPUMA PROPRIOCEPTIVO, | F46: PROACTION | H46: 79 | J46: =I46-(L46+M46+N46+O46+P46+Q46+R46+S46+T46+U46+V46+W46) -> 0 | K46: =IF(J46<0,"ATENÇÃO","OK") -> OK | L46: 0
C47: 19 | D47: PECAS E COMPONENTES, STEP CONFECCIONADO EM MATERIAL | F47: PANGUE | H47: 70 | J47: =I47-(L47+M47+N47+O47+P47+Q47+R47+S47+T47+U47+V47+W47) -> 0 | K47: =IF(J47<0,"ATENÇÃO","OK") -> OK | L47: 0
B48: 3 | C48: 1 | D48: INFRUTÍFERO | J48: =I48-(L48+M48+N48+O48+P48+Q48+R48+S48+T48+U48+V48+W48) -> 0 | K48: =IF(J48<0,"ATENÇÃO","OK") -> OK | L48: 0
C49: 2 | D49: INFRUTÍFERO | J49: =I49-(L49+M49+N49+O49+P49+Q49+R49+S49+T49+U49+V49+W49) -> 0 | K49: =IF(J49<0,"ATENÇÃO","OK") -> OK | L49: 0
C50: 3 | D50: INFRUTÍFERO | J50: =I50-(L50+M50+N50+O50+P50+Q50+R50+S50+T50+U50+V50+W50) -> 0 | K50: =IF(J50<0,"ATENÇÃO","OK") -> OK | L50: 0
C51: 4 | D51: INFRUTÍFERO | J51: =I51-(L51+M51+N51+O51+P51+Q51+R51+S51+T51+U51+V51+W51) -> 0 | K51: =IF(J51<0,"ATENÇÃO","OK") -> OK | L51: 0
C52: 5 | D52: INFRUTÍFERO | J52: =I52-(L52+M52+N52+O52+P52+Q52+R52+S52+T52+U52+V52+W52) -> 0 | K52: =IF(J52<0,"ATENÇÃO","OK") -> OK | L52: 0
C53: 6 | D53: INFRUTÍFERO | J53: =I53-(L53+M53+N53+O53+P53+Q53+R53+S53+T53+U53+V53+W53) -> 0 | K53: =IF(J53<0,"ATENÇÃO","OK") -> OK | L53: 0
C54: 7 | D54: INFRUTÍFERO | J54: =I54-(L54+M54+N54+O54+P54+Q54+R54+S54+T54+U54+V54+W54) -> 0 | K54: =IF(J54<0,"ATENÇÃO","OK") -> OK | L54: 0
C55: 8 | D55: INFRUTÍFERO | J55: =I55-(L55+M55+N55+O55+P55+Q55+R55+S55+T55+U55+V55+W55) -> 0 | K55: =IF(J55<0,"ATENÇÃO","OK") -> OK | L55: 0
C56: 9 | D56: INFRUTÍFERO | J56: =I56-(L56+M56+N56+O56+P56+Q56+R56+S56+T56+U56+V56+W56) -> 0 | K56: =IF(J56<0,"ATENÇÃO","OK") -> OK | L56: 0
C57: 10 | D57: INFRUTÍFERO | J57: =I57-(L57+M57+N57+O57+P57+Q57+R57+S57+T57+U57+V57+W57) -> 0 | K57: =IF(J57<0,"ATENÇÃO","OK") -> OK | L57: 0
C58: 11 | D58: INFRUTÍFERO | J58: =I58-(L58+M58+N58+O58+P58+Q58+R58+S58+T58+U58+V58+W58) -> 0 | K58: =IF(J58<0,"ATENÇÃO","OK") -> OK | L58: 0
C59: 12 | D59: INFRUTÍFERO | J59: =I59-(L59+M59+N59+O59+P59+Q59+R59+S59+T59+U59+V59+W59) -> 0 | K59: =IF(J59<0,"ATENÇÃO","OK") -> OK | L59: 0
C60: 13 | D60: INFRUTÍFERO | J60: =I60-(L60+M60+N60+O60+P60+Q60+R60+S60+T60+U60+V60+W60) -> 0 | K60: =IF(J60<0,"ATENÇÃO","OK") -> OK | L60: 0
C61: 14 | D61: INFRUTÍFERO | J61: =I61-(L61+M61+N61+O61+P61+Q61+R61+S61+T61+U61+V61+W61) -> 0 | K61: =IF(J61<0,"ATENÇÃO","OK") -> OK | L61: 0
A62: ADBX | B62: 4 | C62: 1 | D62: CINTO PARA PRATICA ESPORTIVA, CINTO DE MUSCULA | F62: PRO ACTION | H62: 60 | J62: =I62-(L62+M62+N62+O62+P62+Q62+R62+S62+T62+U62+V62+W62) -> 0 | K62: =IF(J62<0,"ATENÇÃO","OK") -> OK | L62: 0
C63: 2 | D63: CINTO PARA PRATICA ESPORTIVA, CINTO DE TRA«ŸO DUPLO | F63: KNOCKOUT | H63: 150 | J63: =I63-(L63+M63+N63+O63+P63+Q63+R63+S63+T63+U63+V63+W63) -> 0 | K63: =IF(J63<0,"ATENÇÃO","OK") -> OK | L63: 0
C64: 3 | D64: LONA DE ESTEIRA, | F64: POLIMET | H64: 280 | J64: =I64-(L64+M64+N64+O64+P64+Q64+R64+S64+T64+U64+V64+W64) -> 0 | K64: =IF(J64<0,"ATENÇÃO","OK") -> OK | L64: 0
C65: 4 | D65: PLATAFORMA DESLIZANTE | F65: PISTA E CAMPO | H65: 230 | J65: =I65-(L65+M65+N65+O65+P65+Q65+R65+S65+T65+U65+V65+W65) -> 0 | K65: =IF(J65<0,"ATENÇÃO","OK") -> OK | L65: 0
C66: 5 | D66: RODA DE EXERCICIOS PARA | F66: PISTA E CAMPO | H66: 50 | J66: =I66-(L66+M66+N66+O66+P66+Q66+R66+S66+T66+U66+V66+W66) -> 0 | K66: =IF(J66<0,"ATENÇÃO","OK") -> OK | L66: 0
C67: 6 | D67: RODA MULTIFUNCIONAL | F67: VOLLO | H67: 230 | J67: =I67-(L67+M67+N67+O67+P67+Q67+R67+S67+T67+U67+V67+W67) -> 0 | K67: =IF(J67<0,"ATENÇÃO","OK") -> OK | L67: 0
C68: 7 | D68: STICK RIGIDO PARA | F68: FITNES | H68: 70 | J68: =I68-(L68+M68+N68+O68+P68+Q68+R68+S68+T68+U68+V68+W68) -> 0 | K68: =IF(J68<0,"ATENÇÃO","OK") -> OK | L68: 0
C69: 8 | D69: CANELEIRA EM NYLON, 1KG, | F69: NEOFIT | H69: 20 | J69: =I69-(L69+M69+N69+O69+P69+Q69+R69+S69+T69+U69+V69+W69) -> 0 | K69: =IF(J69<0,"ATENÇÃO","OK") -> OK | L69: 0
C70: 9 | D70: CANELEIRA EM NYLON, 2KG, | F70: NEOFIT | H70: 30 | J70: =I70-(L70+M70+N70+O70+P70+Q70+R70+S70+T70+U70+V70+W70) -> 0 | K70: =IF(J70<0,"ATENÇÃO","OK") -> OK | L70: 0
C71: 10 | D71: CANELEIRA EM NYLON, 3KG, | F71: NEOFIT | H71: 35 | J71: =I71-(L71+M71+N71+O71+P71+Q71+R71+S71+T71+U71+V71+W71) -> 0 | K71: =IF(J71<0,"ATENÇÃO","OK") -> OK | L71: 0
C72: 11 | D72: CANELEIRA EM NYLON, 4KG, | F72: NEOFIT | H72: 40 | J72: =I72-(L72+M72+N72+O72+P72+Q72+R72+S72+T72+U72+V72+W72) -> 0 | K72: =IF(J72<0,"ATENÇÃO","OK") -> OK | L72: 0
C73: 12 | D73: CANELEIRA EM NYLON, 5KG, | F73: NEOFIT | H73: 50 | J73: =I73-(L73+M73+N73+O73+P73+Q73+R73+S73+T73+U73+V73+W73) -> 0 | K73: =IF(J73<0,"ATENÇÃO","OK") -> OK | L73: 0
A74: ADBX | B74: 5 | C74: 1 | D74: MINI SKATE PARA USO EM REABILITACAO, | F74: HYPER WHEEIS | H74: 220 | J74: =I74-(L74+M74+N74+O74+P74+Q74+R74+S74+T74+U74+V74+W74) -> 0 | K74: =IF(J74<0,"ATENÇÃO","OK") -> OK | L74: 0
C75: 2 | D75: ARCO PLASTICO TIPO BAMBOLE, | F75: CEMAR | H75: 50 | I75: =10-3 -> 7 | J75: =I75-(L75+M75+N75+O75+P75+Q75+R75+S75+T75+U75+V75+W75) -> 7 | K75: =IF(J75<0,"ATENÇÃO","OK") -> OK | L75: 0
C76: 3 | D76: Kit para Piscina de bolinhas, coloridas, | F76: JOTT PLAY | H76: 90 | J76: =I76-(L76+M76+N76+O76+P76+Q76+R76+S76+T76+U76+V76+W76) -> 0 | K76: =IF(J76<0,"ATENÇÃO","OK") -> OK | L76: 0
C77: 4 | D77: BOMBA PARA ENCHER BOLA, COM BICO DE METAL, | F77: PENALTY | H77: 20 | J77: =I77-(L77+M77+N77+O77+P77+Q77+R77+S77+T77+U77+V77+W77) -> 0 | K77: =IF(J77<0,"ATENÇÃO","OK") -> OK | L77: 0
C78: 5 | D78: CORDA PARA PULAR, COM CABO DE MADEIRA NAS PONTAS, | F78: PULA CORDA | H78: 25 | I78: 5 | J78: =I78-(L78+M78+N78+O78+P78+Q78+R78+S78+T78+U78+V78+W78) -> 5 | K78: =IF(J78<0,"ATENÇÃO","OK") -> OK | L78: 0
C79: 6 | D79: CORDA PARA PULAR, COM CABO DE MADEIRA NAS PONTAS, | F79: PULA CORDA | H79: 10 | I79: 5 | J79: =I79-(L79+M79+N79+O79+P79+Q79+R79+S79+T79+U79+V79+W79) -> 5 | K79: =IF(J79<0,"ATENÇÃO","OK") -> OK | L79: 0
C80: 7 | D80: Frisbee Disco Voador para jogo Ultimate. | F80: MARE | H80: 25 | J80: =I80-(L80+M80+N80+O80+P80+Q80+R80+S80+T80+U80+V80+W80) -> 0 | K80: =IF(J80<0,"ATENÇÃO","OK") -> OK | L80: 0
C81: 8 | D81: ESCADA DE CIRCUITO, DE NYLON, Escada de circuito, | F81: PISTA E CAMPO | H81: 190 | I81: 4 | J81: =I81-(L81+M81+N81+O81+P81+Q81+R81+S81+T81+U81+V81+W81) -> 4 | K81: =IF(J81<0,"ATENÇÃO","OK") -> OK | L81: 0
C82: 9 | D82: JOGO, DE TACO, Kit com 2(dois) | F82: MARE | H82: 35 | J82: =I82-(L82+M82+N82+O82+P82+Q82+R82+S82+T82+U82+V82+W82) -> 0 | K82: =IF(J82<0,"ATENÇÃO","OK") -> OK | L82: 0
C83: 10 | D83: LUVA DE GOLEIRO (DIVERSAS), | F83: STADIUM | H83: 50 | J83: =I83-(L83+M83+N83+O83+P83+Q83+R83+S83+T83+U83+V83+W83) -> 0 | K83: =IF(J83<0,"ATENÇÃO","OK") -> OK | L83: 0
C84: 11 | D84: DESPORTIVAS, CRONOMETRO( | F84: VOLLO | H84: 30 | J84: =I84-(L84+M84+N84+O84+P84+Q84+R84+S84+T84+U84+V84+W84) -> 0 | K84: =IF(J84<0,"ATENÇÃO","OK") -> OK | L84: 0
C85: 12 | D85: GRAMA SINTETICA ESPECIAL | F85: SPORT GRESS | H85: 150 | J85: =I85-(L85+M85+N85+O85+P85+Q85+R85+S85+T85+U85+V85+W85) -> 0 | K85: =IF(J85<0,"ATENÇÃO","OK") -> OK | L85: 0
C86: 13 | D86: KIT DE ARGOLAS PARA TREINO | F86: PISTA E CAMPO | H86: 100 | J86: =I86-(L86+M86+N86+O86+P86+Q86+R86+S86+T86+U86+V86+W86) -> 0 | K86: =IF(J86<0,"ATENÇÃO","OK") -> OK | L86: 0
C87: 14 | D87: Petecas com penas de nylon amarelo e base em cortiça. | F87: VOLLO | H87: 50 | J87: =I87-(L87+M87+N87+O87+P87+Q87+R87+S87+T87+U87+V87+W87) -> 0 | K87: =IF(J87<0,"ATENÇÃO","OK") -> OK | L87: 0
C88: 15 | D88: RAQUETE DE TENIS DE MESA (PING PONG), | F88: KLOPF | H88: 40 | J88: =I88-(L88+M88+N88+O88+P88+Q88+R88+S88+T88+U88+V88+W88) -> 0 | K88: =IF(J88<0,"ATENÇÃO","OK") -> OK | L88: 0
C89: 16 | D89: REDE PARA FUTEBOL DE CAMPO, | F89: REDESPORT | H89: 300 | J89: =I89-(L89+M89+N89+O89+P89+Q89+R89+S89+T89+U89+V89+W89) -> 0 | K89: =IF(J89<0,"ATENÇÃO","OK") -> OK | L89: 0
C90: 17 | D90: REDE PARA TENIS DE MESA (PING PONG), | F90: KLOPF | H90: 40 | J90: =I90-(L90+M90+N90+O90+P90+Q90+R90+S90+T90+U90+V90+W90) -> 0 | K90: =IF(J90<0,"ATENÇÃO","OK") -> OK | L90: 0
C91: 18 | D91: SACO PARA CARREGAR/TRANSPORTAR MATERIAL ESPORTIVO, | F91: REDESPORT | H91: 20 | J91: =I91-(L91+M91+N91+O91+P91+Q91+R91+S91+T91+U91+V91+W91) -> 0 | K91: =IF(J91<0,"ATENÇÃO","OK") -> OK | L91: 0
A92: ADBX | B92: 6 | C92: 1 | D92: CONE PLASTICO, MEDINDO 25 CM, | F92: CEMAR | H92: 20 | I92: 10 | J92: =I92-(L92+M92+N92+O92+P92+Q92+R92+S92+T92+U92+V92+W92) -> 10 | K92: =IF(J92<0,"ATENÇÃO","OK") -> OK | L92: 0
C93: 2 | D93: CONE PLASTICO, MEDINDO 30CM, | F93: CEMAR | H93: 30 | J93: =I93-(L93+M93+N93+O93+P93+Q93+R93+S93+T93+U93+V93+W93) -> 0 | K93: =IF(J93<0,"ATENÇÃO","OK") -> OK | L93: 0
C94: 3 | D94: CONE PLASTICO, MEDINDO 50 CM, | F94: CEMAR | H94: 15 | J94: =I94-(L94+M94+N94+O94+P94+Q94+R94+S94+T94+U94+V94+W94) -> 0 | K94: =IF(J94<0,"ATENÇÃO","OK") -> OK | L94: 0
C95: 4 | D95: MINICONES PARA TREINAMENTO DE AGILIDADE, | F95: CEMAR | H95: 128.5 | I95: 4 | J95: =I95-(L95+M95+N95+O95+P95+Q95+R95+S95+T95+U95+V95+W95) -> 4 | K95: =IF(J95<0,"ATENÇÃO","OK") -> OK | L95: 0
A96: ADBX | B96: 7 | C96: 1 | D96: COLCHONETE, PARA EDUCACAO FISICA, | F96: KNOCKOUT | H96: 50 | J96: =I96-(L96+M96+N96+O96+P96+Q96+R96+S96+T96+U96+V96+W96) -> 0 | K96: =IF(J96<0,"ATENÇÃO","OK") -> OK | L96: 0
C97: 2 | D97: COLCHONETE, PARA EDUCACAO FISICA, | F97: KNOCKOUT | H97: 43 | J97: =I97-(L97+M97+N97+O97+P97+Q97+R97+S97+T97+U97+V97+W97) -> 0 | K97: =IF(J97<0,"ATENÇÃO","OK") -> OK | L97: 0
C98: 3 | D98: TATAME, DE ENCAIXE EM E.V.A., | F98: HAITI | H98: 60.25 | J98: =I98-(L98+M98+N98+O98+P98+Q98+R98+S98+T98+U98+V98+W98) -> 0 | K98: =IF(J98<0,"ATENÇÃO","OK") -> OK | L98: 0
A99: ADBX | B99: 8 | C99: 1 | D99: JOGO DE TABULEIRO, DE XADREZ, | F99: JAEHRING | H99: 50 | J99: =I99-(L99+M99+N99+O99+P99+Q99+R99+S99+T99+U99+V99+W99) -> 0 | K99: =IF(J99<0,"ATENÇÃO","OK") -> OK | L99: 0
C100: 2 | D100: JOGO DE TABULEIRO, DE XADREZ, | F100: JAEHRING | H100: 10.08 | J100: =I100-(L100+M100+N100+O100+P100+Q100+R100+S100+T100+U100+V100+W100) -> 0 | K100: =IF(J100<0,"ATENÇÃO","OK") -> OK | L100: 0
...

Sheet CEFID
A1: PROCESSO: 1068/2015/UDESC | D1: OBJETO: AQUISIÇÃO DE MATERIAL ESPORTIVO E DE FISIOTERAPIA PARA A UDESC | I1: VIGÊNCIA DA ATA: 27/11/2015 até 26/11/2016 | L1: AF/OS nº 2244/2015 Qtde. DT | M1: AF/OS nº 480/2016 Qtde. DT | N1: AF/OS nº xxxx/2015 Qtde. DT | O1: AF/OS nº xxxx/2015 Qtde. DT | P1: AF/OS nº xxxx/2015 Qtde. DT | Q1: AF/OS nº xxxx/2015 Qtde. DT | R1: AF/OS nº xxxx/2015 Qtde. DT | S1: AF/OS nº xxxx/2015 Qtde. DT | T1: AF/OS nº xxxx/2015 Qtde. DT | U1: AF/OS nº xxxx/2015 Qtde. DT | V1: AF/OS nº xxxx/2015 Qtde. DT
A2: CENTRO PARTICIPANTE: CEFID
A3: FORNECEDOR | B3: LOTE | C3: ITEM | D3: PRODUTO - CARACTERÍSTICAS MÍNIMAS | E3: UNIDADE | F3: MARCA | G3: DETALHAMENTO | H3: Preço UNITÁRIO (R$) | I3: Qtde Registrada | J3: Saldo / Automático | K3: ALERTA | L3: ...../...../...... | M3: 42501 | N3: ...../...../...... | O3: ...../...../...... | P3: ...../...../...... | Q3: ...../...../...... | R3: ...../...../...... | S3: ...../...../...... | T3: ...../...../...... | U3: ...../...../...... | V3: ...../...../......
A4: ADBX | B4: 1 | C4: 1 | D4: BOLA DE BORRACHA, DE FRESCOBOL, | E4: UNIDADE | F4: MARE N3 | H4: 3 | I4: 10 | J4: =I4-(L4+M4+N4+O4+P4+Q4+R4+S4+T4+U4+V4) -> 10 | K4: =IF(J4<0,"ATENÇÃO","OK") -> OK
C5: 2 | D5: BOLA DE BORRACHA, DE INICIACAO ESPORTIVA N12, | F5: LCM N12 | H5: 10 | I5: 10 | J5: =I5-(L5+M5+N5+O5+P5+Q5+R5+S5+T5+U5+V5) -> 10 | K5: =IF(J5<0,"ATENÇÃO","OK") -> OK
C6: 3 | D6: BOLA DE BORRACHA, DE INICIACAO ESPORTIVA N14, | F6: LCM N14 | H6: 12 | I6: 10 | J6: =I6-(L6+M6+N6+O6+P6+Q6+R6+S6+T6+U6+V6) -> 10 | K6: =IF(J6<0,"ATENÇÃO","OK") -> OK
C7: 4 | D7: BOLA DE BORRACHA, DE SOFTBOL, | F7: LCM N3 SOFTBOL | H7: 18 | I7: 6 | J7: =I7-(L7+M7+N7+O7+P7+Q7+R7+S7+T7+U7+V7) -> 6 | K7: =IF(J7<0,"ATENÇÃO","OK") -> OK
C8: 5 | D8: BOLA DE BORRACHA, LATEX, S/COSTURA, | F8: PENALTY 1KG | H8: 60 | I8: 3 | J8: =I8-(L8+M8+N8+O8+P8+Q8+R8+S8+T8+U8+V8) -> 3 | K8: =IF(J8<0,"ATENÇÃO","OK") -> OK
C9: 6 | D9: BOLA DE BORRACHA, PARA USO FITOTERAPICO | F9: MAGUSSY 6KG | H9: 150 | I9: 2 | J9: =I9-(L9+M9+N9+O9+P9+Q9+R9+S9+T9+U9+V9) -> 2 | K9: =IF(J9<0,"ATENÇÃO","OK") -> OK
C10: 7 | D10: BOLA DE TENIS DE CAMPO, (QUADRA),OFICIAL, | F10: WILSON CHAPIONSHIP | H10: 27 | I10: 12 | J10: =I10-(L10+M10+N10+O10+P10+Q10+R10+S10+T10+U10+V10) -> 12 | K10: =IF(J10<0,"ATENÇÃO","OK") -> OK
C11: 8 | D11: BOLA MEDICINE BALL DE 2 KG., | F11: PENALTY | H11: 14 | I11: 3 | J11: =I11-(L11+M11+N11+O11+P11+Q11+R11+S11+T11+U11+V11) -> 3 | K11: =IF(J11<0,"ATENÇÃO","OK") -> OK
C12: 9 | D12: BOLA MEDICINE BALL DE 3 KG, | F12: ONEAL 3KG | H12: 180 | J12: =I12-(L12+M12+N12+O12+P12+Q12+R12+S12+T12+U12+V12) -> 0 | K12: =IF(J12<0,"ATENÇÃO","OK") -> OK
C13: 10 | D13: BOLA MEDICINE BALL DE 3 KG, | F13: PENALTY 3KG | H13: 100 | I13: 4 | J13: =I13-(L13+M13+N13+O13+P13+Q13+R13+S13+T13+U13+V13) -> 4 | K13: =IF(J13<0,"ATENÇÃO","OK") -> OK
C14: 11 | D14: BOLA P/FUTEBOL DE CAMPO, BRASIL, | F14: PENALTY PRO BRASIL R2 | H14: 130 | I14: =64-5 -> 59 | J14: =I14-(L14+M14+N14+O14+P14+Q14+R14+S14+T14+U14+V14) -> 59 | K14: =IF(J14<0,"ATENÇÃO","OK") -> OK
C15: 12 | D15: BOLA PARA BASQUETEBOL, | F15: PENALTY PRO 6.5 | H15: 150 | I15: 52 | J15: =I15-(L15+M15+N15+O15+P15+Q15+R15+S15+T15+U15+V15) -> 52 | K15: =IF(J15<0,"ATENÇÃO","OK") -> OK
C16: 13 | D16: BOLA PARA BASQUETEBOL, BASQUETE 7.4, | F16: PENALTY PRO 7.5 | H16: 160 | I16: 56 | J16: =I16-(L16+M16+N16+O16+P16+Q16+R16+S16+T16+U16+V16) -> 56 | K16: =IF(J16<0,"ATENÇÃO","OK") -> OK
C17: 14 | D17: BOLA PARA BASQUETEBOL, CATEGORIA MIRIM, | F17: PENALTY PRO 5.7 | H17: 133.75 | I17: 56 | J17: =I17-(L17+M17+N17+O17+P17+Q17+R17+S17+T17+U17+V17) -> 56 | K17: =IF(J17<0,"ATENÇÃO","OK") -> OK
C18: 15 | D18: BOLA PARA FUTEBOL DE SALAO, | F18: KAGIVA AD OF | H18: 70 | I18: =50-6 -> 44 | J18: =I18-(L18+M18+N18+O18+P18+Q18+R18+S18+T18+U18+V18) -> 44 | K18: =IF(J18<0,"ATENÇÃO","OK") -> OK
C19: 16 | D19: BOLA PARA FUTEBOL DE SALAO, CATEGORIA INFANTIL, | F19: PENALTY MAX 200 | H19: 100 | I19: 6 | J19: =I19-(L19+M19+N19+O19+P19+Q19+R19+S19+T19+U19+V19) -> 6 | K19: =IF(J19<0,"ATENÇÃO","OK") -> OK
C20: 17 | D20: BOLA PARA FUTEBOL DE SALAO, DE COURO, | F20: PENALTY MAX 100 | H20: 150 | I20: 6 | J20: =I20-(L20+M20+N20+O20+P20+Q20+R20+S20+T20+U20+V20) -> 6 | K20: =IF(J20<0,"ATENÇÃO","OK") -> OK
C21: 18 | D21: BOLA PARA HANDEBOL, CATEGORIA ADULTO, | F21: PENALTY H2L | H21: 120 | I21: 56 | J21: =I21-(L21+M21+N21+O21+P21+Q21+R21+S21+T21+U21+V21) -> 56 | K21: =IF(J21<0,"ATENÇÃO","OK") -> OK
C22: 19 | D22: BOLA PARA HANDEBOL, CATEGORIA H1L, | F22: PENALTY H2L PVC | H22: 58 | J22: =I22-(L22+M22+N22+O22+P22+Q22+R22+S22+T22+U22+V22) -> 0 | K22: =IF(J22<0,"ATENÇÃO","OK") -> OK
C23: 20 | D23: BOLA PARA HANDEBOL, CATEGORIA H2L, | F23: PENALTY H2L PVC | H23: 64.98 | I23: 50 | J23: =I23-(L23+M23+N23+O23+P23+Q23+R23+S23+T23+U23+V23) -> 50 | K23: =IF(J23<0,"ATENÇÃO","OK") -> OK
C24: 21 | D24: BOLA PARA HANDEBOL, MASCULINO,CATEGORIA H3L, | F24: PENALTY H3L | H24: 120 | I24: 50 | J24: =I24-(L24+M24+N24+O24+P24+Q24+R24+S24+T24+U24+V24) -> 50 | K24: =IF(J24<0,"ATENÇÃO","OK") -> OK
C25: 22 | D25: BOLA PARA PRATICA DE ESPORTE POR DEFICIENTES, | F25: TARGE GOALBALL OF | H25: 96 | I25: 6 | J25: =I25-(L25+M25+N25+O25+P25+Q25+R25+S25+T25+U25+V25) -> 6 | K25: =IF(J25<0,"ATENÇÃO","OK") -> OK
C26: 23 | D26: BOLA PARA TENIS DE MESA, MODELO OFICIAL, | F26: YACHIMA OF 40MM | H26: 3 | J26: =I26-(L26+M26+N26+O26+P26+Q26+R26+S26+T26+U26+V26) -> 0 | K26: =IF(J26<0,"ATENÇÃO","OK") -> OK
C27: 24 | D27: BOLA PARA VOLEI DE PRAIA, MODELO OFICIAL, | F27: PENALTY BEACH TRN | H27: 110 | J27: =I27-(L27+M27+N27+O27+P27+Q27+R27+S27+T27+U27+V27) -> 0 | K27: =IF(J27<0,"ATENÇÃO","OK") -> OK
C28: 25 | D28: BOLA PARA VOLEIBOL, EM MATERIAL SINTETICO, | F28: PENALTY PRO 6.0 | H28: 148 | I28: =56-10 -> 46 | J28: =I28-(L28+M28+N28+O28+P28+Q28+R28+S28+T28+U28+V28) -> 46 | K28: =IF(J28<0,"ATENÇÃO","OK") -> OK
A29: ZERMIANI | B29: 2 | C29: 1 | D29: BOLA BOBATH, BOLA BOBATH 65 CM, | F29: BIOFIT | H29: 55 | I29: 9 | J29: =I29-(L29+M29+N29+O29+P29+Q29+R29+S29+T29+U29+V29) -> 9 | K29: =IF(J29<0,"ATENÇÃO","OK") -> OK
C30: 2 | D30: BOLA BOBATH, BOLA BOBATH 80 CM, | F30: BIOFIT | H30: 55 | I30: 3 | J30: =I30-(L30+M30+N30+O30+P30+Q30+R30+S30+T30+U30+V30) -> 3 | K30: =IF(J30<0,"ATENÇÃO","OK") -> OK
C31: 3 | D31: BOLA BOBATH, BOLA BOBATH, | F31: BIOFIT | H31: 50 | I31: 5 | J31: =I31-(L31+M31+N31+O31+P31+Q31+R31+S31+T31+U31+V31) -> 5 | K31: =IF(J31<0,"ATENÇÃO","OK") -> OK
C32: 4 | D32: BOLA BOBATH, BOLA BOBATH, PARA EXERCICIOS TERAPEUTICOS | F32: BIOFIT | H32: 50 | I32: 3 | J32: =I32-(L32+M32+N32+O32+P32+Q32+R32+S32+T32+U32+V32) -> 3 | K32: =IF(J32<0,"ATENÇÃO","OK") -> OK
C33: 5 | D33: BOLA BOBATH, BOLA BOBATH, | F33: BIOFIT | H33: 75 | I33: 4 | J33: =I33-(L33+M33+N33+O33+P33+Q33+R33+S33+T33+U33+V33) -> 4 | K33: =IF(J33<0,"ATENÇÃO","OK") -> OK
C34: 6 | D34: BOLA BOBATH, BOLA BOBATH, | F34: BIOFIT | H34: 60 | I34: 4 | J34: =I34-(L34+M34+N34+O34+P34+Q34+R34+S34+T34+U34+V34) -> 4 | K34: =IF(J34<0,"ATENÇÃO","OK") -> OK
C35: 7 | D35: BOLA BOBATH, BOLA BOBATH, | F35: BIOFIT | H35: 39 | I35: 7 | J35: =I35-(L35+M35+N35+O35+P35+Q35+R35+S35+T35+U35+V35) -> 7 | K35: =IF(J35<0,"ATENÇÃO","OK") -> OK
C36: 8 | D36: BOLA DE BORRACHA, PARA EXERCICIO FUNCIONAL, OVER BALL | F36: UP LIFT | H36: 25 | I36: 10 | J36: =I36-(L36+M36+N36+O36+P36+Q36+R36+S36+T36+U36+V36) -> 10 | K36: =IF(J36<0,"ATENÇÃO","OK") -> OK
C37: 9 | D37: BOLA, PARA BODY BALANCE DOME, | F37: BIOFIT | H37: 250 | I37: 3 | J37: =I37-(L37+M37+N37+O37+P37+Q37+R37+S37+T37+U37+V37) -> 3 | K37: =IF(J37<0,"ATENÇÃO","OK") -> OK
C38: 10 | D38: BOLA, PARA BODY BALANCE DOME, | F38: BIOFIT | H38: 290 | J38: =I38-(L38+M38+N38+O38+P38+Q38+R38+S38+T38+U38+V38) -> 0 | K38: =IF(J38<0,"ATENÇÃO","OK") -> OK
C39: 11 | D39: BOLA, PARA EXERCICIOS FISICOS, 26 CM DE DIAMETRO, | F39: UP LIFT | H39: 21.5 | I39: 26 | J39: =I39-(L39+M39+N39+O39+P39+Q39+R39+S39+T39+U39+V39) -> 26 | K39: =IF(J39<0,"ATENÇÃO","OK") -> OK
C40: 12 | D40: DISCO DE BORRACHA, DISCO ESPORTIVO DE EQUILIBRIO, | F40: BIOFIT | H40: 50 | I40: 3 | J40: =I40-(L40+M40+N40+O40+P40+Q40+R40+S40+T40+U40+V40) -> 3 | K40: =IF(J40<0,"ATENÇÃO","OK") -> OK
C41: 13 | D41: DISCO DE BORRACHA, DISCO ESPORTIVO DE EQUILIBRIO, | F41: BIOFIT | H41: 55 | I41: 6 | J41: =I41-(L41+M41+N41+O41+P41+Q41+R41+S41+T41+U41+V41) -> 6 | K41: =IF(J41<0,"ATENÇÃO","OK") -> OK
C42: 14 | D42: MATERIAIS E COMPONENTES PARA PRATICA DESPORTIVAS, | F42: UP LIFT | H42: 50 | I42: 12 | J42: =I42-(L42+M42+N42+O42+P42+Q42+R42+S42+T42+U42+V42) -> 12 | K42: =IF(J42<0,"ATENÇÃO","OK") -> OK
C43: 15 | D43: MATERIAIS PARA FISIOTERAPIA, BOLA CRAVO CRESPA, | F43: MERCUR | H43: 22 | I43: 2 | J43: =I43-(L43+M43+N43+O43+P43+Q43+R43+S43+T43+U43+V43) -> 2 | K43: =IF(J43<0,"ATENÇÃO","OK") -> OK
C44: 16 | D44: MATERIAIS PARA FISIOTERAPIA, BOLA CRAVO CRESPA, | F44: MERCUR | H44: 5 | I44: 15 | J44: =I44-(L44+M44+N44+O44+P44+Q44+R44+S44+T44+U44+V44) -> 15 | K44: =IF(J44<0,"ATENÇÃO","OK") -> OK
C45: 17 | D45: MATERIAIS PARA FISIOTERAPIA, ROLO DE ESPUMA PROPRIOCEPTIVO, | F45: PROACTION | H45: 120 | I45: 4 | J45: =I45-(L45+M45+N45+O45+P45+Q45+R45+S45+T45+U45+V45) -> 4 | K45: =IF(J45<0,"ATENÇÃO","OK") -> OK
C46: 18 | D46: MATERIAIS PARA FISIOTERAPIA, ROLO DE ESPUMA PROPRIOCEPTIVO, | F46: PROACTION | H46: 79 | I46: 10 | J46: =I46-(L46+M46+N46+O46+P46+Q46+R46+S46+T46+U46+V46) -> 10 | K46: =IF(J46<0,"ATENÇÃO","OK") -> OK
C47: 19 | D47: PECAS E COMPONENTES, STEP CONFECCIONADO EM MATERIAL | F47: PANGUE | H47: 70 | I47: 2 | J47: =I47-(L47+M47+N47+O47+P47+Q47+R47+S47+T47+U47+V47) -> 2 | K47: =IF(J47<0,"ATENÇÃO","OK") -> OK
B48: 3 | C48: 1 | D48: INFRUTÍFERO | J48: =I48-(L48+M48+N48+O48+P48+Q48+R48+S48+T48+U48+V48) -> 0 | K48: =IF(J48<0,"ATENÇÃO","OK") -> OK
C49: 2 | D49: INFRUTÍFERO | J49: =I49-(L49+M49+N49+O49+P49+Q49+R49+S49+T49+U49+V49) -> 0 | K49: =IF(J49<0,"ATENÇÃO","OK") -> OK
C50: 3 | D50: INFRUTÍFERO | J50: =I50-(L50+M50+N50+O50+P50+Q50+R50+S50+T50+U50+V50) -> 0 | K50: =IF(J50<0,"ATENÇÃO","OK") -> OK
C51: 4 | D51: INFRUTÍFERO | J51: =I51-(L51+M51+N51+O51+P51+Q51+R51+S51+T51+U51+V51) -> 0 | K51: =IF(J51<0,"ATENÇÃO","OK") -> OK
C52: 5 | D52: INFRUTÍFERO | J52: =I52-(L52+M52+N52+O52+P52+Q52+R52+S52+T52+U52+V52) -> 0 | K52: =IF(J52<0,"ATENÇÃO","OK") -> OK
C53: 6 | D53: INFRUTÍFERO | J53: =I53-(L53+M53+N53+O53+P53+Q53+R53+S53+T53+U53+V53) -> 0 | K53: =IF(J53<0,"ATENÇÃO","OK") -> OK
C54: 7 | D54: INFRUTÍFERO | J54: =I54-(L54+M54+N54+O54+P54+Q54+R54+S54+T54+U54+V54) -> 0 | K54: =IF(J54<0,"ATENÇÃO","OK") -> OK
C55: 8 | D55: INFRUTÍFERO | J55: =I55-(L55+M55+N55+O55+P55+Q55+R55+S55+T55+U55+V55) -> 0 | K55: =IF(J55<0,"ATENÇÃO","OK") -> OK
C56: 9 | D56: INFRUTÍFERO | J56: =I56-(L56+M56+N56+O56+P56+Q56+R56+S56+T56+U56+V56) -> 0 | K56: =IF(J56<0,"ATENÇÃO","OK") -> OK
C57: 10 | D57: INFRUTÍFERO | J57: =I57-(L57+M57+N57+O57+P57+Q57+R57+S57+T57+U57+V57) -> 0 | K57: =IF(J57<0,"ATENÇÃO","OK") -> OK
C58: 11 | D58: INFRUTÍFERO | J58: =I58-(L58+M58+N58+O58+P58+Q58+R58+S58+T58+U58+V58) -> 0 | K58: =IF(J58<0,"ATENÇÃO","OK") -> OK
C59: 12 | D59: INFRUTÍFERO | J59: =I59-(L59+M59+N59+O59+P59+Q59+R59+S59+T59+U59+V59) -> 0 | K59: =IF(J59<0,"ATENÇÃO","OK") -> OK
C60: 13 | D60: INFRUTÍFERO | J60: =I60-(L60+M60+N60+O60+P60+Q60+R60+S60+T60+U60+V60) -> 0 | K60: =IF(J60<0,"ATENÇÃO","OK") -> OK
C61: 14 | D61: INFRUTÍFERO | J61: =I61-(L61+M61+N61+O61+P61+Q61+R61+S61+T61+U61+V61) -> 0 | K61: =IF(J61<0,"ATENÇÃO","OK") -> OK
A62: ADBX | B62: 4 | C62: 1 | D62: CINTO PARA PRATICA ESPORTIVA, CINTO DE MUSCULA | F62: PRO ACTION | H62: 60 | I62: 5 | J62: =I62-(L62+M62+N62+O62+P62+Q62+R62+S62+T62+U62+V62) -> 5 | K62: =IF(J62<0,"ATENÇÃO","OK") -> OK
C63: 2 | D63: CINTO PARA PRATICA ESPORTIVA, CINTO DE TRA«ŸO DUPLO | F63: KNOCKOUT | H63: 150 | I63: 2 | J63: =I63-(L63+M63+N63+O63+P63+Q63+R63+S63+T63+U63+V63) -> 2 | K63: =IF(J63<0,"ATENÇÃO","OK") -> OK
C64: 3 | D64: LONA DE ESTEIRA, | F64: POLIMET | H64: 280 | I64: 1 | J64: =I64-(L64+M64+N64+O64+P64+Q64+R64+S64+T64+U64+V64) -> 1 | K64: =IF(J64<0,"ATENÇÃO","OK") -> OK
C65: 4 | D65: PLATAFORMA DESLIZANTE | F65: PISTA E CAMPO | H65: 230 | I65: 2 | J65: =I65-(L65+M65+N65+O65+P65+Q65+R65+S65+T65+U65+V65) -> 2 | K65: =IF(J65<0,"ATENÇÃO","OK") -> OK
C66: 5 | D66: RODA DE EXERCICIOS PARA | F66: PISTA E CAMPO | H66: 50 | I66: 3 | J66: =I66-(L66+M66+N66+O66+P66+Q66+R66+S66+T66+U66+V66) -> 3 | K66: =IF(J66<0,"ATENÇÃO","OK") -> OK
C67: 6 | D67: RODA MULTIFUNCIONAL | F67: VOLLO | H67: 230 | I67: 7 | J67: =I67-(L67+M67+N67+O67+P67+Q67+R67+S67+T67+U67+V67) -> 7 | K67: =IF(J67<0,"ATENÇÃO","OK") -> OK
C68: 7 | D68: STICK RIGIDO PARA | F68: FITNES | H68: 70 | I68: 3 | J68: =I68-(L68+M68+N68+O68+P68+Q68+R68+S68+T68+U68+V68) -> 3 | K68: =IF(J68<0,"ATENÇÃO","OK") -> OK
C69: 8 | D69: CANELEIRA EM NYLON, 1KG, | F69: NEOFIT | H69: 20 | I69: 31 | J69: =I69-(L69+M69+N69+O69+P69+Q69+R69+S69+T69+U69+V69) -> 31 | K69: =IF(J69<0,"ATENÇÃO","OK") -> OK
C70: 9 | D70: CANELEIRA EM NYLON, 2KG, | F70: NEOFIT | H70: 30 | I70: 11 | J70: =I70-(L70+M70+N70+O70+P70+Q70+R70+S70+T70+U70+V70) -> 11 | K70: =IF(J70<0,"ATENÇÃO","OK") -> OK
C71: 10 | D71: CANELEIRA EM NYLON, 3KG, | F71: NEOFIT | H71: 35 | I71: 8 | J71: =I71-(L71+M71+N71+O71+P71+Q71+R71+S71+T71+U71+V71) -> 8 | K71: =IF(J71<0,"ATENÇÃO","OK") -> OK
C72: 11 | D72: CANELEIRA EM NYLON, 4KG, | F72: NEOFIT | H72: 40 | I72: 4 | J72: =I72-(L72+M72+N72+O72+P72+Q72+R72+S72+T72+U72+V72) -> 4 | K72: =IF(J72<0,"ATENÇÃO","OK") -> OK
C73: 12 | D73: CANELEIRA EM NYLON, 5KG, | F73: NEOFIT | H73: 50 | I73: 2 | J73: =I73-(L73+M73+N73+O73+P73+Q73+R73+S73+T73+U73+V73) -> 2 | K73: =IF(J73<0,"ATENÇÃO","OK") -> OK
A74: ADBX | B74: 5 | C74: 1 | D74: MINI SKATE PARA USO EM REABILITACAO, | F74: HYPER WHEEIS | H74: 220 | I74: 2 | J74: =I74-(L74+M74+N74+O74+P74+Q74+R74+S74+T74+U74+V74) -> 2 | K74: =IF(J74<0,"ATENÇÃO","OK") -> OK
C75: 2 | D75: ARCO PLASTICO TIPO BAMBOLE, | F75: CEMAR | H75: 50 | I75: 2 | J75: =I75-(L75+M75+N75+O75+P75+Q75+R75+S75+T75+U75+V75) -> 2 | K75: =IF(J75<0,"ATENÇÃO","OK") -> OK
C76: 3 | D76: Kit para Piscina de bolinhas, coloridas, | F76: JOTT PLAY | H76: 90 | I76: 1 | J76: =I76-(L76+M76+N76+O76+P76+Q76+R76+S76+T76+U76+V76) -> 1 | K76: =IF(J76<0,"ATENÇÃO","OK") -> OK
C77: 4 | D77: BOMBA PARA ENCHER BOLA, COM BICO DE METAL, | F77: PENALTY | H77: 20 | I77: 1 | J77: =I77-(L77+M77+N77+O77+P77+Q77+R77+S77+T77+U77+V77) -> 1 | K77: =IF(J77<0,"ATENÇÃO","OK") -> OK
C78: 5 | D78: CORDA PARA PULAR, COM CABO DE MADEIRA NAS PONTAS, | F78: PULA CORDA | H78: 25 | I78: 4 | J78: =I78-(L78+M78+N78+O78+P78+Q78+R78+S78+T78+U78+V78) -> 4 | K78: =IF(J78<0,"ATENÇÃO","OK") -> OK
C79: 6 | D79: CORDA PARA PULAR, COM CABO DE MADEIRA NAS PONTAS, | F79: PULA CORDA | H79: 10 | I79: 8 | J79: =I79-(L79+M79+N79+O79+P79+Q79+R79+S79+T79+U79+V79) -> 8 | K79: =IF(J79<0,"ATENÇÃO","OK") -> OK
C80: 7 | D80: Frisbee Disco Voador para jogo Ultimate. | F80: MARE | H80: 25 | I80: 2 | J80: =I80-(L80+M80+N80+O80+P80+Q80+R80+S80+T80+U80+V80) -> 2 | K80: =IF(J80<0,"ATENÇÃO","OK") -> OK
C81: 8 | D81: ESCADA DE CIRCUITO, DE NYLON, Escada de circuito, | F81: PISTA E CAMPO | H81: 190 | I81: 7 | J81: =I81-(L81+M81+N81+O81+P81+Q81+R81+S81+T81+U81+V81) -> 7 | K81: =IF(J81<0,"ATENÇÃO","OK") -> OK
C82: 9 | D82: JOGO, DE TACO, Kit com 2(dois) | F82: MARE | H82: 35 | I82: 3 | J82: =I82-(L82+M82+N82+O82+P82+Q82+R82+S82+T82+U82+V82) -> 3 | K82: =IF(J82<0,"ATENÇÃO","OK") -> OK
C83: 10 | D83: LUVA DE GOLEIRO (DIVERSAS), | F83: STADIUM | H83: 50 | I83: 10 | J83: =I83-(L83+M83+N83+O83+P83+Q83+R83+S83+T83+U83+V83) -> 10 | K83: =IF(J83<0,"ATENÇÃO","OK") -> OK
C84: 11 | D84: DESPORTIVAS, CRONOMETRO( | F84: VOLLO | H84: 30 | I84: 7 | J84: =I84-(L84+M84+N84+O84+P84+Q84+R84+S84+T84+U84+V84) -> 7 | K84: =IF(J84<0,"ATENÇÃO","OK") -> OK
C85: 12 | D85: GRAMA SINTETICA ESPECIAL | F85: SPORT GRESS | H85: 150 | I85: 2 | J85: =I85-(L85+M85+N85+O85+P85+Q85+R85+S85+T85+U85+V85) -> 2 | K85: =IF(J85<0,"ATENÇÃO","OK") -> OK
C86: 13 | D86: KIT DE ARGOLAS PARA TREINO | F86: PISTA E CAMPO | H86: 100 | I86: 3 | J86: =I86-(L86+M86+N86+O86+P86+Q86+R86+S86+T86+U86+V86) -> 3 | K86: =IF(J86<0,"ATENÇÃO","OK") -> OK
... C91: 18 | D91: SACO PARA CARREGAR/TRANSPORTAR MATERIAL ESPORTIVO, | F91: REDESPORT | H91: 20 | I91: 8 | J91: =I91-(L91+M91+N91+O91+P91+Q91+R91+S91+T91+U91+V91) -> 8 | K91: =IF(J91<0,"ATENÇÃO","OK") -> OK
A92: ADBX | B92: 6 | C92: 1 | D92: CONE PLASTICO, MEDINDO 25 CM, | F92: CEMAR | H92: 20 | I92: 7 | J92: =I92-(L92+M92+N92+O92+P92+Q92+R92+S92+T92+U92+V92) -> 7 | K92: =IF(J92<0,"ATENÇÃO","OK") -> OK
C93: 2 | D93: CONE PLASTICO, MEDINDO 30CM, | F93: CEMAR | H93: 30 | I93: 5 | J93: =I93-(L93+M93+N93+O93+P93+Q93+R93+S93+T93+U93+V93) -> 5 | K93: =IF(J93<0,"ATENÇÃO","OK") -> OK
C94: 3 | D94: CONE PLASTICO, MEDINDO 50 CM, | F94: CEMAR | H94: 15 | I94: 15 | J94: =I94-(L94+M94+N94+O94+P94+Q94+R94+S94+T94+U94+V94) -> 15 | K94: =IF(J94<0,"ATENÇÃO","OK") -> OK
C95: 4 | D95: MINICONES PARA TREINAMENTO DE AGILIDADE, | F95: CEMAR | H95: 128.5 | I95: 5 | J95: =I95-(L95+M95+N95+O95+P95+Q95+R95+S95+T95+U95+V95) -> 5 | K95: =IF(J95<0,"ATENÇÃO","OK") -> OK
A96: ADBX | B96: 7 | C96: 1 | D96: COLCHONETE, PARA EDUCACAO FISICA, | F96: KNOCKOUT | H96: 50 | I96: 11 | J96: =I96-(L96+M96+N96+O96+P96+Q96+R96+S96+T96+U96+V96) -> 11 | K96: =IF(J96<0,"ATENÇÃO","OK") -> OK
C97: 2 | D97: COLCHONETE, PARA EDUCACAO FISICA, | F97: KNOCKOUT | H97: 43 | I97: 13 | J97: =I97-(L97+M97+N97+O97+P97+Q97+R97+S97+T97+U97+V97) -> 13 | K97: =IF(J97<0,"ATENÇÃO","OK") -> OK
C98: 3 | D98: TATAME, DE ENCAIXE EM E.V.A., | F98: HAITI | H98: 60.25 | I98: 4 | J98: =I98-(L98+M98+N98+O98+P98+Q98+R98+S98+T98+U98+V98) -> 4 | K98: =IF(J98<0,"ATENÇÃO","OK") -> OK
A99: ADBX | B99: 8 | C99: 1 | D99: JOGO DE TABULEIRO, DE XADREZ, | F99: JAEHRING | H99: 50 | J99: =I99-(L99+M99+N99+O99+P99+Q99+R99+S99+T99+U99+V99) -> 0 | K99: =IF(J99<0,"ATENÇÃO","OK") -> OK
C100: 2 | D100: JOGO DE TABULEIRO, DE XADREZ, | F100: JAEHRING | H100: 10.08 | J100: =I100-(L100+M100+N100+O100+P100+Q100+R100+S100+T100+U100+V100) -> 0 | K100: =IF(J100<0,"ATENÇÃO","OK") -> OK
C101: 3 | D101: RELOGIO DUPLO, PARA XADREZ, | F101: JAEHRING | H101: 98 | J101: =I101-(L101+M101+N101+O101+P101+Q101+R101+S101+T101+U101+V101) -> 0 | K101: =IF(J101<0,"ATENÇÃO","OK") -> OK
A102: ADBX | B102: 9 | C102: 1 | D102: KIMONO BRANCO PARA PRATICA A1 | F102: TORAH | H102: 220.2 | I102: 2 | J102: =I102-(L102+M102+N102+O102+P102+Q102+R102+S102+T102+U102+V102) -> 2 | K102: =IF(J102<0,"ATENÇÃO","OK") -> OK
C103: 2 | D103: KIMONO BRANCO PARA PRATICA A2 | F103: TORAH | H103: 223 | I103: 3 | J103: =I103-(L103+M103+N103+O103+P103+Q103+R103+S103+T103+U103+V103) -> 3 | K103: =IF(J103<0,"ATENÇÃO","OK") -> OK
C104: 3 | D104: KIMONO BRANCO PARA PRATICA A3 | F104: TORAH | H104: 223 | I104: 4 | J104: =I104-(L104+M104+N104+O104+P104+Q104+R104+S104+T104+U104+V104) -> 4 | K104: =IF(J104<0,"ATENÇÃO","OK") -> OK
...

Sheet CEART
A1: PROCESSO: 1068/2015/UDESC | D1: OBJETO: AQUISIÇÃO DE MATERIAL ESPORTIVO E DE FISIOTERAPIA PARA A UDESC | I1: VIGÊNCIA DA ATA: 27/11/2015 até 26/11/2016 | L1: AF/OS nº xxxx/2015 Qtde. DT | M1: AF/OS nº xxxx/2015 Qtde. DT | N1: AF/OS nº xxxx/2015 Qtde. DT | O1: AF/OS nº xxxx/2015 Qtde. DT | P1: AF/OS nº xxxx/2015 Qtde. DT | Q1: AF/OS nº xxxx/2015 Qtde. DT | R1: AF/OS nº xxxx/2015 Qtde. DT | S1: AF/OS nº xxxx/2015 Qtde. DT | T1: AF/OS nº xxxx/2015 Qtde. DT | U1: AF/OS nº xxxx/2015 Qtde. DT | V1: AF/OS nº xxxx/2015 Qtde. DT | W1: AF/OS nº xxxx/2015 Qtde. DT
A2: CENTRO PARTICIPANTE: CEART
A3: FORNECEDOR | B3: LOTE | C3: ITEM | D3: PRODUTO - CARACTERÍSTICAS MÍNIMAS | E3: UNIDADE | F3: MARCA | G3: DETALHAMENTO | H3: Preço UNITÁRIO (R$) | I3: Qtde Registrada | J3: Saldo / Automático | K3: ALERTA | L3: ...../...../...... | M3: ...../...../...... | N3: ...../...../...... | O3: ...../...../...... | P3: ...../...../...... | Q3: ...../...../...... | R3: ...../...../...... | S3: ...../...../...... | T3: ...../...../...... | U3: ...../...../...... | V3: ...../...../...... | W3: ...../...../......
A4: ADBX | B4: 1 | C4: 1 | D4: BOLA DE BORRACHA, DE FRESCOBOL, | E4: UNIDADE | F4: MARE N3 | H4: 3 | J4: =I4-(L4+M4+N4+O4+P4+Q4+R4+S4+T4+U4+V4+W4) -> 0 | K4: =IF(J4<0,"ATENÇÃO","OK") -> OK
C5: 2 | D5: BOLA DE BORRACHA, DE INICIACAO ESPORTIVA N12, | F5: LCM N12 | H5: 10 | J5: =I5-(L5+M5+N5+O5+P5+Q5+R5+S5+T5+U5+V5+W5) -> 0 | K5: =IF(J5<0,"ATENÇÃO","OK") -> OK
C6: 3 | D6: BOLA DE BORRACHA, DE INICIACAO ESPORTIVA N14, | F6: LCM N14 | H6: 12 | J6: =I6-(L6+M6+N6+O6+P6+Q6+R6+S6+T6+U6+V6+W6) -> 0 | K6: =IF(J6<0,"ATENÇÃO","OK") -> OK
C7: 4 | D7: BOLA DE BORRACHA, DE SOFTBOL, | F7: LCM N3 SOFTBOL | H7: 18 | J7: =I7-(L7+M7+N7+O7+P7+Q7+R7+S7+T7+U7+V7+W7) -> 0 | K7: =IF(J7<0,"ATENÇÃO","OK") -> OK
C8: 5 | D8: BOLA DE BORRACHA, LATEX, S/COSTURA, | F8: PENALTY 1KG | H8: 60 | J8: =I8-(L8+M8+N8+O8+P8+Q8+R8+S8+T8+U8+V8+W8) -> 0 | K8: =IF(J8<0,"ATENÇÃO","OK") -> OK
C9: 6 | D9: BOLA DE BORRACHA, PARA USO FITOTERAPICO | F9: MAGUSSY 6KG | H9: 150 | J9: =I9-(L9+M9+N9+O9+P9+Q9+R9+S9+T9+U9+V9+W9) -> 0 | K9: =IF(J9<0,"ATENÇÃO","OK") -> OK
C10: 7 | D10: BOLA DE TENIS DE CAMPO, (QUADRA),OFICIAL, | F10: WILSON CHAPIONSHIP | H10: 27 | J10: =I10-(L10+M10+N10+O10+P10+Q10+R10+S10+T10+U10+V10+W10) -> 0 | K10: =IF(J10<0,"ATENÇÃO","OK") -> OK
C11: 8 | D11: BOLA MEDICINE BALL DE 2 KG., | F11: PENALTY | H11: 14 | J11: =I11-(L11+M11+N11+O11+P11+Q11+R11+S11+T11+U11+V11+W11) -> 0 | K11: =IF(J11<0,"ATENÇÃO","OK") -> OK
C12: 9 | D12: BOLA MEDICINE BALL DE 3 KG, | F12: ONEAL 3KG | H12: 180 | J12: =I12-(L12+M12+N12+O12+P12+Q12+R12+S12+T12+U12+V12+W12) -> 0 | K12: =IF(J12<0,"ATENÇÃO","OK") -> OK
C13: 10 | D13: BOLA MEDICINE BALL DE 3 KG, | F13: PENALTY 3KG | H13: 100 | J13: =I13-(L13+M13+N13+O13+P13+Q13+R13+S13+T13+U13+V13+W13) -> 0 | K13: =IF(J13<0,"ATENÇÃO","OK") -> OK
C14: 11 | D14: BOLA P/FUTEBOL DE CAMPO, BRASIL, | F14: PENALTY PRO BRASIL R2 | H14: 130 | I14: 10 | J14: =I14-(L14+M14+N14+O14+P14+Q14+R14+S14+T14+U14+V14+W14) -> 10 | K14: =IF(J14<0,"ATENÇÃO","OK") -> OK
C15: 12 | D15: BOLA PARA BASQUETEBOL, | F15: PENALTY PRO 6.5 | H15: 150 | I15: 7 | J15: =I15-(L15+M15+N15+O15+P15+Q15+R15+S15+T15+U15+V15+W15) -> 7 | K15: =IF(J15<0,"ATENÇÃO","OK") -> OK
C16: 13 | D16: BOLA PARA BASQUETEBOL, BASQUETE 7.4, | F16: PENALTY PRO 7.5 | H16: 160 | J16: =I16-(L16+M16+N16+O16+P16+Q16+R16+S16+T16+U16+V16+W16) -> 0 | K16: =IF(J16<0,"ATENÇÃO","OK") -> OK
C17: 14 | D17: BOLA PARA BASQUETEBOL, CATEGORIA MIRIM, | F17: PENALTY PRO 5.7 | H17: 133.75 | J17: =I17-(L17+M17+N17+O17+P17+Q17+R17+S17+T17+U17+V17+W17) -> 0 | K17: =IF(J17<0,"ATENÇÃO","OK") -> OK
C18: 15 | D18: BOLA PARA FUTEBOL DE SALAO, | F18: KAGIVA AD OF | H18: 70 | I18: 10 | J18: =I18-(L18+M18+N18+O18+P18+Q18+R18+S18+T18+U18+V18+W18) -> 10 | K18: =IF(J18<0,"ATENÇÃO","OK") -> OK
C19: 16 | D19: BOLA PARA FUTEBOL DE SALAO, CATEGORIA INFANTIL, | F19: PENALTY MAX 200 | H19: 100 | J19: =I19-(L19+M19+N19+O19+P19+Q19+R19+S19+T19+U19+V19+W19) -> 0 | K19: =IF(J19<0,"ATENÇÃO","OK") -> OK
C20: 17 | D20: BOLA PARA FUTEBOL DE SALAO, DE COURO, | F20: PENALTY MAX 100 | H20: 150 | J20: =I20-(L20+M20+N20+O20+P20+Q20+R20+S20+T20+U20+V20+W20) -> 0 | K20: =IF(J20<0,"ATENÇÃO","OK") -> OK
C21: 18 | D21: BOLA PARA HANDEBOL, CATEGORIA ADULTO, | F21: PENALTY H2L | H21: 120 | J21: =I21-(L21+M21+N21+O21+P21+Q21+R21+S21+T21+U21+V21+W21) -> 0 | K21: =IF(J21<0,"ATENÇÃO","OK") -> OK
C22: 19 | D22: BOLA PARA HANDEBOL, CATEGORIA H1L, | F22: PENALTY H2L PVC | H22: 58 | I22: 10 | J22: =I22-(L22+M22+N22+O22+P22+Q22+R22+S22+T22+U22+V22+W22) -> 10 | K22: =IF(J22<0,"ATENÇÃO","OK") -> OK
C23: 20 | D23: BOLA PARA HANDEBOL, CATEGORIA H2L, | F23: PENALTY H2L PVC | H23: 64.98 | J23: =I23-(L23+M23+N23+O23+P23+Q23+R23+S23+T23+U23+V23+W23) -> 0 | K23: =IF(J23<0,"ATENÇÃO","OK") -> OK
C24: 21 | D24: BOLA PARA HANDEBOL, MASCULINO,CATEGORIA H3L, | F24: PENALTY H3L | H24: 120 | J24: =I24-(L24+M24+N24+O24+P24+Q24+R24+S24+T24+U24+V24+W24) -> 0 | K24: =IF(J24<0,"ATENÇÃO","OK") -> OK
C25: 22 | D25: BOLA PARA PRATICA DE ESPORTE POR DEFICIENTES, | F25: TARGE GOALBALL OF | H25: 96 | J25: =I25-(L25+M25+N25+O25+P25+Q25+R25+S25+T25+U25+V25+W25) -> 0 | K25: =IF(J25<0,"ATENÇÃO","OK") -> OK
C26: 23 | D26: BOLA PARA TENIS DE MESA, MODELO OFICIAL, | F26: YACHIMA OF 40MM | H26: 3 | J26: =I26-(L26+M26+N26+O26+P26+Q26+R26+S26+T26+U26+V26+W26) -> 0 | K26: =IF(J26<0,"ATENÇÃO","OK") -> OK
C27: 24 | D27: BOLA PARA VOLEI DE PRAIA, MODELO OFICIAL, | F27: PENALTY BEACH TRN | H27: 110 | J27: =I27-(L27+M27+N27+O27+P27+Q27+R27+S27+T27+U27+V27+W27) -> 0 | K27: =IF(J27<0,"ATENÇÃO","OK") -> OK
C28: 25 | D28: BOLA PARA VOLEIBOL, EM MATERIAL SINTETICO, | F28: PENALTY PRO 6.0 | H28: 148 | I28: 10 | J28: =I28-(L28+M28+N28+O28+P28+Q28+R28+S28+T28+U28+V28+W28) -> 10 | K28: =IF(J28<0,"ATENÇÃO","OK") -> OK
A29: ZERMIANI | B29: 2 | C29: 1 | D29: BOLA BOBATH, BOLA BOBATH 65 CM, | F29: BIOFIT | H29: 55 | J29: =I29-(L29+M29+N29+O29+P29+Q29+R29+S29+T29+U29+V29+W29) -> 0 | K29: =IF(J29<0,"ATENÇÃO","OK") -> OK
C30: 2 | D30: BOLA BOBATH, BOLA BOBATH 80 CM, | F30: BIOFIT | H30: 55 | J30: =I30-(L30+M30+N30+O30+P30+Q30+R30+S30+T30+U30+V30+W30) -> 0 | K30: =IF(J30<0,"ATENÇÃO","OK") -> OK
C31: 3 | D31: BOLA BOBATH, BOLA BOBATH, | F31: BIOFIT | H31: 50 | J31: =I31-(L31+M31+N31+O31+P31+Q31+R31+S31+T31+U31+V31+W31) -> 0 | K31: =IF(J31<0,"ATENÇÃO","OK") -> OK
C32: 4 | D32: BOLA BOBATH, BOLA BOBATH, PARA EXERCICIOS TERAPEUTICOS | F32: BIOFIT | H32: 50 | J32: =I32-(L32+M32+N32+O32+P32+Q32+R32+S32+T32+U32+V32+W32) -> 0 | K32: =IF(J32<0,"ATENÇÃO","OK") -> OK
C33: 5 | D33: BOLA BOBATH, BOLA BOBATH, | F33: BIOFIT | H33: 75 | J33: =I33-(L33+M33+N33+O33+P33+Q33+R33+S33+T33+U33+V33+W33) -> 0 | K33: =IF(J33<0,"ATENÇÃO","OK") -> OK
C34: 6 | D34: BOLA BOBATH, BOLA BOBATH, | F34: BIOFIT | H34: 60 | J34: =I34-(L34+M34+N34+O34+P34+Q34+R34+S34+T34+U34+V34+W34) -> 0 | K34: =IF(J34<0,"ATENÇÃO","OK") -> OK
C35: 7 | D35: BOLA BOBATH, BOLA BOBATH, | F35: BIOFIT | H35: 39 | J35: =I35-(L35+M35+N35+O35+P35+Q35+R35+S35+T35+U35+V35+W35) -> 0 | K35: =IF(J35<0,"ATENÇÃO","OK") -> OK
C36: 8 | D36: BOLA DE BORRACHA, PARA EXERCICIO FUNCIONAL, OVER BALL | F36: UP LIFT | H36: 25 | J36: =I36-(L36+M36+N36+O36+P36+Q36+R36+S36+T36+U36+V36+W36) -> 0 | K36: =IF(J36<0,"ATENÇÃO","OK") -> OK
C37: 9 | D37: BOLA, PARA BODY BALANCE DOME, | F37: BIOFIT | H37: 250 | J37: =I37-(L37+M37+N37+O37+P37+Q37+R37+S37+T37+U37+V37+W37) -> 0 | K37: =IF(J37<0,"ATENÇÃO","OK") -> OK
C38: 10 | D38: BOLA, PARA BODY BALANCE DOME, | F38: BIOFIT | H38: 290 | J38: =I38-(L38+M38+N38+O38+P38+Q38+R38+S38+T38+U38+V38+W38) -> 0 | K38: =IF(J38<0,"ATENÇÃO","OK") -> OK
C39: 11 | D39: BOLA, PARA EXERCICIOS FISICOS, 26 CM DE DIAMETRO, | F39: UP LIFT | H39: 21.5 | J39: =I39-(L39+M39+N39+O39+P39+Q39+R39+S39+T39+U39+V39+W39) -> 0 | K39: =IF(J39<0,"ATENÇÃO","OK") -> OK
C40: 12 | D40: DISCO DE BORRACHA, DISCO ESPORTIVO DE EQUILIBRIO, | F40: BIOFIT | H40: 50 | J40: =I40-(L40+M40+N40+O40+P40+Q40+R40+S40+T40+U40+V40+W40) -> 0 | K40: =IF(J40<0,"ATENÇÃO","OK") -> OK
C41: 13 | D41: DISCO DE BORRACHA, DISCO ESPORTIVO DE EQUILIBRIO, | F41: BIOFIT | H41: 55 | J41: =I41-(L41+M41+N41+O41+P41+Q41+R41+S41+T41+U41+V41+W41) -> 0 | K41: =IF(J41<0,"ATENÇÃO","OK") -> OK
... C47: 19 | D47: PECAS E COMPONENTES, STEP CONFECCIONADO EM MATERIAL | F47: PANGUE | H47: 70 | J47: =I47-(L47+M47+N47+O47+P47+Q47+R47+S47+T47+U47+V47+W47) -> 0 | K47: =IF(J47<0,"ATENÇÃO","OK") -> OK
B48: 3 | C48: 1 | D48: INFRUTÍFERO | J48: =I48-(L48+M48+N48+O48+P48+Q48+R48+S48+T48+U48+V48+W48) -> 0 | K48: =IF(J48<0,"ATENÇÃO","OK") -> OK
C49: 2 | D49: INFRUTÍFERO | J49: =I49-(L49+M49+N49+O49+P49+Q49+R49+S49+T49+U49+V49+W49) -> 0 | K49: =IF(J49<0,"ATENÇÃO","OK") -> OK
C50: 3 | D50: INFRUTÍFERO | J50: =I50-(L50+M50+N50+O50+P50+Q50+R50+S50+T50+U50+V50+W50) -> 0 | K50: =IF(J50<0,"ATENÇÃO","OK") -> OK
C51: 4 | D51: INFRUTÍFERO | J51: =I51-(L51+M51+N51+O51+P51+Q51+R51+S51+T51+U51+V51+W51) -> 0 | K51: =IF(J51<0,"ATENÇÃO","OK") -> OK
C52: 5 | D52: INFRUTÍFERO | J52: =I52-(L52+M52+N52+O52+P52+Q52+R52+S52+T52+U52+V52+W52) -> 0 | K52: =IF(J52<0,"ATENÇÃO","OK") -> OK
C53: 6 | D53: INFRUTÍFERO | J53: =I53-(L53+M53+N53+O53+P53+Q53+R53+S53+T53+U53+V53+W53) -> 0 | K53: =IF(J53<0,"ATENÇÃO","OK") -> OK
C54: 7 | D54: INFRUTÍFERO | J54: =I54-(L54+M54+N54+O54+P54+Q54+R54+S54+T54+U54+V54+W54) -> 0 | K54: =IF(J54<0,"ATENÇÃO","OK") -> OK
C55: 8 | D55: INFRUTÍFERO | J55: =I55-(L55+M55+N55+O55+P55+Q55+R55+S55+T55+U55+V55+W55) -> 0 | K55: =IF(J55<0,"ATENÇÃO","OK") -> OK
C56: 9 | D56: INFRUTÍFERO | J56: =I56-(L56+M56+N56+O56+P56+Q56+R56+S56+T56+U56+V56+W56) -> 0 | K56: =IF(J56<0,"ATENÇÃO","OK") -> OK
C57: 10 | D57: INFRUTÍFERO | J57: =I57-(L57+M57+N57+O57+P57+Q57+R57+S57+T57+U57+V57+W57) -> 0 | K57: =IF(J57<0,"ATENÇÃO","OK") -> OK
C58: 11 | D58: INFRUTÍFERO | J58: =I58-(L58+M58+N58+O58+P58+Q58+R58+S58+T58+U58+V58+W58) -> 0 | K58: =IF(J58<0,"ATENÇÃO","OK") -> OK
C59: 12 | D59: INFRUTÍFERO | J59: =I59-(L59+M59+N59+O59+P59+Q59+R59+S59+T59+U59+V59+W59) -> 0 | K59: =IF(J59<0,"ATENÇÃO","OK") -> OK
C60: 13 | D60: INFRUTÍFERO | J60: =I60-(L60+M60+N60+O60+P60+Q60+R60+S60+T60+U60+V60+W60) -> 0 | K60: =IF(J60<0,"ATENÇÃO","OK") -> OK
C61: 14 | D61: INFRUTÍFERO | J61: =I61-(L61+M61+N61+O61+P61+Q61+R61+S61+T61+U61+V61+W61) -> 0 | K61: =IF(J61<0,"ATENÇÃO","OK") -> OK
A62: ADBX | B62: 4 | C62: 1 | D62: CINTO PARA PRATICA ESPORTIVA, CINTO DE MUSCULA | F62: PRO ACTION | H62: 60 | J62: =I62-(L62+M62+N62+O62+P62+Q62+R62+S62+T62+U62+V62+W62) -> 0 | K62: =IF(J62<0,"ATENÇÃO","OK") -> OK
C63: 2 | D63: CINTO PARA PRATICA ESPORTIVA, CINTO DE TRA«ŸO DUPLO | F63: KNOCKOUT | H63: 150 | J63: =I63-(L63+M63+N63+O63+P63+Q63+R63+S63+T63+U63+V63+W63) -> 0 | K63: =IF(J63<0,"ATENÇÃO","OK") -> OK
C64: 3 | D64: LONA DE ESTEIRA, | F64: POLIMET | H64: 280 | J64: =I64-(L64+M64+N64+O64+P64+Q64+R64+S64+T64+U64+V64+W64) -> 0 | K64: =IF(J64<0,"ATENÇÃO","OK") -> OK
C65: 4 | D65: PLATAFORMA DESLIZANTE | F65: PISTA E CAMPO | H65: 230 | J65: =I65-(L65+M65+N65+O65+P65+Q65+R65+S65+T65+U65+V65+W65) -> 0 | K65: =IF(J65<0,"ATENÇÃO","OK") -> OK
C66: 5 | D66: RODA DE EXERCICIOS PARA | F66: PISTA E CAMPO | H66: 50 | J66: =I66-(L66+M66+N66+O66+P66+Q66+R66+S66+T66+U66+V66+W66) -> 0 | K66: =IF(J66<0,"ATENÇÃO","OK") -> OK
C67: 6 | D67: RODA MULTIFUNCIONAL | F67: VOLLO | H67: 230 | J67: =I67-(L67+M67+N67+O67+P67+Q67+R67+S67+T67+U67+V67+W67) -> 0 | K67: =IF(J67<0,"ATENÇÃO","OK") -> OK
C68: 7 | D68: STICK RIGIDO PARA | F68: FITNES | H68: 70 | J68: =I68-(L68+M68+N68+O68+P68+Q68+R68+S68+T68+U68+V68+W68) -> 0 | K68: =IF(J68<0,"ATENÇÃO","OK") -> OK
C69: 8 | D69: CANELEIRA EM NYLON, 1KG, | F69: NEOFIT | H69: 20 | J69: =I69-(L69+M69+N69+O69+P69+Q69+R69+S69+T69+U69+V69+W69) -> 0 | K69: =IF(J69<0,"ATENÇÃO","OK") -> OK
C70: 9 | D70: CANELEIRA EM NYLON, 2KG, | F70: NEOFIT | H70: 30 | J70: =I70-(L70+M70+N70+O70+P70+Q70+R70+S70+T70+U70+V70+W70) -> 0 | K70: =IF(J70<0,"ATENÇÃO","OK") -> OK
C71: 10 | D71: CANELEIRA EM NYLON, 3KG, | F71: NEOFIT | H71: 35 | J71: =I71-(L71+M71+N71+O71+P71+Q71+R71+S71+T71+U71+V71+W71) -> 0 | K71: =IF(J71<0,"ATENÇÃO","OK") -> OK
C72: 11 | D72: CANELEIRA EM NYLON, 4KG, | F72: NEOFIT | H72: 40 | J72: =I72-(L72+M72+N72+O72+P72+Q72+R72+S72+T72+U72+V72+W72) -> 0 | K72: =IF(J72<0,"ATENÇÃO","OK") -> OK
C73: 12 | D73: CANELEIRA EM NYLON, 5KG, | F73: NEOFIT | H73: 50 | J73: =I73-(L73+M73+N73+O73+P73+Q73+R73+S73+T73+U73+V73+W73) -> 0 | K73: =IF(J73<0,"ATENÇÃO","OK") -> OK
A74: ADBX | B74: 5 | C74: 1 | D74: MINI SKATE PARA USO EM REABILITACAO, | F74: HYPER WHEEIS | H74: 220 | J74: =I74-(L74+M74+N74+O74+P74+Q74+R74+S74+T74+U74+V74+W74) -> 0 | K74: =IF(J74<0,"ATENÇÃO","OK") -> OK
C75: 2 | D75: ARCO PLASTICO TIPO BAMBOLE, | F75: CEMAR | H75: 50 | J75: =I75-(L75+M75+N75+O75+P75+Q75+R75+S75+T75+U75+V75+W75) -> 0 | K75: =IF(J75<0,"ATENÇÃO","OK") -> OK
C76: 3 | D76: Kit para Piscina de bolinhas, coloridas, | F76: JOTT PLAY | H76: 90 | J76: =I76-(L76+M76+N76+O76+P76+Q76+R76+S76+T76+U76+V76+W76) -> 0 | K76: =IF(J76<0,"ATENÇÃO","OK") -> OK
C77: 4 | D77: BOMBA PARA ENCHER BOLA, COM BICO DE METAL, | F77: PENALTY | H77: 20 | J77: =I77-(L77+M77+N77+O77+P77+Q77+R77+S77+T77+U77+V77+W77) -> 0 | K77: =IF(J77<0,"ATENÇÃO","OK") -> OK
C78: 5 | D78: CORDA PARA PULAR, COM CABO DE MADEIRA NAS PONTAS, | F78: PULA CORDA | H78: 25 | J78: =I78-(L78+M78+N78+O78+P78+Q78+R78+S78+T78+U78+V78+W78) -> 0 | K78: =IF(J78<0,"ATENÇÃO","OK") -> OK
C79: 6 | D79: CORDA PARA PULAR, COM CABO DE MADEIRA NAS PONTAS, | F79: PULA CORDA | H79: 10 | J79: =I79-(L79+M79+N79+O79+P79+Q79+R79+S79+T79+U79+V79+W79) -> 0 | K79: =IF(J79<0,"ATENÇÃO","OK") -> OK
C80: 7 | D80: Frisbee Disco Voador para jogo Ultimate. | F80: MARE | H80: 25 | I80: 2 | J80: =I80-(L80+M80+N80+O80+P80+Q80+R80+S80+T80+U80+V80+W80) -> 2 | K80: =IF(J80<0,"ATENÇÃO","OK") -> OK
C81: 8 | D81: ESCADA DE CIRCUITO, DE NYLON, Escada de circuito, | F81: PISTA E CAMPO | H81: 190 | J81: =I81-(L81+M81+N81+O81+P81+Q81+R81+S81+T81+U81+V81+W81) -> 0 | K81: =IF(J81<0,"ATENÇÃO","OK") -> OK
C82: 9 | D82: JOGO, DE TACO, Kit com 2(dois) | F82: MARE | H82: 35 | J82: =I82-(L82+M82+N82+O82+P82+Q82+R82+S82+T82+U82+V82+W82) -> 0 | K82: =IF(J82<0,"ATENÇÃO","OK") -> OK
C83: 10 | D83: LUVA DE GOLEIRO (DIVERSAS), | F83: STADIUM | H83: 50 | J83: =I83-(L83+M83+N83+O83+P83+Q83+R83+S83+T83+U83+V83+W83) -> 0 | K83: =IF(J83<0,"ATENÇÃO","OK") -> OK
C84: 11 | D84: DESPORTIVAS, CRONOMETRO( | F84: VOLLO | H84: 30 | J84: =I84-(L84+M84+N84+O84+P84+Q84+R84+S84+T84+U84+V84+W84) -> 0 | K84: =IF(J84<0,"ATENÇÃO","OK") -> OK
C85: 12 | D85: GRAMA SINTETICA ESPECIAL | F85: SPORT GRESS | H85: 150 | J85: =I85-(L85+M85+N85+O85+P85+Q85+R85+S85+T85+U85+V85+W85) -> 0 | K85: =IF(J85<0,"ATENÇÃO","OK") -> OK
C86: 13 | D86: KIT DE ARGOLAS PARA TREINO | F86: PISTA E CAMPO | H86: 100 | J86: =I86-(L86+M86+N86+O86+P86+Q86+R86+S86+T86+U86+V86+W86) -> 0 | K86: =IF(J86<0,"ATENÇÃO","OK") -> OK
C87: 14 | D87: Petecas com penas de nylon amarelo e base em cortiça. | F87: VOLLO | H87: 50 | I87: 2 | J87: =I87-(L87+M87+N87+O87+P87+Q87+R87+S87+T87+U87+V87+W87) -> 2 | K87: =IF(J87<0,"ATENÇÃO","OK") -> OK
C88: 15 | D88: RAQUETE DE TENIS DE MESA (PING PONG), | F88: KLOPF | H88: 40 | J88: =I88-(L88+M88+N88+O88+P88+Q88+R88+S88+T88+U88+V88+W88) -> 0 | K88: =IF(J88<0,"ATENÇÃO","OK") -> OK
C89: 16 | D89: REDE PARA FUTEBOL DE CAMPO, | F89: REDESPORT | H89: 300 | J89: =I89-(L89+M89+N89+O89+P89+Q89+R89+S89+T89+U89+V89+W89) -> 0 | K89: =IF(J89<0,"ATENÇÃO","OK") -> OK
C90: 17 | D90: REDE PARA TENIS DE MESA (PING PONG), | F90: KLOPF | H90: 40 | J90: =I90-(L90+M90+N90+O90+P90+Q90+R90+S90+T90+U90+V90+W90) -> 0 | K90: =IF(J90<0,"ATENÇÃO","OK") -> OK
C91: 18 | D91: SACO PARA CARREGAR/TRANSPORTAR MATERIAL ESPORTIVO, | F91: REDESPORT | H91: 20 | J91: =I91-(L91+M91+N91+O91+P91+Q91+R91+S91+T91+U91+V91+W91) -> 0 | K91: =IF(J91<0,"ATENÇÃO","OK") -> OK
A92: ADBX | B92: 6 | C92: 1 | D92: CONE PLASTICO, MEDINDO 25 CM, | F92: CEMAR | H92: 20 | J92: =I92-(L92+M92+N92+O92+P92+Q92+R92+S92+T92+U92+V92+W92) -> 0 | K92: =IF(J92<0,"ATENÇÃO","OK") -> OK
C93: 2 | D93: CONE PLASTICO, MEDINDO 30CM, | F93: CEMAR | H93: 30 | J93: =I93-(L93+M93+N93+O93+P93+Q93+R93+S93+T93+U93+V93+W93) -> 0 | K93: =IF(J93<0,"ATENÇÃO","OK") -> OK
C94: 3 | D94: CONE PLASTICO, MEDINDO 50 CM, | F94: CEMAR | H94: 15 | J94: =I94-(L94+M94+N94+O94+P94+Q94+R94+S94+T94+U94+V94+W94) -> 0 | K94: =IF(J94<0,"ATENÇÃO","OK") -> OK
C95: 4 | D95: MINICONES PARA TREINAMENTO DE AGILIDADE, | F95: CEMAR | H95: 128.5 | J95: =I95-(L95+M95+N95+O95+P95+Q95+R95+S95+T95+U95+V95+W95) -> 0 | K95: =IF(J95<0,"ATENÇÃO","OK") -> OK
A96: ADBX | B96: 7 | C96: 1 | D96: COLCHONETE, PARA EDUCACAO FISICA, | F96: KNOCKOUT | H96: 50 | J96: =I96-(L96+M96+N96+O96+P96+Q96+R96+S96+T96+U96+V96+W96) -> 0 | K96: =IF(J96<0,"ATENÇÃO","OK") -> OK
C97: 2 | D97: COLCHONETE, PARA EDUCACAO FISICA, | F97: KNOCKOUT | H97: 43 | J97: =I97-(L97+M97+N97+O97+P97+Q97+R97+S97+T97+U97+V97+W97) -> 0 | K97: =IF(J97<0,"ATENÇÃO","OK") -> OK
C98: 3 | D98: TATAME, DE ENCAIXE EM E.V.A., | F98: HAITI | H98: 60.25 | J98: =I98-(L98+M98+N98+O98+P98+Q98+R98+S98+T98+U98+V98+W98) -> 0 | K98: =IF(J98<0,"ATENÇÃO","OK") -> OK
A99: ADBX | B99: 8 | C99: 1 | D99: JOGO DE TABULEIRO, DE XADREZ, | F99: JAEHRING | H99: 50 | J99: =I99-(L99+M99+N99+O99+P99+Q99+R99+S99+T99+U99+V99+W99) -> 0 | K99: =IF(J99<0,"ATENÇÃO","OK") -> OK
C100: 2 | D100: JOGO DE TABULEIRO, DE XADREZ, | F100: JAEHRING | H100: 10.08 | J100: =I100-(L100+M100+N100+O100+P100+Q100+R100+S100+T100+U100+V100+W100) -> 0 | K100: =IF(J100<0,"ATENÇÃO","OK") -> OK
C101: 3 | D101: RELOGIO DUPLO, PARA XADREZ, | F101: JAEHRING | H101: 98 | J101: =I101-(L101+M101+N101+O101+P101+Q101+R101+S101+T101+U101+V101+W101) -> 0 | K101: =IF(J101<0,"ATENÇÃO","OK") -> OK
A102: ADBX | B102: 9 | C102: 1 | D102: KIMONO BRANCO PARA PRATICA A1 | F102: TORAH | H102: 220.2 | J102: =I102-(L102+M102+N102+O102+P102+Q102+R102+S102+T102+U102+V102+W102) -> 0 | K102: =IF(J102<0,"ATENÇÃO","OK") -> OK
C103: 2 | D103: KIMONO BRANCO PARA PRATICA A2 | F103: TORAH | H103: 223 | J103: =I103-(L103+M103+N103+O103+P103+Q103+R103+S103+T103+U103+V103+W103) -> 0 | K103: =IF(J103<0,"ATENÇÃO","OK") -> OK
C104: 3 | D104: KIMONO BRANCO PARA PRATICA A3 | F104: TORAH | H104: 223 | J104: =I104-(L104+M104+N104+O104+P104+Q104+R104+S104+T104+U104+V104+W104) -> 0 | K104: =IF(J104<0,"ATENÇÃO","OK") -> OK
A105: JET MED | B105: 10 | C105: 1 | D105: FITA DE SUSPENSAO, PARA PRATICA DESPORTIVA, | F105: PROTETION | H105: 189 | J105: =I105-(L105+M105+N105+O105+P105+Q105+R105+S105+T105+U105+V105+W105) -> 0 | K105: =IF(J105<0,"ATENÇÃO","OK") -> OK
...

Sheet CAV
A1: PROCESSO: 1068/2015/UDESC | D1: OBJETO: AQUISIÇÃO DE MATERIAL ESPORTIVO E DE FISIOTERAPIA PARA A UDESC | I1: VIGÊNCIA DA ATA: 27/11/2015 até 26/11/2016 | L1: AF/OS nº xxxx/2015 Qtde. DT | M1: AF/OS nº xxxx/2015 Qtde. DT | N1: AF/OS nº xxxx/2015 Qtde. DT | O1: AF/OS nº xxxx/2015 Qtde. DT | P1: AF/OS nº xxxx/2015 Qtde. DT | Q1: AF/OS nº xxxx/2015 Qtde. DT | R1: AF/OS nº xxxx/2015 Qtde. DT | S1: AF/OS nº xxxx/2015 Qtde. DT | T1: AF/OS nº xxxx/2015 Qtde. DT | U1: AF/OS nº xxxx/2015 Qtde. DT | V1: AF/OS nº xxxx/2015 Qtde. DT | W1: AF/OS nº xxxx/2015 Qtde. DT
A2: CENTRO PARTICIPANTE: CAV
A3: FORNECEDOR | B3: LOTE | C3: ITEM | D3: PRODUTO - CARACTERÍSTICAS MÍNIMAS | E3: UNIDADE | F3: MARCA | G3: DETALHAMENTO | H3: Preço UNITÁRIO (R$) | I3: Qtde Registrada | J3: Saldo / Automático | K3: ALERTA | L3: ...../...../...... | M3: ...../...../...... | N3: ...../...../...... | O3: ...../...../...... | P3: ...../...../...... | Q3: ...../...../...... | R3: ...../...../...... | S3: ...../...../...... | T3: ...../...../...... | U3: ...../...../...... | V3: ...../...../...... | W3: ...../...../......
A4: ADBX | B4: 1 | C4: 1 | D4: BOLA DE BORRACHA, DE FRESCOBOL, | E4: UNIDADE | F4: MARE N3 | H4: 3 | J4: =I4-(L4+M4+N4+O4+P4+Q4+R4+S4+T4+U4+V4+W4) -> 0 | K4: =IF(J4<0,"ATENÇÃO","OK") -> OK
C5: 2 | D5: BOLA DE BORRACHA, DE INICIACAO ESPORTIVA N12, | F5: LCM N12 | H5: 10 | J5: =I5-(L5+M5+N5+O5+P5+Q5+R5+S5+T5+U5+V5+W5) -> 0 | K5: =IF(J5<0,"ATENÇÃO","OK") -> OK
C6: 3 | D6: BOLA DE BORRACHA, DE INICIACAO ESPORTIVA N14, | F6: LCM N14 | H6: 12 | J6: =I6-(L6+M6+N6+O6+P6+Q6+R6+S6+T6+U6+V6+W6) -> 0 | K6: =IF(J6<0,"ATENÇÃO","OK") -> OK
C7: 4 | D7: BOLA DE BORRACHA, DE SOFTBOL, | F7: LCM N3 SOFTBOL | H7: 18 | J7: =I7-(L7+M7+N7+O7+P7+Q7+R7+S7+T7+U7+V7+W7) -> 0 | K7: =IF(J7<0,"ATENÇÃO","OK") -> OK
C8: 5 | D8: BOLA DE BORRACHA, LATEX, S/COSTURA, | F8: PENALTY 1KG | H8: 60 | J8: =I8-(L8+M8+N8+O8+P8+Q8+R8+S8+T8+U8+V8+W8) -> 0 | K8: =IF(J8<0,"ATENÇÃO","OK") -> OK
C9: 6 | D9: BOLA DE BORRACHA, PARA USO FITOTERAPICO | F9: MAGUSSY 6KG | H9: 150 | J9: =I9-(L9+M9+N9+O9+P9+Q9+R9+S9+T9+U9+V9+W9) -> 0 | K9: =IF(J9<0,"ATENÇÃO","OK") -> OK
C10: 7 | D10: BOLA DE TENIS DE CAMPO, (QUADRA),OFICIAL, | F10: WILSON CHAPIONSHIP | H10: 27 | J10: =I10-(L10+M10+N10+O10+P10+Q10+R10+S10+T10+U10+V10+W10) -> 0 | K10: =IF(J10<0,"ATENÇÃO","OK") -> OK
C11: 8 | D11: BOLA MEDICINE BALL DE 2 KG., | F11: PENALTY | H11: 14 | I11: 10 | J11: =I11-(L11+M11+N11+O11+P11+Q11+R11+S11+T11+U11+V11+W11) -> 10 | K11: =IF(J11<0,"ATENÇÃO","OK") -> OK
C12: 9 | D12: BOLA MEDICINE BALL DE 3 KG, | F12: ONEAL 3KG | H12: 180 | J12: =I12-(L12+M12+N12+O12+P12+Q12+R12+S12+T12+U12+V12+W12) -> 0 | K12: =IF(J12<0,"ATENÇÃO","OK") -> OK
C13: 10 | D13: BOLA MEDICINE BALL DE 3 KG, | F13: PENALTY 3KG | H13: 100 | J13: =I13-(L13+M13+N13+O13+P13+Q13+R13+S13+T13+U13+V13+W13) -> 0 | K13: =IF(J13<0,"ATENÇÃO","OK") -> OK
C14: 11 | D14: BOLA P/FUTEBOL DE CAMPO, BRASIL, | F14: PENALTY PRO BRASIL R2 | H14: 130 | J14: =I14-(L14+M14+N14+O14+P14+Q14+R14+S14+T14+U14+V14+W14) -> 0 | K14: =IF(J14<0,"ATENÇÃO","OK") -> OK
C15: 12 | D15: BOLA PARA BASQUETEBOL, | F15: PENALTY PRO 6.5 | H15: 150 | J15: =I15-(L15+M15+N15+O15+P15+Q15+R15+S15+T15+U15+V15+W15) -> 0 | K15: =IF(J15<0,"ATENÇÃO","OK") -> OK
C16: 13 | D16: BOLA PARA BASQUETEBOL, BASQUETE 7.4, | F16: PENALTY PRO 7.5 | H16: 160 | J16: =I16-(L16+M16+N16+O16+P16+Q16+R16+S16+T16+U16+V16+W16) -> 0 | K16: =IF(J16<0,"ATENÇÃO","OK") -> OK
C17: 14 | D17: BOLA PARA BASQUETEBOL, CATEGORIA MIRIM, | F17: PENALTY PRO 5.7 | H17: 133.75 | J17: =I17-(L17+M17+N17+O17+P17+Q17+R17+S17+T17+U17+V17+W17) -> 0 | K17: =IF(J17<0,"ATENÇÃO","OK") -> OK
C18: 15 | D18: BOLA PARA FUTEBOL DE SALAO, | F18: KAGIVA AD OF | H18: 70 | J18: =I18-(L18+M18+N18+O18+P18+Q18+R18+S18+T18+U18+V18+W18) -> 0 | K18: =IF(J18<0,"ATENÇÃO","OK") -> OK
C19: 16 | D19: BOLA PARA FUTEBOL DE SALAO, CATEGORIA INFANTIL, | F19: PENALTY MAX 200 | H19: 100 | J19: =I19-(L19+M19+N19+O19+P19+Q19+R19+S19+T19+U19+V19+W19) -> 0 | K19: =IF(J19<0,"ATENÇÃO","OK") -> OK
C20: 17 | D20: BOLA PARA FUTEBOL DE SALAO, DE COURO, | F20: PENALTY MAX 100 | H20: 150 | J20: =I20-(L20+M20+N20+O20+P20+Q20+R20+S20+T20+U20+V20+W20) -> 0 | K20: =IF(J20<0,"ATENÇÃO","OK") -> OK
C21: 18 | D21: BOLA PARA HANDEBOL, CATEGORIA ADULTO, | F21: PENALTY H2L | H21: 120 | J21: =I21-(L21+M21+N21+O21+P21+Q21+R21+S21+T21+U21+V21+W21) -> 0 | K21: =IF(J21<0,"ATENÇÃO","OK") -> OK
C22: 19 | D22: BOLA PARA HANDEBOL, CATEGORIA H1L, | F22: PENALTY H2L PVC | H22: 58 | J22: =I22-(L22+M22+N22+O22+P22+Q22+R22+S22+T22+U22+V22+W22) -> 0 | K22: =IF(J22<0,"ATENÇÃO","OK") -> OK
C23: 20 | D23: BOLA PARA HANDEBOL, CATEGORIA H2L, | F23: PENALTY H2L PVC | H23: 64.98 | J23: =I23-(L23+M23+N23+O23+P23+Q23+R23+S23+T23+U23+V23+W23) -> 0 | K23: =IF(J23<0,"ATENÇÃO","OK") -> OK
... C28: 25 | D28: BOLA PARA VOLEIBOL, EM MATERIAL SINTETICO, | F28: PENALTY PRO 6.0 | H28: 148 | J28: =I28-(L28+M28+N28+O28+P28+Q28+R28+S28+T28+U28+V28+W28) -> 0 | K28: =IF(J28<0,"ATENÇÃO","OK") -> OK
A29: ZERMIANI | B29: 2 | C29: 1 | D29: BOLA BOBATH, BOLA BOBATH 65 CM, | F29: BIOFIT | H29: 55 | J29: =I29-(L29+M29+N29+O29+P29+Q29+R29+S29+T29+U29+V29+W29) -> 0 | K29: =IF(J29<0,"ATENÇÃO","OK") -> OK
C30: 2 | D30: BOLA BOBATH, BOLA BOBATH 80 CM, | F30: BIOFIT | H30: 55 | J30: =I30-(L30+M30+N30+O30+P30+Q30+R30+S30+T30+U30+V30+W30) -> 0 | K30: =IF(J30<0,"ATENÇÃO","OK") -> OK
C31: 3 | D31: BOLA BOBATH, BOLA BOBATH, | F31: BIOFIT | H31: 50 | I31: 5 | J31: =I31-(L31+M31+N31+O31+P31+Q31+R31+S31+T31+U31+V31+W31) -> 5 | K31: =IF(J31<0,"ATENÇÃO","OK") -> OK
C32: 4 | D32: BOLA BOBATH, BOLA BOBATH, PARA EXERCICIOS TERAPEUTICOS | F32: BIOFIT | H32: 50 | J32: =I32-(L32+M32+N32+O32+P32+Q32+R32+S32+T32+U32+V32+W32) -> 0 | K32: =IF(J32<0,"ATENÇÃO","OK") -> OK
C33: 5 | D33: BOLA BOBATH, BOLA BOBATH, | F33: BIOFIT | H33: 75 | J33: =I33-(L33+M33+N33+O33+P33+Q33+R33+S33+T33+U33+V33+W33) -> 0 | K33: =IF(J33<0,"ATENÇÃO","OK") -> OK
C34: 6 | D34: BOLA BOBATH, BOLA BOBATH, | F34: BIOFIT | H34: 60 | J34: =I34-(L34+M34+N34+O34+P34+Q34+R34+S34+T34+U34+V34+W34) -> 0 | K34: =IF(J34<0,"ATENÇÃO","OK") -> OK
C35: 7 | D35: BOLA BOBATH, BOLA BOBATH, | F35: BIOFIT | H35: 39 | J35: =I35-(L35+M35+N35+O35+P35+Q35+R35+S35+T35+U35+V35+W35) -> 0 | K35: =IF(J35<0,"ATENÇÃO","OK") -> OK
C36: 8 | D36: BOLA DE BORRACHA, PARA EXERCICIO FUNCIONAL, OVER BALL | F36: UP LIFT | H36: 25 | J36: =I36-(L36+M36+N36+O36+P36+Q36+R36+S36+T36+U36+V36+W36) -> 0 | K36: =IF(J36<0,"ATENÇÃO","OK") -> OK
C37: 9 | D37: BOLA, PARA BODY BALANCE DOME, | F37: BIOFIT | H37: 250 | J37: =I37-(L37+M37+N37+O37+P37+Q37+R37+S37+T37+U37+V37+W37) -> 0 | K37: =IF(J37<0,"ATENÇÃO","OK") -> OK
C38: 10 | D38: BOLA, PARA BODY BALANCE DOME, | F38: BIOFIT | H38: 290 | I38: 5 | J38: =I38-(L38+M38+N38+O38+P38+Q38+R38+S38+T38+U38+V38+W38) -> 5 | K38: =IF(J38<0,"ATENÇÃO","OK") -> OK
C39: 11 | D39: BOLA, PARA EXERCICIOS FISICOS, 26 CM DE DIAMETRO, | F39: UP LIFT | H39: 21.5 | J39: =I39-(L39+M39+N39+O39+P39+Q39+R39+S39+T39+U39+V39+W39) -> 0 | K39: =IF(J39<0,"ATENÇÃO","OK") -> OK
C40: 12 | D40: DISCO DE BORRACHA, DISCO ESPORTIVO DE EQUILIBRIO, | F40: BIOFIT | H40: 50 | J40: =I40-(L40+M40+N40+O40+P40+Q40+R40+S40+T40+U40+V40+W40) -> 0 | K40: =IF(J40<0,"ATENÇÃO","OK") -> OK
C41: 13 | D41: DISCO DE BORRACHA, DISCO ESPORTIVO DE EQUILIBRIO, | F41: BIOFIT | H41: 55 | J41: =I41-(L41+M41+N41+O41+P41+Q41+R41+S41+T41+U41+V41+W41) -> 0 | K41: =IF(J41<0,"ATENÇÃO","OK") -> OK
C42: 14 | D42: MATERIAIS E COMPONENTES PARA PRATICA DESPORTIVAS, | F42: UP LIFT | H42: 50 | J42: =I42-(L42+M42+N42+O42+P42+Q42+R42+S42+T42+U42+V42+W42) -> 0 | K42: =IF(J42<0,"ATENÇÃO","OK") -> OK
C43: 15 | D43: MATERIAIS PARA FISIOTERAPIA, BOLA CRAVO CRESPA, | F43: MERCUR | H43: 22 | J43: =I43-(L43+M43+N43+O43+P43+Q43+R43+S43+T43+U43+V43+W43) -> 0 | K43: =IF(J43<0,"ATENÇÃO","OK") -> OK
C44: 16 | D44: MATERIAIS PARA FISIOTERAPIA, BOLA CRAVO CRESPA, | F44: MERCUR | H44: 5 | J44: =I44-(L44+M44+N44+O44+P44+Q44+R44+S44+T44+U44+V44+W44) -> 0 | K44: =IF(J44<0,"ATENÇÃO","OK") -> OK
C45: 17 | D45: MATERIAIS PARA FISIOTERAPIA, ROLO DE ESPUMA PROPRIOCEPTIVO, | F45: PROACTION | H45: 120 | J45: =I45-(L45+M45+N45+O45+P45+Q45+R45+S45+T45+U45+V45+W45) -> 0 | K45: =IF(J45<0,"ATENÇÃO","OK") -> OK
C46: 18 | D46: MATERIAIS PARA FISIOTERAPIA, ROLO DE ESPUMA PROPRIOCEPTIVO, | F46: PROACTION | H46: 79 | J46: =I46-(L46+M46+N46+O46+P46+Q46+R46+S46+T46+U46+V46+W46) -> 0 | K46: =IF(J46<0,"ATENÇÃO","OK") -> OK
C47: 19 | D47: PECAS E COMPONENTES, STEP CONFECCIONADO EM MATERIAL | F47: PANGUE | H47: 70 | J47: =I47-(L47+M47+N47+O47+P47+Q47+R47+S47+T47+U47+V47+W47) -> 0 | K47: =IF(J47<0,"ATENÇÃO","OK") -> OK
B48: 3 | C48: 1 | D48: INFRUTÍFERO | J48: =I48-(L48+M48+N48+O48+P48+Q48+R48+S48+T48+U48+V48+W48) -> 0 | K48: =IF(J48<0,"ATENÇÃO","OK") -> OK
C49: 2 | D49: INFRUTÍFERO | J49: =I49-(L49+M49+N49+O49+P49+Q49+R49+S49+T49+U49+V49+W49) -> 0 | K49: =IF(J49<0,"ATENÇÃO","OK") -> OK
C50: 3 | D50: INFRUTÍFERO | J50: =I50-(L50+M50+N50+O50+P50+Q50+R50+S50+T50+U50+V50+W50) -> 0 | K50: =IF(J50<0,"ATENÇÃO","OK") -> OK
C51: 4 | D51: INFRUTÍFERO | J51: =I51-(L51+M51+N51+O51+P51+Q51+R51+S51+T51+U51+V51+W51) -> 0 | K51: =IF(J51<0,"ATENÇÃO","OK") -> OK
C52: 5 | D52: INFRUTÍFERO | J52: =I52-(L52+M52+N52+O52+P52+Q52+R52+S52+T52+U52+V52+W52) -> 0 | K52: =IF(J52<0,"ATENÇÃO","OK") -> OK
C53: 6 | D53: INFRUTÍFERO | J53: =I53-(L53+M53+N53+O53+P53+Q53+R53+S53+T53+U53+V53+W53) -> 0 | K53: =IF(J53<0,"ATENÇÃO","OK") -> OK
C54: 7 | D54: INFRUTÍFERO | J54: =I54-(L54+M54+N54+O54+P54+Q54+R54+S54+T54+U54+V54+W54) -> 0 | K54: =IF(J54<0,"ATENÇÃO","OK") -> OK
C55: 8 | D55: INFRUTÍFERO | J55: =I55-(L55+M55+N55+O55+P55+Q55+R55+S55+T55+U55+V55+W55) -> 0 | K55: =IF(J55<0,"ATENÇÃO","OK") -> OK
C56: 9 | D56: INFRUTÍFERO | J56: =I56-(L56+M56+N56+O56+P56+Q56+R56+S56+T56+U56+V56+W56) -> 0 | K56: =IF(J56<0,"ATENÇÃO","OK") -> OK
C57: 10 | D57: INFRUTÍFERO | J57: =I57-(L57+M57+N57+O57+P57+Q57+R57+S57+T57+U57+V57+W57) -> 0 | K57: =IF(J57<0,"ATENÇÃO","OK") -> OK
C58: 11 | D58: INFRUTÍFERO | J58: =I58-(L58+M58+N58+O58+P58+Q58+R58+S58+T58+U58+V58+W58) -> 0 | K58: =IF(J58<0,"ATENÇÃO","OK") -> OK
C59: 12 | D59: INFRUTÍFERO | J59: =I59-(L59+M59+N59+O59+P59+Q59+R59+S59+T59+U59+V59+W59) -> 0 | K59: =IF(J59<0,"ATENÇÃO","OK") -> OK
C60: 13 | D60: INFRUTÍFERO | J60: =I60-(L60+M60+N60+O60+P60+Q60+R60+S60+T60+U60+V60+W60) -> 0 | K60: =IF(J60<0,"ATENÇÃO","OK") -> OK
C61: 14 | D61: INFRUTÍFERO | J61: =I61-(L61+M61+N61+O61+P61+Q61+R61+S61+T61+U61+V61+W61) -> 0 | K61: =IF(J61<0,"ATENÇÃO","OK") -> OK
A62: ADBX | B62: 4 | C62: 1 | D62: CINTO PARA PRATICA ESPORTIVA, CINTO DE MUSCULA | F62: PRO ACTION | H62: 60 | J62: =I62-(L62+M62+N62+O62+P62+Q62+R62+S62+T62+U62+V62+W62) -> 0 | K62: =IF(J62<0,"ATENÇÃO","OK") -> OK
C63: 2 | D63: CINTO PARA PRATICA ESPORTIVA, CINTO DE TRA«ŸO DUPLO | F63: KNOCKOUT | H63: 150 | J63: =I63-(L63+M63+N63+O63+P63+Q63+R63+S63+T63+U63+V63+W63) -> 0 | K63: =IF(J63<0,"ATENÇÃO","OK") -> OK
C64: 3 | D64: LONA DE ESTEIRA, | F64: POLIMET | H64: 280 | J64: =I64-(L64+M64+N64+O64+P64+Q64+R64+S64+T64+U64+V64+W64) -> 0 | K64: =IF(J64<0,"ATENÇÃO","OK") -> OK
C65: 4 | D65: PLATAFORMA DESLIZANTE | F65: PISTA E CAMPO | H65: 230 | J65: =I65-(L65+M65+N65+O65+P65+Q65+R65+S65+T65+U65+V65+W65) -> 0 | K65: =IF(J65<0,"ATENÇÃO","OK") -> OK
C66: 5 | D66: RODA DE EXERCICIOS PARA | F66: PISTA E CAMPO | H66: 50 | J66: =I66-(L66+M66+N66+O66+P66+Q66+R66+S66+T66+U66+V66+W66) -> 0 | K66: =IF(J66<0,"ATENÇÃO","OK") -> OK
C67: 6 | D67: RODA MULTIFUNCIONAL | F67: VOLLO | H67: 230 | J67: =I67-(L67+M67+N67+O67+P67+Q67+R67+S67+T67+U67+V67+W67) -> 0 | K67: =IF(J67<0,"ATENÇÃO","OK") -> OK
C68: 7 | D68: STICK RIGIDO PARA | F68: FITNES | H68: 70 | J68: =I68-(L68+M68+N68+O68+P68+Q68+R68+S68+T68+U68+V68+W68) -> 0 | K68: =IF(J68<0,"ATENÇÃO","OK") -> OK
C69: 8 | D69: CANELEIRA EM NYLON, 1KG, | F69: NEOFIT | H69: 20 | I69: 10 | J69: =I69-(L69+M69+N69+O69+P69+Q69+R69+S69+T69+U69+V69+W69) -> 10 | K69: =IF(J69<0,"ATENÇÃO","OK") -> OK
C70: 9 | D70: CANELEIRA EM NYLON, 2KG, | F70: NEOFIT | H70: 30 | I70: 10 | J70: =I70-(L70+M70+N70+O70+P70+Q70+R70+S70+T70+U70+V70+W70) -> 10 | K70: =IF(J70<0,"ATENÇÃO","OK") -> OK
C71: 10 | D71: CANELEIRA EM NYLON, 3KG, | F71: NEOFIT | H71: 35 | J71: =I71-(L71+M71+N71+O71+P71+Q71+R71+S71+T71+U71+V71+W71) -> 0 | K71: =IF(J71<0,"ATENÇÃO","OK") -> OK
C72: 11 | D72: CANELEIRA EM NYLON, 4KG, | F72: NEOFIT | H72: 40 | I72: 10 | J72: =I72-(L72+M72+N72+O72+P72+Q72+R72+S72+T72+U72+V72+W72) -> 10 | K72: =IF(J72<0,"ATENÇÃO","OK") -> OK
C73: 12 | D73: CANELEIRA EM NYLON, 5KG, | F73: NEOFIT | H73: 50 | I73: 10 | J73: =I73-(L73+M73+N73+O73+P73+Q73+R73+S73+T73+U73+V73+W73) -> 10 | K73: =IF(J73<0,"ATENÇÃO","OK") -> OK
A74: ADBX | B74: 5 | C74: 1 | D74: MINI SKATE PARA USO EM REABILITACAO, | F74: HYPER WHEEIS | H74: 220 | J74: =I74-(L74+M74+N74+O74+P74+Q74+R74+S74+T74+U74+V74+W74) -> 0 | K74: =IF(J74<0,"ATENÇÃO","OK") -> OK
C75: 2 | D75: ARCO PLASTICO TIPO BAMBOLE, | F75: CEMAR | H75: 50 | J75: =I75-(L75+M75+N75+O75+P75+Q75+R75+S75+T75+U75+V75+W75) -> 0 | K75: =IF(J75<0,"ATENÇÃO","OK") -> OK
C76: 3 | D76: Kit para Piscina de bolinhas, coloridas, | F76: JOTT PLAY | H76: 90 | J76: =I76-(L76+M76+N76+O76+P76+Q76+R76+S76+T76+U76+V76+W76) -> 0 | K76: =IF(J76<0,"ATENÇÃO","OK") -> OK
C77: 4 | D77: BOMBA PARA ENCHER BOLA, COM BICO DE METAL, | F77: PENALTY | H77: 20 | J77: =I77-(L77+M77+N77+O77+P77+Q77+R77+S77+T77+U77+V77+W77) -> 0 | K77: =IF(J77<0,"ATENÇÃO","OK") -> OK
C78: 5 | D78: CORDA PARA PULAR, COM CABO DE MADEIRA NAS PONTAS, | F78: PULA CORDA | H78: 25 | J78: =I78-(L78+M78+N78+O78+P78+Q78+R78+S78+T78+U78+V78+W78) -> 0 | K78: =IF(J78<0,"ATENÇÃO","OK") -> OK
C79: 6 | D79: CORDA PARA PULAR, COM CABO DE MADEIRA NAS PONTAS, | F79: PULA CORDA | H79: 10 | J79: =I79-(L79+M79+N79+O79+P79+Q79+R79+S79+T79+U79+V79+W79) -> 0 | K79: =IF(J79<0,"ATENÇÃO","OK") -> OK
C80: 7 | D80: Frisbee Disco Voador para jogo Ultimate. | F80: MARE | H80: 25 | J80: =I80-(L80+M80+N80+O80+P80+Q80+R80+S80+T80+U80+V80+W80) -> 0 | K80: =IF(J80<0,"ATENÇÃO","OK") -> OK
C81: 8 | D81: ESCADA DE CIRCUITO, DE NYLON, Escada de circuito, | F81: PISTA E CAMPO | H81: 190 | J81: =I81-(L81+M81+N81+O81+P81+Q81+R81+S81+T81+U81+V81+W81) -> 0 | K81: =IF(J81<0,"ATENÇÃO","OK") -> OK
C82: 9 | D82: JOGO, DE TACO, Kit com 2(dois) | F82: MARE | H82: 35 | J82: =I82-(L82+M82+N82+O82+P82+Q82+R82+S82+T82+U82+V82+W82) -> 0 | K82: =IF(J82<0,"ATENÇÃO","OK") -> OK
C83: 10 | D83: LUVA DE GOLEIRO (DIVERSAS), | F83: STADIUM | H83: 50 | J83: =I83-(L83+M83+N83+O83+P83+Q83+R83+S83+T83+U83+V83+W83) -> 0 | K83: =IF(J83<0,"ATENÇÃO","OK") -> OK
C84: 11 | D84: DESPORTIVAS, CRONOMETRO( | F84: VOLLO | H84: 30 | J84: =I84-(L84+M84+N84+O84+P84+Q84+R84+S84+T84+U84+V84+W84) -> 0 | K84: =IF(J84<0,"ATENÇÃO","OK") -> OK
C85: 12 | D85: GRAMA SINTETICA ESPECIAL | F85: SPORT GRESS | H85: 150 | J85: =I85-(L85+M85+N85+O85+P85+Q85+R85+S85+T85+U85+V85+W85) -> 0 | K85: =IF(J85<0,"ATENÇÃO","OK") -> OK
C86: 13 | D86: KIT DE ARGOLAS PARA TREINO | F86: PISTA E CAMPO | H86: 100 | J86: =I86-(L86+M86+N86+O86+P86+Q86+R86+S86+T86+U86+V86+W86) -> 0 | K86: =IF(J86<0,"ATENÇÃO","OK") -> OK
... C91: 18 | D91: SACO PARA CARREGAR/TRANSPORTAR MATERIAL ESPORTIVO, | F91: REDESPORT | H91: 20 | J91: =I91-(L91+M91+N91+O91+P91+Q91+R91+S91+T91+U91+V91+W91) -> 0 | K91: =IF(J91<0,"ATENÇÃO","OK") -> OK
A92: ADBX | B92: 6 | C92: 1 | D92: CONE PLASTICO, MEDINDO 25 CM, | F92: CEMAR | H92: 20 | J92: =I92-(L92+M92+N92+O92+P92+Q92+R92+S92+T92+U92+V92+W92) -> 0 | K92: =IF(J92<0,"ATENÇÃO","OK") -> OK
C93: 2 | D93: CONE PLASTICO, MEDINDO 30CM, | F93: CEMAR | H93: 30 | J93: =I93-(L93+M93+N93+O93+P93+Q93+R93+S93+T93+U93+V93+W93) -> 0 | K93: =IF(J93<0,"ATENÇÃO","OK") -> OK
C94: 3 | D94: CONE PLASTICO, MEDINDO 50 CM, | F94: CEMAR | H94: 15 | J94: =I94-(L94+M94+N94+O94+P94+Q94+R94+S94+T94+U94+V94+W94) -> 0 | K94: =IF(J94<0,"ATENÇÃO","OK") -> OK
C95: 4 | D95: MINICONES PARA TREINAMENTO DE AGILIDADE, | F95: CEMAR | H95: 128.5 | J95: =I95-(L95+M95+N95+O95+P95+Q95+R95+S95+T95+U95+V95+W95) -> 0 | K95: =IF(J95<0,"ATENÇÃO","OK") -> OK
A96: ADBX | B96: 7 | C96: 1 | D96: COLCHONETE, PARA EDUCACAO FISICA, | F96: KNOCKOUT | H96: 50 | J96: =I96-(L96+M96+N96+O96+P96+Q96+R96+S96+T96+U96+V96+W96) -> 0 | K96: =IF(J96<0,"ATENÇÃO","OK") -> OK
C97: 2 | D97: COLCHONETE, PARA EDUCACAO FISICA, | F97: KNOCKOUT | H97: 43 | I97: 30 | J97: =I97-(L97+M97+N97+O97+P97+Q97+R97+S97+T97+U97+V97+W97) -> 30 | K97: =IF(J97<0,"ATENÇÃO","OK") -> OK
C98: 3 | D98: TATAME, DE ENCAIXE EM E.V.A., | F98: HAITI | H98: 60.25 | J98: =I98-(L98+M98+N98+O98+P98+Q98+R98+S98+T98+U98+V98+W98) -> 0 | K98: =IF(J98<0,"ATENÇÃO","OK") -> OK
A99: ADBX | B99: 8 | C99: 1 | D99: JOGO DE TABULEIRO, DE XADREZ, | F99: JAEHRING | H99: 50 | I99: 28 | J99: =I99-(L99+M99+N99+O99+P99+Q99+R99+S99+T99+U99+V99+W99) -> 28 | K99: =IF(J99<0,"ATENÇÃO","OK") -> OK
C100: 2 | D100: JOGO DE TABULEIRO, DE XADREZ, | F100: JAEHRING | H100: 10.08 | I100: 25 | J100: =I100-(L100+M100+N100+O100+P100+Q100+R100+S100+T100+U100+V100+W100) -> 25 | K100: =IF(J100<0,"ATENÇÃO","OK") -> OK
C101: 3 | D101: RELOGIO DUPLO, PARA XADREZ, | F101: JAEHRING | H101: 98 | I101: 26 | J101: =I101-(L101+M101+N101+O101+P101+Q101+R101+S101+T101+U101+V101+W101) -> 26 | K101: =IF(J101<0,"ATENÇÃO","OK") -> OK
A102: ADBX | B102: 9 | C102: 1 | D102: KIMONO BRANCO PARA PRATICA A1 | F102: TORAH | H102: 220.2 | J102: =I102-(L102+M102+N102+O102+P102+Q102+R102+S102+T102+U102+V102+W102) -> 0 | K102: =IF(J102<0,"ATENÇÃO","OK") -> OK
C103: 2 | D103: KIMONO BRANCO PARA PRATICA A2 | F103: TORAH | H103: 223 | J103: =I103-(L103+M103+N103+O103+P103+Q103+R103+S103+T103+U103+V103+W103) -> 0 | K103: =IF(J103<0,"ATENÇÃO","OK") -> OK
C104: 3 | D104: KIMONO BRANCO PARA PRATICA A3 | F104: TORAH | H104: 223 | J104: =I104-(L104+M104+N104+O104+P104+Q104+R104+S104+T104+U104+V104+W104) -> 0 | K104: =IF(J104<0,"ATENÇÃO","OK") -> OK
A105: JET MED | B105: 10 | C105: 1 | D105: FITA DE SUSPENSAO, PARA PRATICA DESPORTIVA, | F105: PROTETION | H105: 189 | J105: =I105-(L105+M105+N105+O105+P105+Q105+R105+S105+T105+U105+V105+W105) -> 0 | K105: =IF(J105<0,"ATENÇÃO","OK") -> OK
C106: 2 | D106: Kit para Slackline, | F106: SLAKLINE | H106: 177.8 | J106: =I106-(L106+M106+N106+O106+P106+Q106+R106+S106+T106+U106+V106+W106) -> 0 | K106: =IF(J106<0,"ATENÇÃO","OK") -> OK
C107: 3 | D107: KIT DE SUSPENSAO PARA | F107: SLAKLINE | H107: 202.7 | J107: =I107-(L107+M107+N107+O107+P107+Q107+R107+S107+T107+U107+V107+W107) -> 0 | K107: =IF(J107<0,"ATENÇÃO","OK") -> OK
A108: JET MED | B108: 11 | C108: 1 | D108: ELETRODO PARA REABILITACAO, | F108: QUARK | H108: 189.43 | J108: =I108-(L108+M108+N108+O108+P108+Q108+R108+S108+T108+U108+V108+W108) -> 0 | K108: =IF(J108<0,"ATENÇÃO","OK") -> OK
...

Sheet CERES
A1: PROCESSO: 1068/2015/UDESC | D1: OBJETO: AQUISIÇÃO DE MATERIAL ESPORTIVO E DE FISIOTERAPIA PARA A UDESC | I1: VIGÊNCIA DA ATA: 27/11/2015 até 26/11/2016 | L1: AF/OS nº 256/2016 Qtde. DT | M1: AF/OS nº xxxx/2015 Qtde. DT | N1: AF/OS nº xxxx/2015 Qtde. DT | O1: AF/OS nº xxxx/2015 Qtde. DT | P1: AF/OS nº xxxx/2015 Qtde. DT | Q1: AF/OS nº xxxx/2015 Qtde. DT | R1: AF/OS nº xxxx/2015 Qtde. DT | S1: AF/OS nº xxxx/2015 Qtde. DT | T1: AF/OS nº xxxx/2015 Qtde. DT | U1: AF/OS nº xxxx/2015 Qtde. DT | V1: AF/OS nº xxxx/2015 Qtde. DT | W1: AF/OS nº xxxx/2015 Qtde. DT
A2: CENTRO PARTICIPANTE: CERES
A3: FORNECEDOR | B3: LOTE | C3: ITEM | D3: PRODUTO - CARACTERÍSTICAS MÍNIMAS | E3: UNIDADE | F3: MARCA | G3: DETALHAMENTO | H3: Preço UNITÁRIO (R$) | I3: Qtde Registrada | J3: Saldo / Automático | K3: ALERTA | L3: 42445 | M3: ...../...../...... | N3: ...../...../...... | O3: ...../...../...... | P3: ...../...../...... | Q3: ...../...../...... | R3: ...../...../...... | S3: ...../...../...... | T3: ...../...../...... | U3: ...../...../...... | V3: ...../...../...... | W3: ...../...../......
A4: ADBX | B4: 1 | C4: 1 | D4: BOLA DE BORRACHA, DE FRESCOBOL, | E4: UNIDADE | F4: MARE N3 | H4: 3 | J4: =I4-(L4+M4+N4+O4+P4+Q4+R4+S4+T4+U4+V4+W4) -> 0 | K4: =IF(J4<0,"ATENÇÃO","OK") -> OK
C5: 2 | D5: BOLA DE BORRACHA, DE INICIACAO ESPORTIVA N12, | F5: LCM N12 | H5: 10 | J5: =I5-(L5+M5+N5+O5+P5+Q5+R5+S5+T5+U5+V5+W5) -> 0 | K5: =IF(J5<0,"ATENÇÃO","OK") -> OK
C6: 3 | D6: BOLA DE BORRACHA, DE INICIACAO ESPORTIVA N14, | F6: LCM N14 | H6: 12 | J6: =I6-(L6+M6+N6+O6+P6+Q6+R6+S6+T6+U6+V6+W6) -> 0 | K6: =IF(J6<0,"ATENÇÃO","OK") -> OK
C7: 4 | D7: BOLA DE BORRACHA, DE SOFTBOL, | F7: LCM N3 SOFTBOL | H7: 18 | J7: =I7-(L7+M7+N7+O7+P7+Q7+R7+S7+T7+U7+V7+W7) -> 0 | K7: =IF(J7<0,"ATENÇÃO","OK") -> OK
C8: 5 | D8: BOLA DE BORRACHA, LATEX, S/COSTURA, | F8: PENALTY 1KG | H8: 60 | J8: =I8-(L8+M8+N8+O8+P8+Q8+R8+S8+T8+U8+V8+W8) -> 0 | K8: =IF(J8<0,"ATENÇÃO","OK") -> OK
C9: 6 | D9: BOLA DE BORRACHA, PARA USO FITOTERAPICO | F9: MAGUSSY 6KG | H9: 150 | J9: =I9-(L9+M9+N9+O9+P9+Q9+R9+S9+T9+U9+V9+W9) -> 0 | K9: =IF(J9<0,"ATENÇÃO","OK") -> OK
C10: 7 | D10: BOLA DE TENIS DE CAMPO, (QUADRA),OFICIAL, | F10: WILSON CHAPIONSHIP | H10: 27 | J10: =I10-(L10+M10+N10+O10+P10+Q10+R10+S10+T10+U10+V10+W10) -> 0 | K10: =IF(J10<0,"ATENÇÃO","OK") -> OK
C11: 8 | D11: BOLA MEDICINE BALL DE 2 KG., | F11: PENALTY | H11: 14 | I11: 1 | J11: =I11-(L11+M11+N11+O11+P11+Q11+R11+S11+T11+U11+V11+W11) -> 1 | K11: =IF(J11<0,"ATENÇÃO","OK") -> OK
C12: 9 | D12: BOLA MEDICINE BALL DE 3 KG, | F12: ONEAL 3KG | H12: 180 | I12: 1 | J12: =I12-(L12+M12+N12+O12+P12+Q12+R12+S12+T12+U12+V12+W12) -> 1 | K12: =IF(J12<0,"ATENÇÃO","OK") -> OK
C13: 10 | D13: BOLA MEDICINE BALL DE 3 KG, | F13: PENALTY 3KG | H13: 100 | J13: =I13-(L13+M13+N13+O13+P13+Q13+R13+S13+T13+U13+V13+W13) -> 0 | K13: =IF(J13<0,"ATENÇÃO","OK") -> OK
C14: 11 | D14: BOLA P/FUTEBOL DE CAMPO, BRASIL, | F14: PENALTY PRO BRASIL R2 | H14: 130 | I14: 2 | J14: =I14-(L14+M14+N14+O14+P14+Q14+R14+S14+T14+U14+V14+W14) -> 2 | K14: =IF(J14<0,"ATENÇÃO","OK") -> OK
C15: 12 | D15: BOLA PARA BASQUETEBOL, | F15: PENALTY PRO 6.5 | H15: 150 | I15: 1 | J15: =I15-(L15+M15+N15+O15+P15+Q15+R15+S15+T15+U15+V15+W15) -> 1 | K15: =IF(J15<0,"ATENÇÃO","OK") -> OK
C16: 13 | D16: BOLA PARA BASQUETEBOL, BASQUETE 7.4, | F16: PENALTY PRO 7.5 | H16: 160 | J16: =I16-(L16+M16+N16+O16+P16+Q16+R16+S16+T16+U16+V16+W16) -> 0 | K16: =IF(J16<0,"ATENÇÃO","OK") -> OK
C17: 14 | D17: BOLA PARA BASQUETEBOL, CATEGORIA MIRIM, | F17: PENALTY PRO 5.7 | H17: 133.75 | J17: =I17-(L17+M17+N17+O17+P17+Q17+R17+S17+T17+U17+V17+W17) -> 0 | K17: =IF(J17<0,"ATENÇÃO","OK") -> OK
C18: 15 | D18: BOLA PARA FUTEBOL DE SALAO, | F18: KAGIVA AD OF | H18: 70 | I18: 2 | J18: =I18-(L18+M18+N18+O18+P18+Q18+R18+S18+T18+U18+V18+W18) -> 2 | K18: =IF(J18<0,"ATENÇÃO","OK") -> OK
C19: 16 | D19: BOLA PARA FUTEBOL DE SALAO, CATEGORIA INFANTIL, | F19: PENALTY MAX 200 | H19: 100 | J19: =I19-(L19+M19+N19+O19+P19+Q19+R19+S19+T19+U19+V19+W19) -> 0 | K19: =IF(J19<0,"ATENÇÃO","OK") -> OK
C20: 17 | D20: BOLA PARA FUTEBOL DE SALAO, DE COURO, | F20: PENALTY MAX 100 | H20: 150 | J20: =I20-(L20+M20+N20+O20+P20+Q20+R20+S20+T20+U20+V20+W20) -> 0 | K20: =IF(J20<0,"ATENÇÃO","OK") -> OK
C21: 18 | D21: BOLA PARA HANDEBOL, CATEGORIA ADULTO, | F21: PENALTY H2L | H21: 120 | I21: 2 | J21: =I21-(L21+M21+N21+O21+P21+Q21+R21+S21+T21+U21+V21+W21) -> 2 | K21: =IF(J21<0,"ATENÇÃO","OK") -> OK
C22: 19 | D22: BOLA PARA HANDEBOL, CATEGORIA H1L, | F22: PENALTY H2L PVC | H22: 58 | J22: =I22-(L22+M22+N22+O22+P22+Q22+R22+S22+T22+U22+V22+W22) -> 0 | K22: =IF(J22<0,"ATENÇÃO","OK") -> OK
C23: 20 | D23: BOLA PARA HANDEBOL, CATEGORIA H2L, | F23: PENALTY H2L PVC | H23: 64.98 | J23: =I23-(L23+M23+N23+O23+P23+Q23+R23+S23+T23+U23+V23+W23) -> 0 | K23: =IF(J23<0,"ATENÇÃO","OK") -> OK
C24: 21 | D24: BOLA PARA HANDEBOL, MASCULINO,CATEGORIA H3L, | F24: PENALTY H3L | H24: 120 | I24: 2 | J24: =I24-(L24+M24+N24+O24+P24+Q24+R24+S24+T24+U24+V24+W24) -> 2 | K24: =IF(J24<0,"ATENÇÃO","OK") -> OK
C25: 22 | D25: BOLA PARA PRATICA DE ESPORTE POR DEFICIENTES, | F25: TARGE GOALBALL OF | H25: 96 | J25: =I25-(L25+M25+N25+O25+P25+Q25+R25+S25+T25+U25+V25+W25) -> 0 | K25: =IF(J25<0,"ATENÇÃO","OK") -> OK
C26: 23 | D26: BOLA PARA TENIS DE MESA, MODELO OFICIAL, | F26: YACHIMA OF 40MM | H26: 3 | I26: 6 | J26: =I26-(L26+M26+N26+O26+P26+Q26+R26+S26+T26+U26+V26+W26) -> 6 | K26: =IF(J26<0,"ATENÇÃO","OK") -> OK
C27: 24 | D27: BOLA PARA VOLEI DE PRAIA, MODELO OFICIAL, | F27: PENALTY BEACH TRN | H27: 110 | J27: =I27-(L27+M27+N27+O27+P27+Q27+R27+S27+T27+U27+V27+W27) -> 0 | K27: =IF(J27<0,"ATENÇÃO","OK") -> OK
C28: 25 | D28: BOLA PARA VOLEIBOL, EM MATERIAL SINTETICO, | F28: PENALTY PRO 6.0 | H28: 148 | I28: 2 | J28: =I28-(L28+M28+N28+O28+P28+Q28+R28+S28+T28+U28+V28+W28) -> 2 | K28: =IF(J28<0,"ATENÇÃO","OK") -> OK
A29: ZERMIANI | B29: 2 | C29: 1 | D29: BOLA BOBATH, BOLA BOBATH 65 CM, | F29: BIOFIT | H29: 55 | J29: =I29-(L29+M29+N29+O29+P29+Q29+R29+S29+T29+U29+V29+W29) -> 0 | K29: =IF(J29<0,"ATENÇÃO","OK") -> OK
C30: 2 | D30: BOLA BOBATH, BOLA BOBATH 80 CM, | F30: BIOFIT | H30: 55 | I30: 3 | J30: =I30-(L30+M30+N30+O30+P30+Q30+R30+S30+T30+U30+V30+W30) -> 0 | K30: =IF(J30<0,"ATENÇÃO","OK") -> OK | L30: 3
C31: 3 | D31: BOLA BOBATH, BOLA BOBATH, | F31: BIOFIT | H31: 50 | J31: =I31-(L31+M31+N31+O31+P31+Q31+R31+S31+T31+U31+V31+W31) -> 0 | K31: =IF(J31<0,"ATENÇÃO","OK") -> OK
C32: 4 | D32: BOLA BOBATH, BOLA BOBATH, PARA EXERCICIOS TERAPEUTICOS | F32: BIOFIT | H32: 50 | J32: =I32-(L32+M32+N32+O32+P32+Q32+R32+S32+T32+U32+V32+W32) -> 0 | K32: =IF(J32<0,"ATENÇÃO","OK") -> OK
C33: 5 | D33: BOLA BOBATH, BOLA BOBATH, | F33: BIOFIT | H33: 75 | J33: =I33-(L33+M33+N33+O33+P33+Q33+R33+S33+T33+U33+V33+W33) -> 0 | K33: =IF(J33<0,"ATENÇÃO","OK") -> OK
C34: 6 | D34: BOLA BOBATH, BOLA BOBATH, | F34: BIOFIT | H34: 60 | J34: =I34-(L34+M34+N34+O34+P34+Q34+R34+S34+T34+U34+V34+W34) -> 0 | K34: =IF(J34<0,"ATENÇÃO","OK") -> OK
C35: 7 | D35: BOLA BOBATH, BOLA BOBATH, | F35: BIOFIT | H35: 39 | I35: 3 | J35: =I35-(L35+M35+N35+O35+P35+Q35+R35+S35+T35+U35+V35+W35) -> 0 | K35: =IF(J35<0,"ATENÇÃO","OK") -> OK | L35: 3
C36: 8 | D36: BOLA DE BORRACHA, PARA EXERCICIO FUNCIONAL, OVER BALL | F36: UP LIFT | H36: 25 | J36: =I36-(L36+M36+N36+O36+P36+Q36+R36+S36+T36+U36+V36+W36) -> 0 | K36: =IF(J36<0,"ATENÇÃO","OK") -> OK
C37: 9 | D37: BOLA, PARA BODY BALANCE DOME, | F37: BIOFIT | H37: 250 | J37: =I37-(L37+M37+N37+O37+P37+Q37+R37+S37+T37+U37+V37+W37) -> 0 | K37: =IF(J37<0,"ATENÇÃO","OK") -> OK
C38: 10 | D38: BOLA, PARA BODY BALANCE DOME, | F38: BIOFIT | H38: 290 | I38: 1 | J38: =I38-(L38+M38+N38+O38+P38+Q38+R38+S38+T38+U38+V38+W38) -> 1 | K38: =IF(J38<0,"ATENÇÃO","OK") -> OK
C39: 11 | D39: BOLA, PARA EXERCICIOS FISICOS, 26 CM DE DIAMETRO, | F39: UP LIFT | H39: 21.5 | I39: 1 | J39: =I39-(L39+M39+N39+O39+P39+Q39+R39+S39+T39+U39+V39+W39) -> 1 | K39: =IF(J39<0,"ATENÇÃO","OK") -> OK
C40: 12 | D40: DISCO DE BORRACHA, DISCO ESPORTIVO DE EQUILIBRIO, | F40: BIOFIT | H40: 50 | J40: =I40-(L40+M40+N40+O40+P40+Q40+R40+S40+T40+U40+V40+W40) -> 0 | K40: =IF(J40<0,"ATENÇÃO","OK") -> OK
C41: 13 | D41: DISCO DE BORRACHA, DISCO ESPORTIVO DE EQUILIBRIO, | F41: BIOFIT | H41: 55 | J41: =I41-(L41+M41+N41+O41+P41+Q41+R41+S41+T41+U41+V41+W41) -> 0 | K41: =IF(J41<0,"ATENÇÃO","OK") -> OK
C42: 14 | D42: MATERIAIS E COMPONENTES PARA PRATICA DESPORTIVAS, | F42: UP LIFT | H42: 50 | J42: =I42-(L42+M42+N42+O42+P42+Q42+R42+S42+T42+U42+V42+W42) -> 0 | K42: =IF(J42<0,"ATENÇÃO","OK") -> OK
C43: 15 | D43: MATERIAIS PARA FISIOTERAPIA, BOLA CRAVO CRESPA, | F43: MERCUR | H43: 22 | J43: =I43-(L43+M43+N43+O43+P43+Q43+R43+S43+T43+U43+V43+W43) -> 0 | K43: =IF(J43<0,"ATENÇÃO","OK") -> OK
C44: 16 | D44: MATERIAIS PARA FISIOTERAPIA, BOLA CRAVO CRESPA, | F44: MERCUR | H44: 5 | J44: =I44-(L44+M44+N44+O44+P44+Q44+R44+S44+T44+U44+V44+W44) -> 0 | K44: =IF(J44<0,"ATENÇÃO","OK") -> OK
C45: 17 | D45: MATERIAIS PARA FISIOTERAPIA, ROLO DE ESPUMA PROPRIOCEPTIVO, | F45: PROACTION | H45: 120 | I45: 1 | J45: =I45-(L45+M45+N45+O45+P45+Q45+R45+S45+T45+U45+V45+W45) -> 1 | K45: =IF(J45<0,"ATENÇÃO","OK") -> OK
C46: 18 | D46: MATERIAIS PARA FISIOTERAPIA, ROLO DE ESPUMA PROPRIOCEPTIVO, | F46: PROACTION | H46: 79 | J46: =I46-(L46+M46+N46+O46+P46+Q46+R46+S46+T46+U46+V46+W46) -> 0 | K46: =IF(J46<0,"ATENÇÃO","OK") -> OK
C47: 19 | D47: PECAS E COMPONENTES, STEP CONFECCIONADO EM MATERIAL | F47: PANGUE | H47: 70 | J47: =I47-(L47+M47+N47+O47+P47+Q47+R47+S47+T47+U47+V47+W47) -> 0 | K47: =IF(J47<0,"ATENÇÃO","OK") -> OK
B48: 3 | C48: 1 | D48: INFRUTÍFERO | J48: =I48-(L48+M48+N48+O48+P48+Q48+R48+S48+T48+U48+V48+W48) -> 0 | K48: =IF(J48<0,"ATENÇÃO","OK") -> OK
C49: 2 | D49: INFRUTÍFERO | J49: =I49-(L49+M49+N49+O49+P49+Q49+R49+S49+T49+U49+V49+W49) -> 0 | K49: =IF(J49<0,"ATENÇÃO","OK") -> OK
C50: 3 | D50: INFRUTÍFERO | J50: =I50-(L50+M50+N50+O50+P50+Q50+R50+S50+T50+U50+V50+W50) -> 0 | K50: =IF(J50<0,"ATENÇÃO","OK") -> OK
C51: 4 | D51: INFRUTÍFERO | J51: =I51-(L51+M51+N51+O51+P51+Q51+R51+S51+T51+U51+V51+W51) -> 0 | K51: =IF(J51<0,"ATENÇÃO","OK") -> OK
C52: 5 | D52: INFRUTÍFERO | J52: =I52-(L52+M52+N52+O52+P52+Q52+R52+S52+T52+U52+V52+W52) -> 0 | K52: =IF(J52<0,"ATENÇÃO","OK") -> OK
C53: 6 | D53: INFRUTÍFERO | J53: =I53-(L53+M53+N53+O53+P53+Q53+R53+S53+T53+U53+V53+W53) -> 0 | K53: =IF(J53<0,"ATENÇÃO","OK") -> OK
C54: 7 | D54: INFRUTÍFERO | J54: =I54-(L54+M54+N54+O54+P54+Q54+R54+S54+T54+U54+V54+W54) -> 0 | K54: =IF(J54<0,"ATENÇÃO","OK") -> OK
C55: 8 | D55: INFRUTÍFERO | J55: =I55-(L55+M55+N55+O55+P55+Q55+R55+S55+T55+U55+V55+W55) -> 0 | K55: =IF(J55<0,"ATENÇÃO","OK") -> OK
C56: 9 | D56: INFRUTÍFERO | J56: =I56-(L56+M56+N56+O56+P56+Q56+R56+S56+T56+U56+V56+W56) -> 0 | K56: =IF(J56<0,"ATENÇÃO","OK") -> OK
C57: 10 | D57: INFRUTÍFERO | J57: =I57-(L57+M57+N57+O57+P57+Q57+R57+S57+T57+U57+V57+W57) -> 0 | K57: =IF(J57<0,"ATENÇÃO","OK") -> OK
C58: 11 | D58: INFRUTÍFERO | J58: =I58-(L58+M58+N58+O58+P58+Q58+R58+S58+T58+U58+V58+W58) -> 0 | K58: =IF(J58<0,"ATENÇÃO","OK") -> OK
C59: 12 | D59: INFRUTÍFERO | J59: =I59-(L59+M59+N59+O59+P59+Q59+R59+S59+T59+U59+V59+W59) -> 0 | K59: =IF(J59<0,"ATENÇÃO","OK") -> OK
C60: 13 | D60: INFRUTÍFERO | J60: =I60-(L60+M60+N60+O60+P60+Q60+R60+S60+T60+U60+V60+W60) -> 0 | K60: =IF(J60<0,"ATENÇÃO","OK") -> OK
C61: 14 | D61: INFRUTÍFERO | J61: =I61-(L61+M61+N61+O61+P61+Q61+R61+S61+T61+U61+V61+W61) -> 0 | K61: =IF(J61<0,"ATENÇÃO","OK") -> OK
A62: ADBX | B62: 4 | C62: 1 | D62: CINTO PARA PRATICA ESPORTIVA, CINTO DE MUSCULA | F62: PRO ACTION | H62: 60 | J62: =I62-(L62+M62+N62+O62+P62+Q62+R62+S62+T62+U62+V62+W62) -> 0 | K62: =IF(J62<0,"ATENÇÃO","OK") -> OK
C63: 2 | D63: CINTO PARA PRATICA ESPORTIVA, CINTO DE TRA«ŸO DUPLO | F63: KNOCKOUT | H63: 150 | J63: =I63-(L63+M63+N63+O63+P63+Q63+R63+S63+T63+U63+V63+W63) -> 0 | K63: =IF(J63<0,"ATENÇÃO","OK") -> OK
C64: 3 | D64: LONA DE ESTEIRA, | F64: POLIMET | H64: 280 | J64: =I64-(L64+M64+N64+O64+P64+Q64+R64+S64+T64+U64+V64+W64) -> 0 | K64: =IF(J64<0,"ATENÇÃO","OK") -> OK
C65: 4 | D65: PLATAFORMA DESLIZANTE | F65: PISTA E CAMPO | H65: 230 | J65: =I65-(L65+M65+N65+O65+P65+Q65+R65+S65+T65+U65+V65+W65) -> 0 | K65: =IF(J65<0,"ATENÇÃO","OK") -> OK
C66: 5 | D66: RODA DE EXERCICIOS PARA | F66: PISTA E CAMPO | H66: 50 | J66: =I66-(L66+M66+N66+O66+P66+Q66+R66+S66+T66+U66+V66+W66) -> 0 | K66: =IF(J66<0,"ATENÇÃO","OK") -> OK
C67: 6 | D67: RODA MULTIFUNCIONAL | F67: VOLLO | H67: 230 | J67: =I67-(L67+M67+N67+O67+P67+Q67+R67+S67+T67+U67+V67+W67) -> 0 | K67: =IF(J67<0,"ATENÇÃO","OK") -> OK
C68: 7 | D68: STICK RIGIDO PARA | F68: FITNES | H68: 70 | J68: =I68-(L68+M68+N68+O68+P68+Q68+R68+S68+T68+U68+V68+W68) -> 0 | K68: =IF(J68<0,"ATENÇÃO","OK") -> OK
C69: 8 | D69: CANELEIRA EM NYLON, 1KG, | F69: NEOFIT | H69: 20 | J69: =I69-(L69+M69+N69+O69+P69+Q69+R69+S69+T69+U69+V69+W69) -> 0 | K69: =IF(J69<0,"ATENÇÃO","OK") -> OK
C70: 9 | D70: CANELEIRA EM NYLON, 2KG, | F70: NEOFIT | H70: 30 | J70: =I70-(L70+M70+N70+O70+P70+Q70+R70+S70+T70+U70+V70+W70) -> 0 | K70: =IF(J70<0,"ATENÇÃO","OK") -> OK
C71: 10 | D71: CANELEIRA EM NYLON, 3KG, | F71: NEOFIT | H71: 35 | J71: =I71-(L71+M71+N71+O71+P71+Q71+R71+S71+T71+U71+V71+W71) -> 0 | K71: =IF(J71<0,"ATENÇÃO","OK") -> OK
C72: 11 | D72: CANELEIRA EM NYLON, 4KG, | F72: NEOFIT | H72: 40 | J72: =I72-(L72+M72+N72+O72+P72+Q72+R72+S72+T72+U72+V72+W72) -> 0 | K72: =IF(J72<0,"ATENÇÃO","OK") -> OK
C73: 12 | D73: CANELEIRA EM NYLON, 5KG, | F73: NEOFIT | H73: 50 | J73: =I73-(L73+M73+N73+O73+P73+Q73+R73+S73+T73+U73+V73+W73) -> 0 | K73: =IF(J73<0,"ATENÇÃO","OK") -> OK
A74: ADBX | B74: 5 | C74: 1 | D74: MINI SKATE PARA USO EM REABILITACAO, | F74: HYPER WHEEIS | H74: 220 | J74: =I74-(L74+M74+N74+O74+P74+Q74+R74+S74+T74+U74+V74+W74) -> 0 | K74: =IF(J74<0,"ATENÇÃO","OK") -> OK
C75: 2 | D75: ARCO PLASTICO TIPO BAMBOLE, | F75: CEMAR | H75: 50 | I75: 2 | J75: =I75-(L75+M75+N75+O75+P75+Q75+R75+S75+T75+U75+V75+W75) -> 2 | K75: =IF(J75<0,"ATENÇÃO","OK") -> OK
C76: 3 | D76: Kit para Piscina de bolinhas, coloridas, | F76: JOTT PLAY | H76: 90 | J76: =I76-(L76+M76+N76+O76+P76+Q76+R76+S76+T76+U76+V76+W76) -> 0 | K76: =IF(J76<0,"ATENÇÃO","OK") -> OK
C77: 4 | D77: BOMBA PARA ENCHER BOLA, COM BICO DE METAL, | F77: PENALTY | H77: 20 | J77: =I77-(L77+M77+N77+O77+P77+Q77+R77+S77+T77+U77+V77+W77) -> 0 | K77: =IF(J77<0,"ATENÇÃO","OK") -> OK
C78: 5 | D78: CORDA PARA PULAR, COM CABO DE MADEIRA NAS PONTAS, | F78: PULA CORDA | H78: 25 | J78: =I78-(L78+M78+N78+O78+P78+Q78+R78+S78+T78+U78+V78+W78) -> 0 | K78: =IF(J78<0,"ATENÇÃO","OK") -> OK
C79: 6 | D79: CORDA PARA PULAR, COM CABO DE MADEIRA NAS PONTAS, | F79: PULA CORDA | H79: 10 | J79: =I79-(L79+M79+N79+O79+P79+Q79+R79+S79+T79+U79+V79+W79) -> 0 | K79: =IF(J79<0,"ATENÇÃO","OK") -> OK
C80: 7 | D80: Frisbee Disco Voador para jogo Ultimate. | F80: MARE | H80: 25 | J80: =I80-(L80+M80+N80+O80+P80+Q80+R80+S80+T80+U80+V80+W80) -> 0 | K80: =IF(J80<0,"ATENÇÃO","OK") -> OK
C81: 8 | D81: ESCADA DE CIRCUITO, DE NYLON, Escada de circuito, | F81: PISTA E CAMPO | H81: 190 | I81: 2 | J81: =I81-(L81+M81+N81+O81+P81+Q81+R81+S81+T81+U81+V81+W81) -> 2 | K81: =IF(J81<0,"ATENÇÃO","OK") -> OK
C82: 9 | D82: JOGO, DE TACO, Kit com 2(dois) | F82: MARE | H82: 35 | J82: =I82-(L82+M82+N82+O82+P82+Q82+R82+S82+T82+U82+V82+W82) -> 0 | K82: =IF(J82<0,"ATENÇÃO","OK") -> OK
C83: 10 | D83: LUVA DE GOLEIRO (DIVERSAS), | F83: STADIUM | H83: 50 | I83: 5 | J83: =I83-(L83+M83+N83+O83+P83+Q83+R83+S83+T83+U83+V83+W83) -> 5 | K83: =IF(J83<0,"ATENÇÃO","OK") -> OK
C84: 11 | D84: DESPORTIVAS, CRONOMETRO( | F84: VOLLO | H84: 30 | I84: 3 | J84: =I84-(L84+M84+N84+O84+P84+Q84+R84+S84+T84+U84+V84+W84) -> 3 | K84: =IF(J84<0,"ATENÇÃO","OK") -> OK
C85: 12 | D85: GRAMA SINTETICA ESPECIAL | F85: SPORT GRESS | H85: 150 | J85: =I85-(L85+M85+N85+O85+P85+Q85+R85+S85+T85+U85+V85+W85) -> 0 | K85: =IF(J85<0,"ATENÇÃO","OK") -> OK
C86: 13 | D86: KIT DE ARGOLAS PARA TREINO | F86: PISTA E CAMPO | H86: 100 | J86: =I86-(L86+M86+N86+O86+P86+Q86+R86+S86+T86+U86+V86+W86) -> 0 | K86: =IF(J86<0,"ATENÇÃO","OK") -> OK
C87: 14 | D87: Petecas com penas de nylon amarelo e base em cortiça. | F87: VOLLO | H87: 50 | J87: =I87-(L87+M87+N87+O87+P87+Q87+R87+S87+T87+U87+V87+W87) -> 0 | K87: =IF(J87<0,"ATENÇÃO","OK") -> OK
C88: 15 | D88: RAQUETE DE TENIS DE MESA (PING PONG), | F88: KLOPF | H88: 40 | J88: =I88-(L88+M88+N88+O88+P88+Q88+R88+S88+T88+U88+V88+W88) -> 0 | K88: =IF(J88<0,"ATENÇÃO","OK") -> OK
C89: 16 | D89: REDE PARA FUTEBOL DE CAMPO, | F89: REDESPORT | H89: 300 | J89: =I89-(L89+M89+N89+O89+P89+Q89+R89+S89+T89+U89+V89+W89) -> 0 | K89: =IF(J89<0,"ATENÇÃO","OK") -> OK
C90: 17 | D90: REDE PARA TENIS DE MESA (PING PONG), | F90: KLOPF | H90: 40 | J90: =I90-(L90+M90+N90+O90+P90+Q90+R90+S90+T90+U90+V90+W90) -> 0 | K90: =IF(J90<0,"ATENÇÃO","OK") -> OK
C91: 18 | D91: SACO PARA CARREGAR/TRANSPORTAR MATERIAL ESPORTIVO, | F91: REDESPORT | H91: 20 | J91: =I91-(L91+M91+N91+O91+P91+Q91+R91+S91+T91+U91+V91+W91) -> 0 | K91: =IF(J91<0,"ATENÇÃO","OK") -> OK
A92: ADBX | B92: 6 | C92: 1 | D92: CONE PLASTICO, MEDINDO 25 CM, | F92: CEMAR | H92: 20 | J92: =I92-(L92+M92+N92+O92+P92+Q92+R92+S92+T92+U92+V92+W92) -> 0 | K92: =IF(J92<0,"ATENÇÃO","OK") -> OK
C93: 2 | D93: CONE PLASTICO, MEDINDO 30CM, | F93: CEMAR | H93: 30 | J93: =I93-(L93+M93+N93+O93+P93+Q93+R93+S93+T93+U93+V93+W93) -> 0 | K93: =IF(J93<0,"ATENÇÃO","OK") -> OK
C94: 3 | D94: CONE PLASTICO, MEDINDO 50 CM, | F94: CEMAR | H94: 15 | J94: =I94-(L94+M94+N94+O94+P94+Q94+R94+S94+T94+U94+V94+W94) -> 0 | K94: =IF(J94<0,"ATENÇÃO","OK") -> OK
C95: 4 | D95: MINICONES PARA TREINAMENTO DE AGILIDADE, | F95: CEMAR | H95: 128.5 | I95: 1 | J95: =I95-(L95+M95+N95+O95+P95+Q95+R95+S95+T95+U95+V95+W95) -> 1 | K95: =IF(J95<0,"ATENÇÃO","OK") -> OK
A96: ADBX | B96: 7 | C96: 1 | D96: COLCHONETE, PARA EDUCACAO FISICA, | F96: KNOCKOUT | H96: 50 | J96: =I96-(L96+M96+N96+O96+P96+Q96+R96+S96+T96+U96+V96+W96) -> 0 | K96: =IF(J96<0,"ATENÇÃO","OK") -> OK
C97: 2 | D97: COLCHONETE, PARA EDUCACAO FISICA, | F97: KNOCKOUT | H97: 43 | I97: 20 | J97: =I97-(L97+M97+N97+O97+P97+Q97+R97+S97+T97+U97+V97+W97) -> 20 | K97: =IF(J97<0,"ATENÇÃO","OK") -> OK
C98: 3 | D98: TATAME, DE ENCAIXE EM E.V.A., | F98: HAITI | H98: 60.25 | J98: =I98-(L98+M98+N98+O98+P98+Q98+R98+S98+T98+U98+V98+W98) -> 0 | K98: =IF(J98<0,"ATENÇÃO","OK") -> OK
A99: ADBX | B99: 8 | C99: 1 | D99: JOGO DE TABULEIRO, DE XADREZ, | F99: JAEHRING | H99: 50 | J99: =I99-(L99+M99+N99+O99+P99+Q99+R99+S99+T99+U99+V99+W99) -> 0 | K99: =IF(J99<0,"ATENÇÃO","OK") -> OK
C100: 2 | D100: JOGO DE TABULEIRO, DE XADREZ, | F100: JAEHRING | H100: 10.08 | J100: =I100-(L100+M100+N100+O100+P100+Q100+R100+S100+T100+U100+V100+W100) -> 0 | K100: =IF(J100<0,"ATENÇÃO","OK") -> OK
...

Sheet GESTOR
A1: PROCESSO: 1068/2015/UDESC | D1: OBJETO: AQUISIÇÃO DE MATERIAL ESPORTIVO E DE FISIOTERAPIA PARA A UDESC | I1: VIGÊNCIA DA ATA: 27/11/2015 até 26/11/2016
A2: GESTOR
A3: FORNECEDOR | B3: LOTE | C3: ITEM | D3: PRODUTO - CARACTERÍSTICAS MÍNIMAS | E3: UNIDADE | F3: MARCA | G3: ELEMENTO | H3: Preço UNITÁRIO (R$) | I3: Qtde Registrada | J3: Qtde Utilizada | K3: SALDO | L3: Valor Total Registrado | M3: Valor Total Utilizado
A4: ADBX | B4: 1 | C4: 1 | D4: BOLA DE BORRACHA, DE FRESCOBOL, | E4: UNIDADE | F4: MARE N3 | G4: 10 | H4: 3 | I4: =REITORIA!I4+CEFID!I4+CEART!I4+CAV!I4+CERES!I4 -> 10 | J4: =(REITORIA!I4-REITORIA!J4)+(CEFID!I4-CEFID!J4)+(CEART!I4-CEART!J4)+(CAV!I4-CAV!J4)+(CERES!I4-CERES!J4) -> 0 | K4: =I4-J4 -> 10 | L4: =I4*H4 -> 30 | M4: =J4*H4 -> 0
C5: 2 | D5: BOLA DE BORRACHA, DE INICIACAO ESPORTIVA N12, | F5: LCM N12 | G5: 10 | H5: 10 | I5: =REITORIA!I5+CEFID!I5+CEART!I5+CAV!I5+CERES!I5 -> 10 | J5: =(REITORIA!I5-REITORIA!J5)+(CEFID!I5-CEFID!J5)+(CEART!I5-CEART!J5)+(CAV!I5-CAV!J5)+(CERES!I5-CERES!J5) -> 0 | K5: =I5-J5 -> 10 | L5: =I5*H5 -> 100 | M5: =J5*H5 -> 0
C6: 3 | D6: BOLA DE BORRACHA, DE INICIACAO ESPORTIVA N14, | F6: LCM N14 | G6: 10 | H6: 12 | I6: =REITORIA!I6+CEFID!I6+CEART!I6+CAV!I6+CERES!I6 -> 10 | J6: =(REITORIA!I6-REITORIA!J6)+(CEFID!I6-CEFID!J6)+(CEART!I6-CEART!J6)+(CAV!I6-CAV!J6)+(CERES!I6-CERES!J6) -> 0 | K6: =I6-J6 -> 10 | L6: =I6*H6 -> 120 | M6: =J6*H6 -> 0
C7: 4 | D7: BOLA DE BORRACHA, DE SOFTBOL, | F7: LCM N3 SOFTBOL | G7: 6 | H7: 18 | I7: =REITORIA!I7+CEFID!I7+CEART!I7+CAV!I7+CERES!I7 -> 6 | J7: =(REITORIA!I7-REITORIA!J7)+(CEFID!I7-CEFID!J7)+(CEART!I7-CEART!J7)+(CAV!I7-CAV!J7)+(CERES!I7-CERES!J7) -> 0 | K7: =I7-J7 -> 6 | L7: =I7*H7 -> 108 | M7: =J7*H7 -> 0
C8: 5 | D8: BOLA DE BORRACHA, LATEX, S/COSTURA, | F8: PENALTY 1KG | G8: 3 | H8: 60 | I8: =REITORIA!I8+CEFID!I8+CEART!I8+CAV!I8+CERES!I8 -> 3 | J8: =(REITORIA!I8-REITORIA!J8)+(CEFID!I8-CEFID!J8)+(CEART!I8-CEART!J8)+(CAV!I8-CAV!J8)+(CERES!I8-CERES!J8) -> 0 | K8: =I8-J8 -> 3 | L8: =I8*H8 -> 180 | M8: =J8*H8 -> 0
C9: 6 | D9: BOLA DE BORRACHA, PARA USO FITOTERAPICO | F9: MAGUSSY 6KG | G9: 2 | H9: 150 | I9: =REITORIA!I9+CEFID!I9+CEART!I9+CAV!I9+CERES!I9 -> 2 | J9: =(REITORIA!I9-REITORIA!J9)+(CEFID!I9-CEFID!J9)+(CEART!I9-CEART!J9)+(CAV!I9-CAV!J9)+(CERES!I9-CERES!J9) -> 0 | K9: =I9-J9 -> 2 | L9: =I9*H9 -> 300 | M9: =J9*H9 -> 0
C10: 7 | D10: BOLA DE TENIS DE CAMPO, (QUADRA),OFICIAL, | F10: WILSON CHAPIONSHIP | G10: 27 | H10: 27 | I10: =REITORIA!I10+CEFID!I10+CEART!I10+CAV!I10+CERES!I10 -> 27 | J10: =(REITORIA!I10-REITORIA!J10)+(CEFID!I10-CEFID!J10)+(CEART!I10-CEART!J10)+(CAV!I10-CAV!J10)+(CERES!I10-CERES!J10) -> 0 | K10: =I10-J10 -> 27 | L10: =I10*H10 -> 729 | M10: =J10*H10 -> 0
C11: 8 | D11: BOLA MEDICINE BALL DE 2 KG., | F11: PENALTY | G11: 14 | H11: 14 | I11: =REITORIA!I11+CEFID!I11+CEART!I11+CAV!I11+CERES!I11 -> 14 | J11: =(REITORIA!I11-REITORIA!J11)+(CEFID!I11-CEFID!J11)+(CEART!I11-CEART!J11)+(CAV!I11-CAV!J11)+(CERES!I11-CERES!J11) -> 0 | K11: =I11-J11 -> 14 | L11: =I11*H11 -> 196 | M11: =J11*H11 -> 0
C12: 9 | D12: BOLA MEDICINE BALL DE 3 KG, | F12: ONEAL 3KG | G12: 6 | H12: 180 | I12: =REITORIA!I12+CEFID!I12+CEART!I12+CAV!I12+CERES!I12 -> 6 | J12: =(REITORIA!I12-REITORIA!J12)+(CEFID!I12-CEFID!J12)+(CEART!I12-CEART!J12)+(CAV!I12-CAV!J12)+(CERES!I12-CERES!J12) -> 0 | K12: =I12-J12 -> 6 | L12: =I12*H12 -> 1080 | M12: =J12*H12 -> 0
C13: 10 | D13: BOLA MEDICINE BALL DE 3 KG, | F13: PENALTY 3KG | G13: 4 | H13: 100 | I13: =REITORIA!I13+CEFID!I13+CEART!I13+CAV!I13+CERES!I13 -> 4 | J13: =(REITORIA!I13-REITORIA!J13)+(CEFID!I13-CEFID!J13)+(CEART!I13-CEART!J13)+(CAV!I13-CAV!J13)+(CERES!I13-CERES!J13) -> 0 | K13: =I13-J13 -> 4 | L13: =I13*H13 -> 400 | M13: =J13*H13 -> 0
C14: 11 | D14: BOLA P/FUTEBOL DE CAMPO, BRASIL, | F14: PENALTY PRO BRASIL R2 | G14: 91 | H14: 130 | I14: =REITORIA!I14+CEFID!I14+CEART!I14+CAV!I14+CERES!I14 -> 86 | J14: =(REITORIA!I14-REITORIA!J14)+(CEFID!I14-CEFID!J14)+(CEART!I14-CEART!J14)+(CAV!I14-CAV!J14)+(CERES!I14-CERES!J14) -> 0 | K14: =I14-J14 -> 86 | L14: =I14*H14 -> 11180 | M14: =J14*H14 -> 0
C15: 12 | D15: BOLA PARA BASQUETEBOL, | F15: PENALTY PRO 6.5 | G15: 60 | H15: 150 | I15: =REITORIA!I15+CEFID!I15+CEART!I15+CAV!I15+CERES!I15 -> 60 | J15: =(REITORIA!I15-REITORIA!J15)+(CEFID!I15-CEFID!J15)+(CEART!I15-CEART!J15)+(CAV!I15-CAV!J15)+(CERES!I15-CERES!J15) -> 0 | K15: =I15-J15 -> 60 | L15: =I15*H15 -> 9000 | M15: =J15*H15 -> 0
C16: 13 | D16: BOLA PARA BASQUETEBOL, BASQUETE 7.4, | F16: PENALTY PRO 7.5 | G16: 71 | H16: 160 | I16: =REITORIA!I16+CEFID!I16+CEART!I16+CAV!I16+CERES!I16 -> 71 | J16: =(REITORIA!I16-REITORIA!J16)+(CEFID!I16-CEFID!J16)+(CEART!I16-CEART!J16)+(CAV!I16-CAV!J16)+(CERES!I16-CERES!J16) -> 0 | K16: =I16-J16 -> 71 | L16: =I16*H16 -> 11360 | M16: =J16*H16 -> 0
... C28: 25 | D28: BOLA PARA VOLEIBOL, EM MATERIAL SINTETICO, | F28: PENALTY PRO 6.0 | G28: 83 | H28: 148 | I28: =REITORIA!I28+CEFID!I28+CEART!I28+CAV!I28+CERES!I28 -> 73 | J28: =(REITORIA!I28-REITORIA!J28)+(CEFID!I28-CEFID!J28)+(CEART!I28-CEART!J28)+(CAV!I28-CAV!J28)+(CERES!I28-CERES!J28) -> 0 | K28: =I28-J28 -> 73 | L28: =I28*H28 -> 10804 | M28: =J28*H28 -> 0
A29: ZERMIANI | B29: 2 | C29: 1 | D29: BOLA BOBATH, BOLA BOBATH 65 CM, | F29: BIOFIT | G29: 9 | H29: 55 | I29: =REITORIA!I29+CEFID!I29+CEART!I29+CAV!I29+CERES!I29 -> 9 | J29: =(REITORIA!I29-REITORIA!J29)+(CEFID!I29-CEFID!J29)+(CEART!I29-CEART!J29)+(CAV!I29-CAV!J29)+(CERES!I29-CERES!J29) -> 0 | K29: =I29-J29 -> 9 | L29: =I29*H29 -> 495 | M29: =J29*H29 -> 0
C30: 2 | D30: BOLA BOBATH, BOLA BOBATH 80 CM, | F30: BIOFIT | G30: 6 | H30: 55 | I30: =REITORIA!I30+CEFID!I30+CEART!I30+CAV!I30+CERES!I30 -> 6 | J30: =(REITORIA!I30-REITORIA!J30)+(CEFID!I30-CEFID!J30)+(CEART!I30-CEART!J30)+(CAV!I30-CAV!J30)+(CERES!I30-CERES!J30) -> 3 | K30: =I30-J30 -> 3 | L30: =I30*H30 -> 330 | M30: =J30*H30 -> 165
C31: 3 | D31: BOLA BOBATH, BOLA BOBATH, | F31: BIOFIT | G31: 10 | H31: 50 | I31: =REITORIA!I31+CEFID!I31+CEART!I31+CAV!I31+CERES!I31 -> 10 | J31: =(REITORIA!I31-REITORIA!J31)+(CEFID!I31-CEFID!J31)+(CEART!I31-CEART!J31)+(CAV!I31-CAV!J31)+(CERES!I31-CERES!J31) -> 0 | K31: =I31-J31 -> 10 | L31: =I31*H31 -> 500 | M31: =J31*H31 -> 0
C32: 4 | D32: BOLA BOBATH, BOLA BOBATH, PARA EXERCICIOS TERAPEUTICOS | F32: BIOFIT | G32: 3 | H32: 50 | I32: =REITORIA!I32+CEFID!I32+CEART!I32+CAV!I32+CERES!I32 -> 3 | J32: =(REITORIA!I32-REITORIA!J32)+(CEFID!I32-CEFID!J32)+(CEART!I32-CEART!J32)+(CAV!I32-CAV!J32)+(CERES!I32-CERES!J32) -> 0 | K32: =I32-J32 -> 3 | L32: =I32*H32 -> 150 | M32: =J32*H32 -> 0
C33: 5 | D33: BOLA BOBATH, BOLA BOBATH, | F33: BIOFIT | G33: 4 | H33: 75 | I33: =REITORIA!I33+CEFID!I33+CEART!I33+CAV!I33+CERES!I33 -> 4 | J33: =(REITORIA!I33-REITORIA!J33)+(CEFID!I33-CEFID!J33)+(CEART!I33-CEART!J33)+(CAV!I33-CAV!J33)+(CERES!I33-CERES!J33) -> 0 | K33: =I33-J33 -> 4 | L33: =I33*H33 -> 300 | M33: =J33*H33 -> 0
C34: 6 | D34: BOLA BOBATH, BOLA BOBATH, | F34: BIOFIT | G34: 4 | H34: 60 | I34: =REITORIA!I34+CEFID!I34+CEART!I34+CAV!I34+CERES!I34 -> 4 | J34: =(REITORIA!I34-REITORIA!J34)+(CEFID!I34-CEFID!J34)+(CEART!I34-CEART!J34)+(CAV!I34-CAV!J34)+(CERES!I34-CERES!J34) -> 0 | K34: =I34-J34 -> 4 | L34: =I34*H34 -> 240 | M34: =J34*H34 -> 0
C35: 7 | D35: BOLA BOBATH, BOLA BOBATH, | F35: BIOFIT | G35: 10 | H35: 39 | I35: =REITORIA!I35+CEFID!I35+CEART!I35+CAV!I35+CERES!I35 -> 10 | J35: =(REITORIA!I35-REITORIA!J35)+(CEFID!I35-CEFID!J35)+(CEART!I35-CEART!J35)+(CAV!I35-CAV!J35)+(CERES!I35-CERES!J35) -> 3 | K35: =I35-J35 -> 7 | L35: =I35*H35 -> 390 | M35: =J35*H35 -> 117
C36: 8 | D36: BOLA DE BORRACHA, PARA EXERCICIO FUNCIONAL, OVER BALL | F36: UP LIFT | G36: 10 | H36: 25 | I36: =REITORIA!I36+CEFID!I36+CEART!I36+CAV!I36+CERES!I36 -> 10 | J36: =(REITORIA!I36-REITORIA!J36)+(CEFID!I36-CEFID!J36)+(CEART!I36-CEART!J36)+(CAV!I36-CAV!J36)+(CERES!I36-CERES!J36) -> 0 | K36: =I36-J36 -> 10 | L36: =I36*H36 -> 250 | M36: =J36*H36 -> 0
C37: 9 | D37: BOLA, PARA BODY BALANCE DOME, | F37: BIOFIT | G37: 8 | H37: 250 | I37: =REITORIA!I37+CEFID!I37+CEART!I37+CAV!I37+CERES!I37 -> 8 | J37: =(REITORIA!I37-REITORIA!J37)+(CEFID!I37-CEFID!J37)+(CEART!I37-CEART!J37)+(CAV!I37-CAV!J37)+(CERES!I37-CERES!J37) -> 0 | K37: =I37-J37 -> 8 | L37: =I37*H37 -> 2000 | M37: =J37*H37 -> 0
C38: 10 | D38: BOLA, PARA BODY BALANCE DOME, | F38: BIOFIT | G38: 6 | H38: 290 | I38: =REITORIA!I38+CEFID!I38+CEART!I38+CAV!I38+CERES!I38 -> 6 | J38: =(REITORIA!I38-REITORIA!J38)+(CEFID!I38-CEFID!J38)+(CEART!I38-CEART!J38)+(CAV!I38-CAV!J38)+(CERES!I38-CERES!J38) -> 0 | K38: =I38-J38 -> 6 | L38: =I38*H38 -> 1740 | M38: =J38*H38 -> 0
C39: 11 | D39: BOLA, PARA EXERCICIOS FISICOS, 26 CM DE DIAMETRO, | F39: UP LIFT | G39: 32 | H39: 21.5 | I39: =REITORIA!I39+CEFID!I39+CEART!I39+CAV!I39+CERES!I39 -> 32 | J39: =(REITORIA!I39-REITORIA!J39)+(CEFID!I39-CEFID!J39)+(CEART!I39-CEART!J39)+(CAV!I39-CAV!J39)+(CERES!I39-CERES!J39) -> 1 | K39: =I39-J39 -> 31 | L39: =I39*H39 -> 688 | M39: =J39*H39 -> 21.5
C40: 12 | D40: DISCO DE BORRACHA, DISCO ESPORTIVO DE EQUILIBRIO, | F40: BIOFIT | G40: 3 | H40: 50 | I40: =REITORIA!I40+CEFID!I40+CEART!I40+CAV!I40+CERES!I40 -> 3 | J40: =(REITORIA!I40-REITORIA!J40)+(CEFID!I40-CEFID!J40)+(CEART!I40-CEART!J40)+(CAV!I40-CAV!J40)+(CERES!I40-CERES!J40) -> 0 | K40: =I40-J40 -> 3 | L40: =I40*H40 -> 150 | M40: =J40*H40 -> 0
C41: 13 | D41: DISCO DE BORRACHA, DISCO ESPORTIVO DE EQUILIBRIO, | F41: BIOFIT | G41: 6 | H41: 55 | I41: =REITORIA!I41+CEFID!I41+CEART!I41+CAV!I41+CERES!I41 -> 6 | J41: =(REITORIA!I41-REITORIA!J41)+(CEFID!I41-CEFID!J41)+(CEART!I41-CEART!J41)+(CAV!I41-CAV!J41)+(CERES!I41-CERES!J41) -> 0 | K41: =I41-J41 -> 6 | L41: =I41*H41 -> 330 | M41: =J41*H41 -> 0
... C47: 19 | D47: PECAS E COMPONENTES, STEP CONFECCIONADO EM MATERIAL | F47: PANGUE | G47: 2 | H47: 70 | I47: =REITORIA!I47+CEFID!I47+CEART!I47+CAV!I47+CERES!I47 -> 2 | J47: =(REITORIA!I47-REITORIA!J47)+(CEFID!I47-CEFID!J47)+(CEART!I47-CEART!J47)+(CAV!I47-CAV!J47)+(CERES!I47-CERES!J47) -> 0 | K47: =I47-J47 -> 2 | L47: =I47*H47 -> 140 | M47: =J47*H47 -> 0
B48: 3 | C48: 1 | D48: INFRUTÍFERO | I48: =REITORIA!I48+CEFID!I48+CEART!I48+CAV!I48+CERES!I48 -> 0 | J48: =(REITORIA!I48-REITORIA!J48)+(CEFID!I48-CEFID!J48)+(CEART!I48-CEART!J48)+(CAV!I48-CAV!J48)+(CERES!I48-CERES!J48) -> 0 | K48: =I48-J48 -> 0 | L48: =I48*H48 -> 0 | M48: =J48*H48 -> 0
C49: 2 | D49: INFRUTÍFERO | I49: =REITORIA!I49+CEFID!I49+CEART!I49+CAV!I49+CERES!I49 -> 0 | J49: =(REITORIA!I49-REITORIA!J49)+(CEFID!I49-CEFID!J49)+(CEART!I49-CEART!J49)+(CAV!I49-CAV!J49)+(CERES!I49-CERES!J49) -> 0 | K49: =I49-J49 -> 0 | L49: =I49*H49 -> 0 | M49: =J49*H49 -> 0
C50: 3 | D50: INFRUTÍFERO | I50: =REITORIA!I50+CEFID!I50+CEART!I50+CAV!I50+CERES!I50 -> 0 | J50: =(REITORIA!I50-REITORIA!J50)+(CEFID!I50-CEFID!J50)+(CEART!I50-CEART!J50)+(CAV!I50-CAV!J50)+(CERES!I50-CERES!J50) -> 0 | K50: =I50-J50 -> 0 | L50: =I50*H50 -> 0 | M50: =J50*H50 -> 0
C51: 4 | D51: INFRUTÍFERO | I51: =REITORIA!I51+CEFID!I51+CEART!I51+CAV!I51+CERES!I51 -> 0 | J51: =(REITORIA!I51-REITORIA!J51)+(CEFID!I51-CEFID!J51)+(CEART!I51-CEART!J51)+(CAV!I51-CAV!J51)+(CERES!I51-CERES!J51) -> 0 | K51: =I51-J51 -> 0 | L51: =I51*H51 -> 0 | M51: =J51*H51 -> 0
C52: 5 | D52: INFRUTÍFERO | I52: =REITORIA!I52+CEFID!I52+CEART!I52+CAV!I52+CERES!I52 -> 0 | J52: =(REITORIA!I52-REITORIA!J52)+(CEFID!I52-CEFID!J52)+(CEART!I52-CEART!J52)+(CAV!I52-CAV!J52)+(CERES!I52-CERES!J52) -> 0 | K52: =I52-J52 -> 0 | L52: =I52*H52 -> 0 | M52: =J52*H52 -> 0
C53: 6 | D53: INFRUTÍFERO | I53: =REITORIA!I53+CEFID!I53+CEART!I53+CAV!I53+CERES!I53 -> 0 | J53: =(REITORIA!I53-REITORIA!J53)+(CEFID!I53-CEFID!J53)+(CEART!I53-CEART!J53)+(CAV!I53-CAV!J53)+(CERES!I53-CERES!J53) -> 0 | K53: =I53-J53 -> 0 | L53: =I53*H53 -> 0 | M53: =J53*H53 -> 0
C54: 7 | D54: INFRUTÍFERO | I54: =REITORIA!I54+CEFID!I54+CEART!I54+CAV!I54+CERES!I54 -> 0 | J54: =(REITORIA!I54-REITORIA!J54)+(CEFID!I54-CEFID!J54)+(CEART!I54-CEART!J54)+(CAV!I54-CAV!J54)+(CERES!I54-CERES!J54) -> 0 | K54: =I54-J54 -> 0 | L54: =I54*H54 -> 0 | M54: =J54*H54 -> 0
C55: 8 | D55: INFRUTÍFERO | I55: =REITORIA!I55+CEFID!I55+CEART!I55+CAV!I55+CERES!I55 -> 0 | J55: =(REITORIA!I55-REITORIA!J55)+(CEFID!I55-CEFID!J55)+(CEART!I55-CEART!J55)+(CAV!I55-CAV!J55)+(CERES!I55-CERES!J55) -> 0 | K55: =I55-J55 -> 0 | L55: =I55*H55 -> 0 | M55: =J55*H55 -> 0
C56: 9 | D56: INFRUTÍFERO | I56: =REITORIA!I56+CEFID!I56+CEART!I56+CAV!I56+CERES!I56 -> 0 | J56: =(REITORIA!I56-REITORIA!J56)+(CEFID!I56-CEFID!J56)+(CEART!I56-CEART!J56)+(CAV!I56-CAV!J56)+(CERES!I56-CERES!J56) -> 0 | K56: =I56-J56 -> 0 | L56: =I56*H56 -> 0 | M56: =J56*H56 -> 0
C57: 10 | D57: INFRUTÍFERO | I57: =REITORIA!I57+CEFID!I57+CEART!I57+CAV!I57+CERES!I57 -> 0 | J57: =(REITORIA!I57-REITORIA!J57)+(CEFID!I57-CEFID!J57)+(CEART!I57-CEART!J57)+(CAV!I57-CAV!J57)+(CERES!I57-CERES!J57) -> 0 | K57: =I57-J57 -> 0 | L57: =I57*H57 -> 0 | M57: =J57*H57 -> 0
C58: 11 | D58: INFRUTÍFERO | I58: =REITORIA!I58+CEFID!I58+CEART!I58+CAV!I58+CERES!I58 -> 0 | J58: =(REITORIA!I58-REITORIA!J58)+(CEFID!I58-CEFID!J58)+(CEART!I58-CEART!J58)+(CAV!I58-CAV!J58)+(CERES!I58-CERES!J58) -> 0 | K58: =I58-J58 -> 0 | L58: =I58*H58 -> 0 | M58: =J58*H58 -> 0
C59: 12 | D59: INFRUTÍFERO | I59: =REITORIA!I59+CEFID!I59+CEART!I59+CAV!I59+CERES!I59 -> 0 | J59: =(REITORIA!I59-REITORIA!J59)+(CEFID!I59-CEFID!J59)+(CEART!I59-CEART!J59)+(CAV!I59-CAV!J59)+(CERES!I59-CERES!J59) -> 0 | K59: =I59-J59 -> 0 | L59: =I59*H59 -> 0 | M59: =J59*H59 -> 0
C60: 13 | D60: INFRUTÍFERO | I60: =REITORIA!I60+CEFID!I60+CEART!I60+CAV!I60+CERES!I60 -> 0 | J60: =(REITORIA!I60-REITORIA!J60)+(CEFID!I60-CEFID!J60)+(CEART!I60-CEART!J60)+(CAV!I60-CAV!J60)+(CERES!I60-CERES!J60) -> 0 | K60: =I60-J60 -> 0 | L60: =I60*H60 -> 0 | M60: =J60*H60 -> 0
C61: 14 | D61: INFRUTÍFERO | I61: =REITORIA!I61+CEFID!I61+CEART!I61+CAV!I61+CERES!I61 -> 0 | J61: =(REITORIA!I61-REITORIA!J61)+(CEFID!I61-CEFID!J61)+(CEART!I61-CEART!J61)+(CAV!I61-CAV!J61)+(CERES!I61-CERES!J61) -> 0 | K61: =I61-J61 -> 0 | L61: =I61*H61 -> 0 | M61: =J61*H61 -> 0
A62: ADBX | B62: 4 | C62: 1 | D62: CINTO PARA PRATICA ESPORTIVA, CINTO DE MUSCULA | F62: PRO ACTION | G62: 5 | H62: 60 | I62: =REITORIA!I62+CEFID!I62+CEART!I62+CAV!I62+CERES!I62 -> 5 | J62: =(REITORIA!I62-REITORIA!J62)+(CEFID!I62-CEFID!J62)+(CEART!I62-CEART!J62)+(CAV!I62-CAV!J62)+(CERES!I62-CERES!J62) -> 0 | K62: =I62-J62 -> 5 | L62: =I62*H62 -> 300 | M62: =J62*H62 -> 0
C63: 2 | D63: CINTO PARA PRATICA ESPORTIVA, CINTO DE TRA«ŸO DUPLO | F63: KNOCKOUT | G63: 2 | H63: 150 | I63: =REITORIA!I63+CEFID!I63+CEART!I63+CAV!I63+CERES!I63 -> 2 | J63: =(REITORIA!I63-REITORIA!J63)+(CEFID!I63-CEFID!J63)+(CEART!I63-CEART!J63)+(CAV!I63-CAV!J63)+(CERES!I63-CERES!J63) -> 0 | K63: =I63-J63 -> 2 | L63: =I63*H63 -> 300 | M63: =J63*H63 -> 0
C64: 3 | D64: LONA DE ESTEIRA, | F64: POLIMET | G64: 1 | H64: 280 | I64: =REITORIA!I64+CEFID!I64+CEART!I64+CAV!I64+CERES!I64 -> 1 | J64: =(REITORIA!I64-REITORIA!J64)+(CEFID!I64-CEFID!J64)+(CEART!I64-CEART!J64)+(CAV!I64-CAV!J64)+(CERES!I64-CERES!J64) -> 0 | K64: =I64-J64 -> 1 | L64: =I64*H64 -> 280 | M64: =J64*H64 -> 0
C65: 4 | D65: PLATAFORMA DESLIZANTE | F65: PISTA E CAMPO | G65: 2 | H65: 230 | I65: =REITORIA!I65+CEFID!I65+CEART!I65+CAV!I65+CERES!I65 -> 2 | J65: =(REITORIA!I65-REITORIA!J65)+(CEFID!I65-CEFID!J65)+(CEART!I65-CEART!J65)+(CAV!I65-CAV!J65)+(CERES!I65-CERES!J65) -> 0 | K65: =I65-J65 -> 2 | L65: =I65*H65 -> 460 | M65: =J65*H65 -> 0
C66: 5 | D66: RODA DE EXERCICIOS PARA | F66: PISTA E CAMPO | G66: 3 | H66: 50 | I66: =REITORIA!I66+CEFID!I66+CEART!I66+CAV!I66+CERES!I66 -> 3 | J66: =(REITORIA!I66-REITORIA!J66)+(CEFID!I66-CEFID!J66)+(CEART!I66-CEART!J66)+(CAV!I66-CAV!J66)+(CERES!I66-CERES!J66) -> 0 | K66: =I66-J66 -> 3 | L66: =I66*H66 -> 150 | M66: =J66*H66 -> 0
C67: 6 | D67: RODA MULTIFUNCIONAL | F67: VOLLO | G67: 7 | H67: 230 | I67: =REITORIA!I67+CEFID!I67+CEART!I67+CAV!I67+CERES!I67 -> 7 | J67: =(REITORIA!I67-REITORIA!J67)+(CEFID!I67-CEFID!J67)+(CEART!I67-CEART!J67)+(CAV!I67-CAV!J67)+(CERES!I67-CERES!J67) -> 0 | K67: =I67-J67 -> 7 | L67: =I67*H67 -> 1610 | M67: =J67*H67 -> 0
C68: 7 | D68: STICK RIGIDO PARA | F68: FITNES | G68: 3 | H68: 70 | I68: =REITORIA!I68+CEFID!I68+CEART!I68+CAV!I68+CERES!I68 -> 3 | J68: =(REITORIA!I68-REITORIA!J68)+(CEFID!I68-CEFID!J68)+(CEART!I68-CEART!J68)+(CAV!I68-CAV!J68)+(CERES!I68-CERES!J68) -> 0 | K68: =I68-J68 -> 3 | L68: =I68*H68 -> 210 | M68: =J68*H68 -> 0
C69: 8 | D69: CANELEIRA EM NYLON, 1KG, | F69: NEOFIT | G69: 41 | H69: 20 | I69: =REITORIA!I69+CEFID!I69+CEART!I69+CAV!I69+CERES!I69 -> 41 | J69: =(REITORIA!I69-REITORIA!J69)+(CEFID!I69-CEFID!J69)+(CEART!I69-CEART!J69)+(CAV!I69-CAV!J69)+(CERES!I69-CERES!J69) -> 0 | K69: =I69-J69 -> 41 | L69: =I69*H69 -> 820 | M69: =J69*H69 -> 0
C70: 9 | D70: CANELEIRA EM NYLON, 2KG, | F70: NEOFIT | G70: 21 | H70: 30 | I70: =REITORIA!I70+CEFID!I70+CEART!I70+CAV!I70+CERES!I70 -> 21 | J70: =(REITORIA!I70-REITORIA!J70)+(CEFID!I70-CEFID!J70)+(CEART!I70-CEART!J70)+(CAV!I70-CAV!J70)+(CERES!I70-CERES!J70) -> 0 | K70: =I70-J70 -> 21 | L70: =I70*H70 -> 630 | M70: =J70*H70 -> 0
C71: 10 | D71: CANELEIRA EM NYLON, 3KG, | F71: NEOFIT | G71: 8 | H71: 35 | I71: =REITORIA!I71+CEFID!I71+CEART!I71+CAV!I71+CERES!I71 -> 8 | J71: =(REITORIA!I71-REITORIA!J71)+(CEFID!I71-CEFID!J71)+(CEART!I71-CEART!J71)+(CAV!I71-CAV!J71)+(CERES!I71-CERES!J71) -> 0 | K71: =I71-J71 -> 8 | L71: =I71*H71 -> 280 | M71: =J71*H71 -> 0
C72: 11 | D72: CANELEIRA EM NYLON, 4KG, | F72: NEOFIT | G72: 14 | H72: 40 | I72: =REITORIA!I72+CEFID!I72+CEART!I72+CAV!I72+CERES!I72 -> 14 | J72: =(REITORIA!I72-REITORIA!J72)+(CEFID!I72-CEFID!J72)+(CEART!I72-CEART!J72)+(CAV!I72-CAV!J72)+(CERES!I72-CERES!J72) -> 0 | K72: =I72-J72 -> 14 | L72: =I72*H72 -> 560 | M72: =J72*H72 -> 0
C73: 12 | D73: CANELEIRA EM NYLON, 5KG, | F73: NEOFIT | G73: 12 | H73: 50 | I73: =REITORIA!I73+CEFID!I73+CEART!I73+CAV!I73+CERES!I73 -> 12 | J73: =(REITORIA!I73-REITORIA!J73)+(CEFID!I73-CEFID!J73)+(CEART!I73-CEART!J73)+(CAV!I73-CAV!J73)+(CERES!I73-CERES!J73) -> 0 | K73: =I73-J73 -> 12 | L73: =I73*H73 -> 600 | M73: =J73*H73 -> 0
A74: ADBX | B74: 5 | C74: 1 | D74: MINI SKATE PARA USO EM REABILITACAO, | F74: HYPER WHEEIS | G74: 2 | H74: 220 | I74: =REITORIA!I74+CEFID!I74+CEART!I74+CAV!I74+CERES!I74 -> 2 | J74: =(REITORIA!I74-REITORIA!J74)+(CEFID!I74-CEFID!J74)+(CEART!I74-CEART!J74)+(CAV!I74-CAV!J74)+(CERES!I74-CERES!J74) -> 0 | K74: =I74-J74 -> 2 | L74: =I74*H74 -> 440 | M74: =J74*H74 -> 0
C75: 2 | D75: ARCO PLASTICO TIPO BAMBOLE, | F75: CEMAR | G75: 12 | H75: 50 | I75: =REITORIA!I75+CEFID!I75+CEART!I75+CAV!I75+CERES!I75 -> 11 | J75: =(REITORIA!I75-REITORIA!J75)+(CEFID!I75-CEFID!J75)+(CEART!I75-CEART!J75)+(CAV!I75-CAV!J75)+(CERES!I75-CERES!J75) -> 0 | K75: =I75-J75 -> 11 | L75: =I75*H75 -> 550 | M75: =J75*H75 -> 0
C76: 3 | D76: Kit para Piscina de bolinhas, coloridas, | F76: JOTT PLAY | G76: 1 | H76: 90 | I76: =REITORIA!I76+CEFID!I76+CEART!I76+CAV!I76+CERES!I76 -> 1 | J76: =(REITORIA!I76-REITORIA!J76)+(CEFID!I76-CEFID!J76)+(CEART!I76-CEART!J76)+(CAV!I76-CAV!J76)+(CERES!I76-CERES!J76) -> 0 | K76: =I76-J76 -> 1 | L76: =I76*H76 -> 90 | M76: =J76*H76 -> 0
C77: 4 | D77: BOMBA PARA ENCHER BOLA, COM BICO DE METAL, | F77: PENALTY | G77: 1 | H77: 20 | I77: =REITORIA!I77+CEFID!I77+CEART!I77+CAV!I77+CERES!I77 -> 1 | J77: =(REITORIA!I77-REITORIA!J77)+(CEFID!I77-CEFID!J77)+(CEART!I77-CEART!J77)+(CAV!I77-CAV!J77)+(CERES!I77-CERES!J77) -> 0 | K77: =I77-J77 -> 1 | L77: =I77*H77 -> 20 | M77: =J77*H77 -> 0
C78: 5 | D78: CORDA PARA PULAR, COM CABO DE MADEIRA NAS PONTAS, | F78: PULA CORDA | G78: 9 | H78: 25 | I78: =REITORIA!I78+CEFID!I78+CEART!I78+CAV!I78+CERES!I78 -> 9 | J78: =(REITORIA!I78-REITORIA!J78)+(CEFID!I78-CEFID!J78)+(CEART!I78-CEART!J78)+(CAV!I78-CAV!J78)+(CERES!I78-CERES!J78) -> 0 | K78: =I78-J78 -> 9 | L78: =I78*H78 -> 225 | M78: =J78*H78 -> 0
C79: 6 | D79: CORDA PARA PULAR, COM CABO DE MADEIRA NAS PONTAS, | F79: PULA CORDA | G79: 13 | H79: 10 | I79: =REITORIA!I79+CEFID!I79+CEART!I79+CAV!I79+CERES!I79 -> 13 | J79: =(REITORIA!I79-REITORIA!J79)+(CEFID!I79-CEFID!J79)+(CEART!I79-CEART!J79)+(CAV!I79-CAV!J79)+(CERES!I79-CERES!J79) -> 0 | K79: =I79-J79 -> 13 | L79: =I79*H79 -> 130 | M79: =J79*H79 -> 0
C80: 7 | D80: Frisbee Disco Voador para jogo Ultimate. | F80: MARE | G80: 4 | H80: 25 | I80: =REITORIA!I80+CEFID!I80+CEART!I80+CAV!I80+CERES!I80 -> 4 | J80: =(REITORIA!I80-REITORIA!J80)+(CEFID!I80-CEFID!J80)+(CEART!I80-CEART!J80)+(CAV!I80-CAV!J80)+(CERES!I80-CERES!J80) -> 0 | K80: =I80-J80 -> 4 | L80: =I80*H80 -> 100 | M80: =J80*H80 -> 0
C81: 8 | D81: ESCADA DE CIRCUITO, DE NYLON, Escada de circuito, | F81: PISTA E CAMPO | G81: 13 | H81: 190 | I81: =REITORIA!I81+CEFID!I81+CEART!I81+CAV!I81+CERES!I81 -> 13 | J81: =(REITORIA!I81-REITORIA!J81)+(CEFID!I81-CEFID!J81)+(CEART!I81-CEART!J81)+(CAV!I81-CAV!J81)+(CERES!I81-CERES!J81) -> 0 | K81: =I81-J81 -> 13 | L81: =I81*H81 -> 2470 | M81: =J81*H81 -> 0
C82: 9 | D82: JOGO, DE TACO, Kit com 2(dois) | F82: MARE | G82: 3 | H82: 35 | I82: =REITORIA!I82+CEFID!I82+CEART!I82+CAV!I82+CERES!I82 -> 3 | J82: =(REITORIA!I82-REITORIA!J82)+(CEFID!I82-CEFID!J82)+(CEART!I82-CEART!J82)+(CAV!I82-CAV!J82)+(CERES!I82-CERES!J82) -> 0 | K82: =I82-J82 -> 3 | L82: =I82*H82 -> 105 | M82: =J82*H82 -> 0
C83: 10 | D83: LUVA DE GOLEIRO (DIVERSAS), | F83: STADIUM | G83: 15 | H83: 50 | I83: =REITORIA!I83+CEFID!I83+CEART!I83+CAV!I83+CERES!I83 -> 15 | J83: =(REITORIA!I83-REITORIA!J83)+(CEFID!I83-CEFID!J83)+(CEART!I83-CEART!J83)+(CAV!I83-CAV!J83)+(CERES!I83-CERES!J83) -> 0 | K83: =I83-J83 -> 15 | L83: =I83*H83 -> 750 | M83: =J83*H83 -> 0
C84: 11 | D84: DESPORTIVAS, CRONOMETRO( | F84: VOLLO | G84: 10 | H84: 30 | I84: =REITORIA!I84+CEFID!I84+CEART!I84+CAV!I84+CERES!I84 -> 10 | J84: =(REITORIA!I84-REITORIA!J84)+(CEFID!I84-CEFID!J84)+(CEART!I84-CEART!J84)+(CAV!I84-CAV!J84)+(CERES!I84-CERES!J84) -> 0 | K84: =I84-J84 -> 10 | L84: =I84*H84 -> 300 | M84: =J84*H84 -> 0
C85: 12 | D85: GRAMA SINTETICA ESPECIAL | F85: SPORT GRESS | G85: 2 | H85: 150 | I85: =REITORIA!I85+CEFID!I85+CEART!I85+CAV!I85+CERES!I85 -> 2 | J85: =(REITORIA!I85-REITORIA!J85)+(CEFID!I85-CEFID!J85)+(CEART!I85-CEART!J85)+(CAV!I85-CAV!J85)+(CERES!I85-CERES!J85) -> 0 | K85: =I85-J85 -> 2 | L85: =I85*H85 -> 300 | M85: =J85*H85 -> 0
C86: 13 | D86: KIT DE ARGOLAS PARA TREINO | F86: PISTA E CAMPO | G86: 3 | H86: 100 | I86: =REITORIA!I86+CEFID!I86+CEART!I86+CAV!I86+CERES!I86 -> 3 | J86: =(REITORIA!I86-REITORIA!J86)+(CEFID!I86-CEFID!J86)+(CEART!I86-CEART!J86)+(CAV!I86-CAV!J86)+(CERES!I86-CERES!J86) -> 0 | K86: =I86-J86 -> 3 | L86: =I86*H86 -> 300 | M86: =J86*H86 -> 0
... C91: 18 | D91: SACO PARA CARREGAR/TRANSPORTAR MATERIAL ESPORTIVO, | F91: REDESPORT | G91: 8 | H91: 20 | I91: =REITORIA!I91+CEFID!I91+CEART!I91+CAV!I91+CERES!I91 -> 8 | J91: =(REITORIA!I91-REITORIA!J91)+(CEFID!I91-CEFID!J91)+(CEART!I91-CEART!J91)+(CAV!I91-CAV!J91)+(CERES!I91-CERES!J91) -> 0 | K91: =I91-J91 -> 8 | L91: =I91*H91 -> 160 | M91: =J91*H91 -> 0
A92: ADBX | B92: 6 | C92: 1 | D92: CONE PLASTICO, MEDINDO 25 CM, | F92: CEMAR | G92: 17 | H92: 20 | I92: =REITORIA!I92+CEFID!I92+CEART!I92+CAV!I92+CERES!I92 -> 17 | J92: =(REITORIA!I92-REITORIA!J92)+(CEFID!I92-CEFID!J92)+(CEART!I92-CEART!J92)+(CAV!I92-CAV!J92)+(CERES!I92-CERES!J92) -> 0 | K92: =I92-J92 -> 17 | L92: =I92*H92 -> 340 | M92: =J92*H92 -> 0
C93: 2 | D93: CONE PLASTICO, MEDINDO 30CM, | F93: CEMAR | G93: 5 | H93: 30 | I93: =REITORIA!I93+CEFID!I93+CEART!I93+CAV!I93+CERES!I93 -> 5 | J93: =(REITORIA!I93-REITORIA!J93)+(CEFID!I93-CEFID!J93)+(CEART!I93-CEART!J93)+(CAV!I93-CAV!J93)+(CERES!I93-CERES!J93) -> 0 | K93: =I93-J93 -> 5 | L93: =I93*H93 -> 150 | M93: =J93*H93 -> 0
C94: 3 | D94: CONE PLASTICO, MEDINDO 50 CM, | F94: CEMAR | G94: 15 | H94: 15 | I94: =REITORIA!I94+CEFID!I94+CEART!I94+CAV!I94+CERES!I94 -> 15 | J94: =(REITORIA!I94-REITORIA!J94)+(CEFID!I94-CEFID!J94)+(CEART!I94-CEART!J94)+(CAV!I94-CAV!J94)+(CERES!I94-CERES!J94) -> 0 | K94: =I94-J94 -> 15 | L94: =I94*H94 -> 225 | M94: =J94*H94 -> 0
C95: 4 | D95: MINICONES PARA TREINAMENTO DE AGILIDADE, | F95: CEMAR | G95: 10 | H95: 128.5 | I95: =REITORIA!I95+CEFID!I95+CEART!I95+CAV!I95+CERES!I95 -> 10 | J95: =(REITORIA!I95-REITORIA!J95)+(CEFID!I95-CEFID!J95)+(CEART!I95-CEART!J95)+(CAV!I95-CAV!J95)+(CERES!I95-CERES!J95) -> 0 | K95: =I95-J95 -> 10 | L95: =I95*H95 -> 1285 | M95: =J95*H95 -> 0
A96: ADBX | B96: 7 | C96: 1 | D96: COLCHONETE, PARA EDUCACAO FISICA, | F96: KNOCKOUT | G96: 11 | H96: 50 | I96: =REITORIA!I96+CEFID!I96+CEART!I96+CAV!I96+CERES!I96 -> 11 | J96: =(REITORIA!I96-REITORIA!J96)+(CEFID!I96-CEFID!J96)+(CEART!I96-CEART!J96)+(CAV!I96-CAV!J96)+(CERES!I96-CERES!J96) -> 0 | K96: =I96-J96 -> 11 | L96: =I96*H96 -> 550 | M96: =J96*H96 -> 0
C97: 2 | D97: COLCHONETE, PARA EDUCACAO FISICA, | F97: KNOCKOUT | G97: 63 | H97: 43 | I97: =REITORIA!I97+CEFID!I97+CEART!I97+CAV!I97+CERES!I97 -> 63 | J97: =(REITORIA!I97-REITORIA!J97)+(CEFID!I97-CEFID!J97)+(CEART!I97-CEART!J97)+(CAV!I97-CAV!J97)+(CERES!I97-CERES!J97) -> 0 | K97: =I97-J97 -> 63 | L97: =I97*H97 -> 2709 | M97: =J97*H97 -> 0
C98: 3 | D98: TATAME, DE ENCAIXE EM E.V.A., | F98: HAITI | G98: 4 | H98: 60.25 | I98: =REITORIA!I98+CEFID!I98+CEART!I98+CAV!I98+CERES!I98 -> 4 | J98: =(REITORIA!I98-REITORIA!J98)+(CEFID!I98-CEFID!J98)+(CEART!I98-CEART!J98)+(CAV!I98-CAV!J98)+(CERES!I98-CERES!J98) -> 0 | K98: =I98-J98 -> 4 | L98: =I98*H98 -> 241 | M98: =J98*H98 -> 0
A99: ADBX | B99: 8 | C99: 1 | D99: JOGO DE TABULEIRO, DE XADREZ, | F99: JAEHRING | G99: 28 | H99: 50 | I99: =REITORIA!I99+CEFID!I99+CEART!I99+CAV!I99+CERES!I99 -> 28 | J99: =(REITORIA!I99-REITORIA!J99)+(CEFID!I99-CEFID!J99)+(CEART!I99-CEART!J99)+(CAV!I99-CAV!J99)+(CERES!I99-CERES!J99) -> 0 | K99: =I99-J99 -> 28 | L99: =I99*H99 -> 1400 | M99: =J99*H99 -> 0
C100: 2 | D100: JOGO DE TABULEIRO, DE XADREZ, | F100: JAEHRING | G100: 25 | H100: 10.08 | I100: =REITORIA!I100+CEFID!I100+CEART!I100+CAV!I100+CERES!I100 -> 25 | J100: =(REITORIA!I100-REITORIA!J100)+(CEFID!I100-CEFID!J100)+(CEART!I100-CEART!J100)+(CAV!I100-CAV!J100)+(CERES!I100-CERES!J100) -> 0 | K100: =I100-J100 -> 25 | L100: =I100*H100 -> 252 | M100: =J100*H100 -> 0
C101: 3 | D101: RELOGIO DUPLO, PARA XADREZ, | F101: JAEHRING | G101: 26 | H101: 98 | I101: =REITORIA!I101+CEFID!I101+CEART!I101+CAV!I101+CERES!I101 -> 26 | J101: =(REITORIA!I101-REITORIA!J101)+(CEFID!I101-CEFID!J101)+(CEART!I101-CEART!J101)+(CAV!I101-CAV!J101)+(CERES!I101-CERES!J101) -> 0 | K101: =I101-J101 -> 26 | L101: =I101*H101 -> 2548 | M101: =J101*H101 -> 0
A102: ADBX | B102: 9 | C102: 1 | D102: KIMONO BRANCO PARA PRATICA A1 | F102: TORAH | G102: 5 | H102: 220.2 | I102: =REITORIA!I102+CEFID!I102+CEART!I102+CAV!I102+CERES!I102 -> 5 | J102: =(REITORIA!I102-REITORIA!J102)+(CEFID!I102-CEFID!J102)+(CEART!I102-CEART!J102)+(CAV!I102-CAV!J102)+(CERES!I102-CERES!J102) -> 0 | K102: =I102-J102 -> 5 | L102: =I102*H102 -> 1101 | M102: =J102*H102 -> 0
C103: 2 | D103: KIMONO BRANCO PARA PRATICA A2 | F103: TORAH | G103: 6 | H103: 223 | I103: =REITORIA!I103+CEFID!I103+CEART!I103+CAV!I103+CERES!I103 -> 6 | J103: =(REITORIA!I103-REITORIA!J103)+(CEFID!I103-CEFID!J103)+(CEART!I103-CEART!J103)+(CAV!I103-CAV!J103)+(CERES!I103-CERES!J103) -> 0 | K103: =I103-J103 -> 6 | L103: =I103*H103 -> 1338 | M103: =J103*H103 -> 0
C104: 3 | D104: KIMONO BRANCO PARA PRATICA A3 | F104: TORAH | G104: 7 | H104: 223 | I104: =REITORIA!I104+CEFID!I104+CEART!I104+CAV!I104+CERES!I104 -> 7 | J104: =(REITORIA!I104-REITORIA!J104)+(CEFID!I104-CEFID!J104)+(CEART!I104-CEART!J104)+(CAV!I104-CAV!J104)+(CERES!I104-CERES!J104) -> 0 | K104: =I104-J104 -> 7 | L104: =I104*H104 -> 1561 | M104: =J104*H104 -> 0
A105: JET MED | B105: 10 | C105: 1 | D105: FITA DE SUSPENSAO, PARA PRATICA DESPORTIVA, | F105: PROTETION | G105: 1 | H105: 189 | I105: =REITORIA!I105+CEFID!I105+CEART!I105+CAV!I105+CERES!I105 -> 1 | J105: =(REITORIA!I105-REITORIA!J105)+(CEFID!I105-CEFID!J105)+(CEART!I105-CEART!J105)+(CAV!I105-CAV!J105)+(CERES!I105-CERES!J105) -> 0 | K105: =I105-J105 -> 1 | L105: =I105*H105 -> 189 | M105: =J105*H105 -> 0
C106: 2 | D106: Kit para Slackline, | F106: SLAKLINE | G106: 2 | H106: 177.8 | I106: =REITORIA!I106+CEFID!I106+CEART!I106+CAV!I106+CERES!I106 -> 2 | J106: =(REITORIA!I106-REITORIA!J106)+(CEFID!I106-CEFID!J106)+(CEART!I106-CEART!J106)+(CAV!I106-CAV!J106)+(CERES!I106-CERES!J106) -> 0 | K106: =I106-J106 -> 2 | L106: =I106*H106 -> 355.6 | M106: =J106*H106 -> 0
C107: 3 | D107: KIT DE SUSPENSAO PARA | F107: SLAKLINE | G107: 2 | H107: 202.7 | I107: =REITORIA!I107+CEFID!I107+CEART!I107+CAV!I107+CERES!I107 -> 2 | J107: =(REITORIA!I107-REITORIA!J107)+(CEFID!I107-CEFID!J107)+(CEART!I107-CEART!J107)+(CAV!I107-CAV!J107)+(CERES!I107-CERES!J107) -> 0 | K107: =I107-J107 -> 2 | L107: =I107*H107 -> 405.4 | M107: =J107*H107 -> 0
A108: JET MED | B108: 11 | C108: 1 | D108: ELETRODO PARA REABILITACAO, | F108: QUARK | G108: 5 | H108: 189.43 | I108: =REITORIA!I108+CEFID!I108+CEART!I108+CAV!I108+CERES!I108 -> 5 | J108: =(REITORIA!I108-REITORIA!J108)+(CEFID!I108-CEFID!J108)+(CEART!I108-CEART!J108)+(CAV!I108-CAV!J108)+(CERES!I108-CERES!J108) -> 0 | K108: =I108-J108 -> 5 | L108: =I108*H108 -> 947.15 | M108: =J108*H108 -> 0
C109: 2 | D109: ELETRODO ANAL DE TEFLON | F109: IBRAMED | G109: 5 | H109: 190.57 | I109: =REITORIA!I109+CEFID!I109+CEART!I109+CAV!I109+CERES!I109 -> 5 | J109: =(REITORIA!I109-REITORIA!J109)+(CEFID!I109-CEFID!J109)+(CEART!I109-CEART!J109)+(CAV!I109-CAV!J109)+(CERES!I109-CERES!J109) -> 0 | K109: =I109-J109 -> 5 | L109: =I109*H109 -> 952.85 | M109: =J109*H109 -> 0
C110: 3 | D110: ELETRODO VAGINAL DE TEFLON, | F110: IBRAMED | G110: 5 | H110: 184.77 | I110: =REITORIA!I110+CEFID!I110+CEART!I110+CAV!I110+CERES!I110 -> 5 | J110: =(REITORIA!I110-REITORIA!J110)+(CEFID!I110-CEFID!J110)+(CEART!I110-CEART!J110)+(CAV!I110-CAV!J110)+(CERES!I110-CERES!J110) -> 0 | K110: =I110-J110 -> 5 | L110: =I110*H110 -> 923.85 | M110: =J110*H110 -> 0
C111: 4 | D111: ELETRODO VAGINAL DE TEFLON, | F111: IBRAMED | G111: 5 | H111: 153.79 | I111: =REITORIA!I111+CEFID!I111+CEART!I111+CAV!I111+CERES!I111 -> 5 | J111: =(REITORIA!I111-REITORIA!J111)+(CEFID!I111-CEFID!J111)+(CEART!I111-CEART!J111)+(CAV!I111-CAV!J111)+(CERES!I111-CERES!J111) -> 0 | K111: =I111-J111 -> 5 | L111: =I111*H111 -> 768.95 | M111: =J111*H111 -> 0
C112: 5 | D112: DUAPLEX URO ESTIMULACAO VAGINAL | F112: QUARK | G112: 15 | H112: 205.27 | I112: =REITORIA!I112+CEFID!I112+CEART!I112+CAV!I112+CERES!I112 -> 15 | J112: =(REITORIA!I112-REITORIA!J112)+(CEFID!I112-CEFID!J112)+(CEART!I112-CEART!J112)+(CAV!I112-CAV!J112)+(CERES!I112-CERES!J112) -> 0 | K112: =I112-J112 -> 15 | L112: =I112*H112 -> 3079.05 | M112: =J112*H112 -> 0
C113: 6 | D113: ENDOTRAQUEAL DE PVC, COM BALAO, | F113: IBRAMED | G113: 3 | H113: 172.93 | I113: =REITORIA!I113+CEFID!I113+CEART!I113+CAV!I113+CERES!I113 -> 3 | J113: =(REITORIA!I113-REITORIA!J113)+(CEFID!I113-CEFID!J113)+(CEART!I113-CEART!J113)+(CAV!I113-CAV!J113)+(CERES!I113-CERES!J113) -> 0 | K113: =I113-J113 -> 3 | L113: =I113*H113 -> 518.79 | M113: =J113*H113 -> 0
C114: 7 | D114: SONDA ANAL DE BIOFEEDBACK, | F114: QUARK | G114: 5 | H114: 138.35 | I114: =REITORIA!I114+CEFID!I114+CEART!I114+CAV!I114+CERES!I114 -> 5 | J114: =(REITORIA!I114-REITORIA!J114)+(CEFID!I114-CEFID!J114)+(CEART!I114-CEART!J114)+(CAV!I114-CAV!J114)+(CERES!I114-CERES!J114) -> 0 | K114: =I114-J114 -> 5 | L114: =I114*H114 -> 691.75 | M114: =J114*H114 -> 0
C115: 8 | D115: SONDA ANAL DE LATEX PARA BIOFEEDBACK, | F115: IBRAMED | G115: 5 | H115: 50.38 | I115: =REITORIA!I115+CEFID!I115+CEART!I115+CAV!I115+CERES!I115 -> 5 | J115: =(REITORIA!I115-REITORIA!J115)+(CEFID!I115-CEFID!J115)+(CEART!I115-CEART!J115)+(CAV!I115-CAV!J115)+(CERES!I115-CERES!J115) -> 0 | K115: =I115-J115 -> 5 | L115: =I115*H115 -> 251.9 | M115: =J115*H115 -> 0
C116: 9 | D116: Sonda vaginal de látex para biofeedback | F116: IBRAMED | G116: 10 | H116: 50.38 | I116: =REITORIA!I116+CEFID!I116+CEART!I116+CAV!I116+CERES!I116 -> 10 | J116: =(REITORIA!I116-REITORIA!J116)+(CEFID!I116-CEFID!J116)+(CEART!I116-CEART!J116)+(CAV!I116-CAV!J116)+(CERES!I116-CERES!J116) -> 0 | K116: =I116-J116 -> 10 | L116: =I116*H116 -> 503.8 | M116: =J116*H116 -> 0
C117: 10 | D117: Sonda vaginal de teflon pequena. | F117: IBRAMED | G117: 3 | H117: 169.91 | I117: =REITORIA!I117+CEFID!I117+CEART!I117+CAV!I117+CERES!I117 -> 3 | J117: =(REITORIA!I117-REITORIA!J117)+(CEFID!I117-CEFID!J117)+(CEART!I117-CEART!J117)+(CAV!I117-CAV!J117)+(CERES!I117-CERES!J117) -> 0 | K117: =I117-J117 -> 3 | L117: =I117*H117 -> 509.73 | M117: =J117*H117 -> 0
C118: 11 | D118: Sonda Vaginal Quark de uso exclusivo | F118: QUARK | G118: 13 | H118: 157.86 | I118: =REITORIA!I118+CEFID!I118+CEART!I118+CAV!I118+CERES!I118 -> 13 | J118: =(REITORIA!I118-REITORIA!J118)+(CEFID!I118-CEFID!J118)+(CEART!I118-CEART!J118)+(CAV!I118-CAV!J118)+(CERES!I118-CERES!J118) -> 0 | K118: =I118-J118 -> 13 | L118: =I118*H118 -> 2052.18 | M118: =J118*H118 -> 0
B119: 12 | C119: 1 | D119: DESERTO | I119: =REITORIA!I119+CEFID!I119+CEART!I119+CAV!I119+CERES!I119 -> 0 | J119: =(REITORIA!I119-REITORIA!J119)+(CEFID!I119-CEFID!J119)+(CEART!I119-CEART!J119)+(CAV!I119-CAV!J119)+(CERES!I119-CERES!J119) -> 0 | K119: =I119-J119 -> 0 | L119: =I119*H119 -> 0 | M119: =J119*H119 -> 0
C120: 2 | D120: DESERTO | I120: =REITORIA!I120+CEFID!I120+CEART!I120+CAV!I120+CERES!I120 -> 0 | J120: =(REITORIA!I120-REITORIA!J120)+(CEFID!I120-CEFID!J120)+(CEART!I120-CEART!J120)+(CAV!I120-CAV!J120)+(CERES!I120-CERES!J120) -> 0 | K120: =I120-J120 -> 0 | L120: =I120*H120 -> 0 | M120: =J120*H120 -> 0
...

Sheet Modelo Anexo II IN 002_2014
A1: ANEXO II – Instrução Normativa n.º 002/2014
A3: DECLARAÇÃO DE DISPONIBILIDADE DE QUANTITATIVO PARA EMISSÃO DE AUTORIZAÇÃO DE FORNECIMENTO/ORDEM DE SERVIÇO – SISTEMA DE REGISTRO DE PREÇOS/UDESC
A5: Processo CPA n.º XXXX/2014
A6: Pregão n.º XXXX/2014
A7: Objeto:
A8: Vigência da Ata de Registro de Preços: XX/XX/XXXX até XX/XX/XXXXX
A10: Declaro que o Centro XXXXXXX, participante da Ata de Registro de Preços proveniente do Pregão n.º XXXX/2014, possui saldo em seu quantitativo para a emissão da Autorização de Fornecimento/Ordem de Serviço n.º XXXX/2014, no valor de R$ X.XXX,XX, a ser firmada com a empresa XXXXXXX, restando ainda em sua cota para próximas contratações com o referido fornecedor os seguintes quantitativos:
A12: Lote | B12: Item | C12: Descrição Resumida | D12: Unidade | E12: Valor Unitário (R$) | F12: Saldo Quantitativo (antes da emissão desta AF/OS) | G12: Quantitativo da AF/OS | H12: Saldo Atualizado
A19: __________________, ____/_____/____
A20: Cidade Data
A24: _____________________________________________
A25: Diretor(a) de Administração
A26: (carimbo e assinatura)
